Workbook
Name \a: PRESSUPOSTOS!$ED$4
Name \g: PRESSUPOSTOS!$ED$32
Name \p: PRESSUPOSTOS!$ED$34
Name _BAL1: PRESSUPOSTOS!$O$37:$W$88
Name ANACOBFIN: PRESSUPOSTOS!$I$437:$I$440
Name AUXIL: PRESSUPOSTOS!$I$403:$I$433
Name CFLOW: PRESSUPOSTOS!$A$402:$I$402
Name DRES: PRESSUPOSTOS!$O$3:$W$34
Name FSE: PRESSUPOSTOS!$A$244:$I$306
Name FUNFIN: PRESSUPOSTOS!$A$307:$I$370
Name INVEST: PRESSUPOSTOS!$A$57:$I$134
Name MENU: PRESSUPOSTOS!$ED$6:$ER$6
Name MENU2: PRESSUPOSTOS!$EE$10:$EF$10
Name MENU3: PRESSUPOSTOS!$EL$10:$EM$10
Name MENU4: PRESSUPOSTOS!$EP$10:$ET$10
Name MENU5: PRESSUPOSTOS!$ED$16:$EQ$16
Name MENU6: PRESSUPOSTOS!$ED$25:$EE$25
Name MERCAD: PRESSUPOSTOS!$I$160:$I$213
Name MOAF1: PRESSUPOSTOS!$O$93:$W$134
Name Print_Area_MI: PRESSUPOSTOS!#REF!
Name PRODUCAO: PRESSUPOSTOS!#REF!
Name PROV: PRESSUPOSTOS!$A$214:$I$243
Name SUPOST: PRESSUPOSTOS!$A$3:$I$54
Name VARFUNC: PRESSUPOSTOS!#REF!

Sheet Capa

Sheet Página 1
A2: 1. INFORMAÇÃO PESSOAL
A4: 1.1. Identificação do Promotor Principal
A6: 1.Nome
A7: Morada | B7: ________________________________________________
A8: Localidade | B8: ________________________________________ | D8: Código Postal | E8: ________________
A9: Concelho | B9: __________________________________________ | D9: Distrito | E9: ________________
A10: Telefone | B10: __________/_________________________________ | D10: Fax | E10: ____/___________
A11: Idade | B11: ________________________
A13: 1.2. Identificação dos Promotores
A15: 2. Nome | B15: __________________________________________________________ | E15: Idade | F15: _______
A16: 3. Nome | B16: __________________________________________________________ | E16: Idade | F16: _______
A17: 4. Nome | B17: __________________________________________________________ | E17: Idade | F17: _______
A18: 5. Nome | B18: __________________________________________________________ | E18: Idade | F18: _______
A19: 6. Nome | B19: __________________________________________________________ | E19: Idade | F19: _______
A20: 7. Nome | B20: __________________________________________________________ | E20: Idade | F20: _______
A22: 1.3. Caracterização da Actividade
A24: Principal | B24: ________________________________________________
A25: Secundária | B25: ________________________________________________
A27: Especifique em que consiste a principal actividade

Sheet Página 2
A1: 1.4. Experiência dos promotores nas diversas áreas
A2: do projecto
A9: 1.5. Principal motivação de cada um dos promotores
A10: na sua realização
A19: 1.6. Breve diagnóstico dos promotores: apresente de
A20: forma sumária os pontos fortes e fracos dos promotores

Sheet Página 3
A2: 2. FORMA JURÍDICA
A4: 2.1. Forma Jurídica da sua empresa
A6: A sua escolha recaiu sobre:
A7: * Empresário em nome individual
A8: * Estabelecimento Individual de Responsabilidade Limitada
A9: * Sociedade por quotas
A10: * Sociedade Anónima
A11: * Cooperativa
A12: * Outra ( qual) | C12: ________________________________________________
A14: Que aspectos considerou para a sua escolha?
A25: 2.2. Denominação e localização do empreendimento
A27: Qual vai ser a designação social da sua empresa?
A30: Certificou-se que pode usar essa denominação?
A31: ( Contacte Registo Nacional das Pessoas Colectivas)
A34: Explique a razão que esteve na base da escolha da denominação
A38: Onde vai localizar-se a sua empresa?

Sheet Página 4
A1: Descrição do Local (zona industrial/zona comercial)
A10: Explique as razões que o levaram à escolha desse local

Sheet Página 5
A2: 3. APRESENTAÇÃO DO NEGÓCIO
A4: 3.1. Descrição sumária das diversas componentes
A5: 3.1.1. O que faz? (serviços a prestar, artigos a produzir,...)
A12: 3.1.2. Como faz? ( metodologia, produção, ...)
A19: 3.1.3. Que factores utiliza? ( matérias-primas, subsidiárias,
A20: recursos humanos)
A26: 3.1.4. Como vende? ( Área comercial)

Sheet Página 6
A2: 4. ANÁLISE DE MERCADO
A4: 4.1. Pesquisa de mercado
A6: 4.1.1. Os consumidores
A7: Identifique e caracterize os clientes ( tipo, poder de compra,
A8: dimensão, etc.)
A16: Indique e justifique a quota de mercado que pensa atingir
A24: Descreva como valorizou o seu produto/serviço tendo em
A25: consideração o mercado

Sheet Página 7
A1: 4.1.2. A Concorrência
A2: Indique os seus concorrentes e justifique porque os considera como tal
A15: Como avalia a sua empresa em comparação com as dos seus principais
A16: concorrentes. Justifique
A17: ( + A sua empresa é melhor; 0 a sua empresa é igual; - a sua empresa é pior )
C19: + / 0 / - | E19: Porquê ?
A20: Gama de produtos
A21: Qualidade dos produtos
A22: Serviços complementares
A23: Dimensão
A24: Notoriedade
A25: Imagem
A26: Preço
A27: Rapidez de execução
A28: Garantias
A29: Prestígio
A30: Outros, especifique:

Sheet Página 8
A1: Quais as diferenças entre os seus produtos e os dos seus principais
A2: concorrentes?
A3: ( Se possível indique as diferenças relativamente a cada concorrente).
A11: 4.1.3. Os Fornecedores
A12: Indique quem serão os seus fornecedores e descreva as condições que
A13: oferecem em termos de prazos de entrega, qualidade, prazos
A14: de pagamento, assistência pós-venda, etc.
A23: 4.2. Plano de Marketing
A24: 4.2.1. O Produto
A25: Faça uma descrição detalhada dos produtos/serviços que vai oferecer

Sheet Página 9
A1: 4.2.2. O Preço
A2: Indique o custo dos seus produtos/serviços e descreva o processo
A3: utilizado no seu cálculo
A10: Indique o preço de venda dos seus produtos/serviços e descreva o
A11: método utilizado no seu cálculo
A18: Relacione o seu ponto morto de venda com o mercado e comente o
A19: resultado obtido
A27: 4.2.3. A Distribuição
A28: Indique quais os canais de distribuição que vai utilizar e
A29: justifique com os critérios que utilizou para a sua escolha

Sheet Página 10
A1: 4.2.4. A Promoção
A2: Quais são as opiniões dos seus potenciais clientes acerca dos seus
A3: produtos/serviços (v.g. gama de produtos, qualidade, preço,
A4: garantia, etc.)
A6: OPINIÃO DOS CLIENTES | D6: AS OPINIÕES FORAM TOMADAS EM CONSIDERAÇÃO
A19: MEIOS | E19: Porquê ?
A20: Venda personalizada
A21: Promoção de vendas
A22: Feiras e Exposições
A23: Marketing directo
A24: Relações Públicas
A25: Cartazes e Outdoors
A26: Publicidade
A27: Outros, especifique:

Sheet PRESSUPOSTOS
A1: 5 - ESTUDO ECONÓMICO E FINANCEIRO
A2: 5.1 - Pressupostos do Projecto
A3: EMPRESA: | AI3: II. INVESTIMENTO E FINANCIAMENTO | CB3: 13. AMORTIZAÇÕES | CI3: 15. DEMONSTRAÇÃO PREVISIONAL DOS RESULATADOS | CW3: 17. BALANÇOS PREVISIONAIS DA EMPRESA
CE4: (contos) | CN4: (contos) | DB4: (contos) | ED4: {MENUBRANCH MENU}
A5: PROJECTO DE INVESTIMENTO: | AI5: 1. Plano de Investimento | AN5: Preços correntes
A6: UNIDADE MONETARIA: Euros | AN6: (contos) | CB6: Imobilizado | CC6: Valor de | CD6: Taxa | CE6: Amortização | CJ6: =BV6 -> 0 | CK6: =BW6 -> 0 | CL6: =BX6 -> 0 | CM6: =BY6 -> 0 | CN6: =BZ6 -> 0 | CW6: Designação | CX6: =CQ6 -> 0 | CY6: =CR6 -> 0 | CZ6: =CS6 -> 0 | DA6: =CT6 -> 0 | DB6: =CU6 -> 0 | ED6: PRESSUPOSTOS | EE6: INVESTIMENTO | EF6: PRODUCAO | EG6: MERCADORIAS | EH6: PROVEITOS | EI6: CONSUMOS | EJ6: FORN.SERV.EXT. | EK6: C. c/ PESSOAL | EL6: FUNCAO FINANCEIRA | EM6: CAPITAL CIRCULANTE | EN6: AUXILIARES | EO6: CONTROLO | EP6: QUADROS PRINCIPAIS | EQ6: IMPRIMIR | ER6: SAIR
CC7: aquisição | CD7: anual | CE7: anual
A8: * PERIODO DE ANÁLISE | D8: ANO 1 | E8: ANO 2 | F8: ANO 3 | G8: ANO 4 | H8: ANO 5 | AI8: PLANO DE INVESTIMENTOS | AJ8: =D8 -> ANO 1 | AK8: =E8 -> ANO 2 | AL8: =F8 -> ANO 3 | AM8: =G8 -> ANO 4 | AN8: =H8 -> ANO 5 | CW8: ACTIVO | ED8: {GOTO}A1~ | EE8: {GOTO}A63~ | EF8: {GOTO}A146~ | EG8: {GOTO}A220~ | EH8: {GOTO}A287~ | EI8: {GOTO}A258~ | EJ8: {GOTO}A331~ | EK8: {GOTO}A367~ | EL8: {MENUBRANCH MENU3} | EM8: {GOTO}A420~ | EN8: {GOTO}A540~ | EO8: {GOTO}A575~ | EP8: {MENUBRANCH MENU4} | EQ8: {MENUBRANCH MENU5} | ER8: {MENUBRANCH MENU6}
CB9: * CAPITAL FIXO CORPÓREO | CC9: =SUM(CC10:CC17) -> 0 | CE9: =SUM(CE10:CE17) -> 0 | CI9: PROVEITOS | CW9: 1. Imobilizado Bruto
CB10: Terrenos | CC10: =AJ14 -> 0 | CD10: =IF(CE10>0,CE10/CC10,0) -> 0 | CE10: ='PLANO INV.'!E66 -> 0 | CW10: 1.1. Imobilizações Corpóreas | CX10: =M63 -> 0 | CY10: =N63 -> 0 | CZ10: =O63 -> 0 | DA10: =P63 -> 0 | DB10: =Q63 -> 0 | EL10: FUNCAO FINANCEIRA | EM10: FINANCIAMENTO A M/L PRAZO | EP10: CONTA DE RESULTADOS | EQ10: BALANCO | ER10: CASH-FLOW | ES10: MOAF | ET10: VAR. FUNDOS CIRC. | EU10: INDICADORES
A11: * NÚMERO DE MESES DE EXPLORAÇÃO | D11: 5 | E11: 12 | F11: =E11 -> 12 | G11: =F11 -> 12 | H11: =G11 -> 12 | AI11: CAPITAL FIXO | AJ11: =AJ13+AJ23 -> 0 | AK11: =AK13+AK23 -> 0 | AL11: =AL13+AL23 -> 0 | AM11: =AM13+AM23 -> 0 | AN11: =AN13+AN23 -> 0 | CB11: Infraestruturas | CC11: =AJ15 -> 0 | CD11: =IF(CE11>0,CE11/CC11,0) -> 0 | CE11: ='PLANO INV.'!E67 -> 0 | CI11: Vendas de prosutos | CJ11: ='DEM. RESULTADOS'!D7 -> 0 | CK11: ='DEM. RESULTADOS'!E7 -> 0 | CL11: ='DEM. RESULTADOS'!F7 -> 0 | CM11: ='DEM. RESULTADOS'!G7 -> 0 | CN11: ='DEM. RESULTADOS'!H7 -> 0 | CW11: 1.2. Imobilizações Incorpóreas | CX11: =M62 -> 0 | CY11: =N62 -> 0 | CZ11: =O62 -> 0 | DA11: =P62 -> 0 | DB11: =Q62 -> 0
A12: * PRAZOS MÉDIOS DO CIRCULANTE (DIAS) | CB12: Construções | CC12: =AJ16 -> 0 | CD12: =IF(CE12>0,CE12/CC12,0) -> 0 | CE12: 0 | CI12: Serviços prestados | CJ12: ='DEM. RESULTADOS'!D8 -> 0 | CK12: ='DEM. RESULTADOS'!E8 -> 0 | CL12: ='DEM. RESULTADOS'!F8 -> 0 | CM12: ='DEM. RESULTADOS'!G8 -> 0 | CN12: ='DEM. RESULTADOS'!H8 -> 0 | CW12: 1.3. Investimentos Financeiros | CX12: =M64 -> 0 | CY12: =N64 -> 0 | CZ12: =O64 -> 0 | DA12: =P64 -> 0 | DB12: =Q64 -> 0 | EL12: {GOTO}A404~ | EM12: {GOTO}A448~ | EP12: {GOTO}O4~ | EQ12: {GOTO}O35~ | ER12: {GOTO}A476~ | ES12: {GOTO}O102~ | ET12: {GOTO}O150~ | EU12: {GOTO}A512~
A13: - Fornecedores (Mercadorias) | D13: 30 | E13: =D13 -> 30 | F13: =E13 -> 30 | G13: =F13 -> 30 | H13: =G13 -> 30 | AI13: * CAPITAL FIXO CORPÓREO | AJ13: =SUM(AJ14:AJ21) -> 0 | AK13: =SUM(AK14:AK21) -> 0 | AL13: =SUM(AL14:AL21) -> 0 | AM13: =SUM(AM14:AM21) -> 0 | AN13: =SUM(AN14:AN21) -> 0 | CB13: Adaptação e/ou ampliação de instalações | CC13: =AJ17 -> 0 | CD13: =IF(CE13>0,CE13/CC13,0) -> 0 | CE13: ='PLANO INV.'!E68 -> 0 | CI13: Outros | CJ13: =CJ15-CJ11-CJ12 -> 0 | CK13: =CK15-CK11-CK12 -> 0 | CL13: =CL15-CL11-CL12 -> 0 | CM13: =CM15-CM11-CM12 -> 0 | CN13: =CN15-CN11-CN12 -> 0 | CW13: 1.4. Imobilizações em curso | CX13: =M65 -> 0 | CY13: =N65 -> 0 | CZ13: =O65 -> 0 | DA13: =P65 -> 0 | DB13: =Q65 -> 0
A14: - Fornecedores (Out. Forn. Serv.) | D14: 30 | E14: =D14 -> 30 | F14: =E14 -> 30 | G14: =F14 -> 30 | H14: =G14 -> 30 | AI14: Terrenos | AJ14: ='PLANO INV.'!D12 -> 0 | AK14: ='PLANO INV.'!E12 -> 0 | AL14: ='PLANO INV.'!F12 -> 0 | AM14: ='PLANO INV.'!G12 -> 0 | AN14: ='PLANO INV.'!H12 -> 0 | CB14: Equipamento | CC14: =AJ18 -> 0 | CD14: =IF(CE14>0,CE14/CC14,0) -> 0 | CE14: ='PLANO INV.'!E69 -> 0
A15: - Clientes | D15: 30 | E15: =D15 -> 30 | F15: =E15 -> 30 | G15: =F15 -> 30 | H15: =G15 -> 30 | AI15: Infraestruturas | AJ15: ='PLANO INV.'!D13 -> 0 | AK15: ='PLANO INV.'!E13 -> 0 | AL15: ='PLANO INV.'!F13 -> 0 | AM15: ='PLANO INV.'!G13 -> 0 | AN15: ='PLANO INV.'!H13 -> 0 | CB15: Material de carga e transporte apoiável (*) | CC15: =AJ19 -> 0 | CD15: =IF(CE15>0,CE15/CC15,0) -> 0 | CE15: ='PLANO INV.'!E70 -> 0 | CI15: 1. TOTAL DE PROVEITOS | CJ15: ='DEM. RESULTADOS'!D15 -> 0 | CK15: ='DEM. RESULTADOS'!E15 -> 0 | CL15: ='DEM. RESULTADOS'!F15 -> 0 | CM15: ='DEM. RESULTADOS'!G15 -> 0 | CN15: ='DEM. RESULTADOS'!H15 -> 0 | CW15: 2. Amortizações | CX15: =M66 -> 0 | CY15: =N66 -> 0 | CZ15: =O66 -> 0 | DA15: =P66 -> 0 | DB15: =Q66 -> 0
A16: - Armazenagem | AI16: Construções | AJ16: 0 | AK16: 0 | AL16: 0 | AM16: 0 | AN16: 0 | CB16: Outro material de carga | CC16: =AJ20 -> 0 | CD16: =IF(CE16>0,CE16/CC16,0) -> 0 | CE16: ='PLANO INV.'!E74 -> 0 | ED16: PRESSUPOSTOS | EE16: INVESTIMENTO | EF16: PRODUCAO | EG16: MERCADORIAS | EH16: PROVEITOS | EI16: FORN.SERV.EXT. | EJ16: FUNCAO FINANCEIRA | EK16: AUXILIARES | EL16: CONTA DE RESULTADOS | EM16: BALANCO | EN16: CASH-FLOW | EO16: MOAF | EP16: VAR. FUNDOS CIRC. | EQ16: ANALISE COB. FIN.
A17: . Mercadorias | D17: 10 | E17: =D17 -> 10 | F17: =E17 -> 10 | G17: =F17 -> 10 | H17: =G17 -> 10 | AI17: Adaptação e/ou ampliação de instalações | AJ17: ='PLANO INV.'!D14 -> 0 | AK17: ='PLANO INV.'!E14 -> 0 | AL17: ='PLANO INV.'!F14 -> 0 | AM17: ='PLANO INV.'!G14 -> 0 | AN17: ='PLANO INV.'!H14 -> 0 | CB17: Outros | CC17: =AJ21 -> 0 | CD17: =IF(CE17>0,CE17/CC17,0) -> 0 | CE17: ='PLANO INV.'!E71+'PLANO INV.'!E72+'PLANO INV.'!E73+'PLANO INV.'!E75 -> 0 | CI17: CUSTOS | CW17: 3. Existências
A18: . Materias Primas e Subsidiárias | D18: 10 | E18: =D18 -> 10 | F18: =E18 -> 10 | G18: =F18 -> 10 | H18: =G18 -> 10 | AI18: Equipamento | AJ18: ='PLANO INV.'!D15 -> 0 | AK18: ='PLANO INV.'!E15 -> 0 | AL18: ='PLANO INV.'!F15 -> 0 | AM18: ='PLANO INV.'!G15 -> 0 | AN18: ='PLANO INV.'!H15 -> 0 | CW18: 3.1. Prod. e Trabalhos em Curso | CX18: =BALANÇO!D13 -> 0 | CY18: =BALANÇO!E13 -> 0 | CZ18: =BALANÇO!F13 -> 0 | DA18: =BALANÇO!G13 -> 0 | DB18: =BALANÇO!H13 -> 0 | ED18: /PLT7~QBSUPOST~PQ | EE18: /PLT3~QBINVEST~PQ | EF18: /PLT4~QBPRODUCAO~PQ | EG18: /PLT7~QBMERCAD~PQ | EH18: /PLT12~QBPROV~PQ | EI18: /PLT7~QBFSE~PQ | EJ18: /PLT7~QBFUNFIN~PQ | EK18: /PLT12~QBAUXIL~PQ | EL18: /PLT12~QBDRES~PQ | EM18: /PLT7~QBBAL1~PQ | EN18: /PLL5~T10~QBCFLOW~PQ | EO18: /PLL8~T12~QBMOAF1~PQ | EP18: /PLT12~QBVARFUNC~PQ | EQ18: /PLT15~QBANACOBFIN~PQ
A19: . Produtos Acabados | D19: 10 | E19: =D19 -> 10 | F19: =E19 -> 10 | G19: =F19 -> 10 | H19: =G19 -> 10 | AI19: Material de carga e transporte apoiável (*) | AJ19: ='PLANO INV.'!D16 -> 0 | AK19: ='PLANO INV.'!E16 -> 0 | AL19: ='PLANO INV.'!F16 -> 0 | AM19: ='PLANO INV.'!G16 -> 0 | AN19: ='PLANO INV.'!H16 -> 0 | CB19: * CAPITAL FIXO INCORPÓREO | CC19: =SUM(CC20:CC22) -> 0 | CD19: =SUM(CD20:CD22) -> 0 | CE19: =SUM(CE20:CE22) -> 0 | CI19: Custos das existências vendIdas e consumidas | CJ19: ='DEM. RESULTADOS'!D18 -> 0 | CK19: ='DEM. RESULTADOS'!E18 -> 0 | CL19: ='DEM. RESULTADOS'!F18 -> 0 | CM19: ='DEM. RESULTADOS'!G18 -> 0 | CN19: ='DEM. RESULTADOS'!H18 -> 0 | CW19: 3.2. Mercadorias | CX19: =BALANÇO!D11 -> 0 | CY19: =BALANÇO!E11 -> 0 | CZ19: =BALANÇO!F11 -> 0 | DA19: =BALANÇO!G11 -> 0 | DB19: =BALANÇO!H11 -> 0
A20: - Detencão de Liquidez | D20: 5 | E20: =D20 -> 5 | F20: =E20 -> 5 | G20: =F20 -> 5 | H20: =G20 -> 5 | AI20: Outro material de carga | AJ20: ='PLANO INV.'!D20 -> 0 | AK20: ='PLANO INV.'!E20 -> 0 | AL20: ='PLANO INV.'!F20 -> 0 | AM20: ='PLANO INV.'!G20 -> 0 | AN20: ='PLANO INV.'!H20 -> 0 | CB20: Estudos e projectos | CC20: =AJ24 -> 0 | CD20: =IF(CE20>0,CE20/CC20,0) -> 0 | CE20: ='PLANO INV.'!E61 -> 0 | CI20: Fornecimentos e serviços externos | CJ20: ='DEM. RESULTADOS'!D19 -> 0 | CK20: ='DEM. RESULTADOS'!E19 -> 0 | CL20: ='DEM. RESULTADOS'!F19 -> 0 | CM20: ='DEM. RESULTADOS'!G19 -> 0 | CN20: ='DEM. RESULTADOS'!H19 -> 0
AI21: Outros | AJ21: ='PLANO INV.'!D17+'PLANO INV.'!D18+'PLANO INV.'!D19+'PLANO INV.'!D21 -> 0 | AK21: ='PLANO INV.'!E17+'PLANO INV.'!E18+'PLANO INV.'!E19+'PLANO INV.'!E21 -> 0 | AL21: ='PLANO INV.'!F17+'PLANO INV.'!F18+'PLANO INV.'!F19+'PLANO INV.'!F21 -> 0 | AM21: ='PLANO INV.'!G17+'PLANO INV.'!G18+'PLANO INV.'!G19+'PLANO INV.'!G21 -> 0 | AN21: ='PLANO INV.'!H17+'PLANO INV.'!H18+'PLANO INV.'!H19+'PLANO INV.'!H21 -> 0 | CB21: Assistência técnica | CC21: =AJ25 -> 0 | CD21: =IF(CE21>0,CE21/CC21,0) -> 0 | CE21: ='PLANO INV.'!E62 -> 0 | CI21: Encargos com pessoal | CJ21: ='DEM. RESULTADOS'!D20 -> 0 | CK21: ='DEM. RESULTADOS'!E20 -> 0 | CL21: ='DEM. RESULTADOS'!F20 -> 0 | CM21: ='DEM. RESULTADOS'!G20 -> 0 | CN21: ='DEM. RESULTADOS'!H20 -> 0 | CW21: 4. Dívidas de Terceiros de Médio e Longo Prazo | CX21: =M67 -> 0 | CY21: =N67 -> 0 | CZ21: =O67 -> 0 | DA21: =P67 -> 0 | DB21: =Q67 -> 0
A22: * VND P/ MERCADO EXTERNO (Em % média) | D22: 0 | E22: =D22 -> 0 | F22: =E22 -> 0 | G22: =F22 -> 0 | H22: =G22 -> 0 | CB22: Outros (não apoiável) | CC22: =AJ26 -> 0 | CD22: =IF(CE22>0,CE22/CC22,0) -> 0 | CE22: ='PLANO INV.'!E63 -> 0 | CI22: Impostos | CJ22: ='DEM. RESULTADOS'!D23 -> 0 | CK22: ='DEM. RESULTADOS'!E23 -> 0 | CL22: ='DEM. RESULTADOS'!F23 -> 0 | CM22: ='DEM. RESULTADOS'!G23 -> 0 | CN22: ='DEM. RESULTADOS'!H23 -> 0
A23: * CMP AO MERCADO EXTERNO (Em % média) | D23: 0 | E23: =D23 -> 0 | F23: =E23 -> 0 | G23: =F23 -> 0 | H23: =G23 -> 0 | AI23: * CAPITAL FIXO INCORPÓREO | AJ23: =SUM(AJ24:AJ26) -> 0 | AK23: =SUM(AK24:AK26) -> 0 | AL23: =SUM(AL24:AL26) -> 0 | AM23: =SUM(AM24:AM26) -> 0 | AN23: =SUM(AN24:AN26) -> 0 | CI23: Amortizações e reintegrações | CJ23: ='DEM. RESULTADOS'!D21 -> 0 | CK23: ='DEM. RESULTADOS'!E21 -> 0 | CL23: ='DEM. RESULTADOS'!F21 -> 0 | CM23: ='DEM. RESULTADOS'!G21 -> 0 | CN23: ='DEM. RESULTADOS'!H21 -> 0 | CW23: 5. Dívidas de Terceiros de Curto Prazo
AI24: Estudos e projectos | AJ24: ='PLANO INV.'!D7 -> 0 | AK24: ='PLANO INV.'!E7 -> 0 | AL24: ='PLANO INV.'!F7 -> 0 | AM24: ='PLANO INV.'!G7 -> 0 | AN24: ='PLANO INV.'!H7 -> 0 | CI24: Provisões | CJ24: ='DEM. RESULTADOS'!D22 -> 0 | CK24: ='DEM. RESULTADOS'!E22 -> 0 | CL24: ='DEM. RESULTADOS'!F22 -> 0 | CM24: ='DEM. RESULTADOS'!G22 -> 0 | CN24: ='DEM. RESULTADOS'!H22 -> 0 | CW24: 5.1. Clientes | CX24: =M71 -> 0 | CY24: =N71 -> 0 | CZ24: =O71 -> 0 | DA24: =P71 -> 0 | DB24: =Q71 -> 0
AI25: Assistência técnica | AJ25: ='PLANO INV.'!D8 -> 0 | AK25: ='PLANO INV.'!E8 -> 0 | AL25: ='PLANO INV.'!F8 -> 0 | AM25: ='PLANO INV.'!G8 -> 0 | AN25: ='PLANO INV.'!H8 -> 0 | CB25: TOTAL | CC25: =CC9+CC19 -> 0 | CD25: =CD9+CD19 -> 0 | CE25: =CE9+CE19 -> 0 | CI25: Outros | CJ25: ='DEM. RESULTADOS'!D24 -> 0 | CK25: ='DEM. RESULTADOS'!E24 -> 0 | CL25: ='DEM. RESULTADOS'!F24 -> 0 | CM25: ='DEM. RESULTADOS'!G24 -> 0 | CN25: ='DEM. RESULTADOS'!H24 -> 0 | CW25: 5.2. Outros | CX25: =M72 -> 0 | CY25: =N72 -> 0 | CZ25: =O72 -> 0 | DA25: =P72 -> 0 | DB25: =Q72 -> 0 | ED25: GRAVAR | EE25: SEM GRAVAR
A26: * TAXA DE INFLAÇÃO | D26: 0.025 | E26: 0.02 | F26: 0.02 | G26: 0.02 | H26: 0.02 | AI26: Outros (não apoiável) | AJ26: ='PLANO INV.'!D9 -> 0 | AK26: ='PLANO INV.'!E9 -> 0 | AL26: ='PLANO INV.'!F9 -> 0 | AM26: ='PLANO INV.'!G9 -> 0 | AN26: ='PLANO INV.'!H9 -> 0
A27: * PROVISOES | CI27: 2. TOTAL DE CUSTOS | CJ27: =SUM(CJ19:CJ26) -> 0 | CK27: =SUM(CK19:CK26) -> 0 | CL27: =SUM(CL19:CL26) -> 0 | CM27: =SUM(CM19:CM26) -> 0 | CN27: =SUM(CN19:CN26) -> 0 | CW27: 6. Depósitos Bancários/Títulos Negociáveis/Caixa | CX27: =M73+M74 -> 0 | CY27: =N73+N74 -> 0 | CZ27: =O73+O74 -> 0 | DA27: =P73+P74 -> 0 | DB27: =Q73+Q74 -> 0 | ED27: /FSR | EE27: /FXY
A28: - Para Depreciação de Existências | D28: 0.1 | E28: =D28 -> 0.1 | F28: =E28 -> 0.1 | G28: =F28 -> 0.1 | H28: =G28 -> 0.1 | AI28: JUROS DURANTE A FASE DE INVESTIMENTO | CB28: 14. ENCARGOS FINANCEIROS | CW28: 7. Acréscimos e Diferimentos | CX28: =M75 -> 0 | CY28: =N75 -> 0 | CZ28: =O75 -> 0 | DA28: =P75 -> 0 | DB28: =Q75 -> 0 | ED28: /FX
A29: - Para Cobranças Duvidosas | D29: 0.1 | E29: =D29 -> 0.1 | F29: =E29 -> 0.1 | G29: =F29 -> 0.1 | H29: =G29 -> 0.1 | AI29: DIVERSOS | CG29: (contos) | CI29: 3. RESULTADOS SEM ENCARGOS (1-2) | CJ29: =CJ15-CJ27 -> 0 | CK29: =CK15-CK27 -> 0 | CL29: =CL15-CL27 -> 0 | CM29: =CM15-CM27 -> 0 | CN29: =CN15-CN27 -> 0 | CW29: 8. TOTAL DO ACTIVO | CX29: =CX10+CX11+CX12+CX13-CX15+CX18+CX19+CX21+CX24+CX25+CX27+CX28 -> 0 | CY29: =CY10+CY11+CY12+CY13-CY15+CY18+CY19+CY21+CY24+CY25+CY27+CY28 -> 0 | CZ29: =CZ10+CZ11+CZ12+CZ13-CZ15+CZ18+CZ19+CZ21+CZ24+CZ25+CZ27+CZ28 -> 0 | DA29: =DA10+DA11+DA12+DA13-DA15+DA18+DA19+DA21+DA24+DA25+DA27+DA28 -> 0 | DB29: =DB10+DB11+DB12+DB13-DB15+DB18+DB19+DB21+DB24+DB25+DB27+DB28 -> 0
A30: - Para Outros Riscos e Encargos | D30: 0 | E30: 0 | F30: 0 | G30: 0 | H30: 0 | AI30: FUNDO DE MANEIO | AJ30: ='PLANO INV.'!D24 -> 0 | AK30: ='PLANO INV.'!E24 -> 0 | AL30: ='PLANO INV.'!F24 -> 0 | AM30: ='PLANO INV.'!G24 -> 0 | AN30: ='PLANO INV.'!H24 -> 0 | CC30: Prestação | CF30: Capital em dívida | CW30: CAPITAL PRÓPRIO
CB31: Período | CC31: Encargos | CD31: Reembolso | CE31: Total | CF31: No início do | CG31: No fim do | CI31: 4. Encargos financeiros | CJ31: ='DEM. RESULTADOS'!D27-'DEM. RESULTADOS'!D28 -> -7.898916e-74 | CK31: ='DEM. RESULTADOS'!E27-'DEM. RESULTADOS'!E28 -> -8.0250951e-74 | CL31: ='DEM. RESULTADOS'!F27-'DEM. RESULTADOS'!F28 -> -1.3560881e-73 | CM31: ='DEM. RESULTADOS'!G27-'DEM. RESULTADOS'!G28 -> -2.1411412e-73 | CN31: ='DEM. RESULTADOS'!H27-'DEM. RESULTADOS'!H28 -> -3.0000004e-66 | CW31: 9. Capital Social | CX31: =M79 -> 0 | CY31: =N79 -> 0 | CZ31: =O79 -> 0 | DA31: =P79 -> 0 | DB31: =Q79 -> 0
CC32: financeiros | CF32: período | CG32: período | CW32: 10. Prestações suplementares | CX32: =M80 -> 0 | CY32: =N80 -> 0 | CZ32: =O80 -> 0 | DA32: =P80 -> 0 | DB32: =Q80 -> 0
A33: * TAXA DE DISTRIBUIÇÃO DE DIVIDENDOS | D33: 0 | E33: 0 | F33: 0.05 | G33: =F33 -> 0.05 | H33: =G33 -> 0.05 | AI33: TOTAL | AJ33: =AJ30+AJ174+AJ28+AJ11 -> 0 | AK33: =AK30+AK174+AK28+AK11 -> 0 | AL33: =AL30+AL174+AL28+AL11 -> 0 | AM33: =AM30+AM174+AM28+AM11 -> 0 | AN33: =AN30+AN174+AN28+AN11 -> 0 | CI33: 5. RESULTADOS APÓS ENCARGOS FINANCEIROS (3-4) | CJ33: =CJ29-CJ31 -> 7.898916e-74 | CK33: =CK29-CK31 -> 8.0250951e-74 | CL33: =CL29-CL31 -> 1.3560881e-73 | CM33: =CM29-CM31 -> 2.1411412e-73 | CN33: =CN29-CN31 -> 3.0000004e-66 | CW33: 11. Reservas + Resultados transitados | CX33: =M81 -> 0 | CY33: =N81 -> 0 | CZ33: =O81 -> 0 | DA33: =P81 -> 0 | DB33: =Q81 -> 0
CB34: - SEMESTRE 0 | CC34: =FINANCIAMENTO!E17 -> 0 | CD34: =FINANCIAMENTO!F17 -> 0 | CE34: =CC34+CD34 -> 0 | CF34: =FINANCIAMENTO!D17 -> 0 | CG34: =FINANCIAMENTO!G17 -> 0 | CW34: 12. Resultado liquido do exercício | CX34: =M82 -> 0 | CY34: =N82 -> 0 | CZ34: =O82 -> 0 | DA34: =P82 -> 0 | DB34: =Q82 -> 0 | ED34: /PDPQ
CB35: - SEMESTRE 1 | CC35: =FINANCIAMENTO!E18 -> 0 | CD35: =FINANCIAMENTO!F18 -> 0 | CE35: =CC35+CD35 -> 0 | CF35: =FINANCIAMENTO!D18 -> 0 | CG35: =FINANCIAMENTO!G18 -> 0 | CI35: 6. Impostos sobre o rendimento do exercício | CJ35: ='DEM. RESULTADOS'!D30 -> 3.1279707e-74 | CK35: ='DEM. RESULTADOS'!E30 -> 3.1779377e-74 | CL35: ='DEM. RESULTADOS'!F30 -> 5.370109e-74 | CM35: ='DEM. RESULTADOS'!G30 -> 8.4789193e-74 | CN35: ='DEM. RESULTADOS'!H30 -> 1.1880001e-66 | CW35: 13. Dividendos antecipados | CX35: =M84 -> 0 | CY35: =N84 -> 0 | CZ35: =O84 -> 0 | DA35: =P84 -> 0 | DB35: =Q84 -> 0
CB36: 1º ANO - SEMESTRE 2 | CC36: =FINANCIAMENTO!E19 -> 0 | CD36: =FINANCIAMENTO!F19 -> 0 | CE36: =CC36+CD36 -> 0 | CF36: =FINANCIAMENTO!D19 -> 0 | CG36: =FINANCIAMENTO!G19 -> 0
CB37: - SEMESTRE 3 | CC37: =FINANCIAMENTO!E20 -> 0 | CD37: =FINANCIAMENTO!F20 -> 0 | CE37: =CC37+CD37 -> 0 | CF37: =FINANCIAMENTO!D20 -> 0 | CG37: =FINANCIAMENTO!G20 -> 0 | CW37: 14. TOTAL DO CAPITAL PRÓPRIO | CX37: =SUM(CX31:CX36) -> 0 | CY37: =SUM(CY31:CY36) -> 0 | CZ37: =SUM(CZ31:CZ36) -> 0 | DA37: =SUM(DA31:DA36) -> 0 | DB37: =SUM(DB31:DB36) -> 0
CB38: 2º ANO - SEMESTRE 4 | CC38: =FINANCIAMENTO!E21 -> 0 | CD38: =FINANCIAMENTO!F21 -> 0 | CE38: =CC38+CD38 -> 0 | CF38: =FINANCIAMENTO!D21 -> 0 | CG38: =FINANCIAMENTO!G21 -> 0 | CI38: 7. RESULTADOS LÍQUIDOS (5-6) | CJ38: =CJ33-CJ35 -> 4.7709452e-74 | CK38: =CK33-CK35 -> 4.8471574e-74 | CL38: =CL33-CL35 -> 8.1907724e-74 | CM38: =CM33-CM35 -> 1.2932493e-73 | CN38: =CN33-CN35 -> 1.8120002e-66
CB39: - SEMESTRE 5 | CC39: =FINANCIAMENTO!E22 -> 0 | CD39: =FINANCIAMENTO!F22 -> 0 | CE39: =CC39+CD39 -> 0 | CF39: =FINANCIAMENTO!D22 -> 0 | CG39: =FINANCIAMENTO!G22 -> 0 | CW39: PASSIVO
CB40: 3º ANO - SEMESTRE 6 | CC40: =FINANCIAMENTO!E23 -> 0 | CD40: =FINANCIAMENTO!F23 -> 0 | CE40: =CC40+CD40 -> 0 | CF40: =FINANCIAMENTO!D23 -> 0 | CG40: =FINANCIAMENTO!G23 -> 0 | CW40: 15. Provisões para riscos e encargos | CX40: =#REF! -> #REF! | CY40: =#REF! -> #REF! | CZ40: =#REF! -> #REF! | DA40: =#REF! -> #REF! | DB40: =#REF! -> #REF!
CB41: - SEMESTRE 7 | CC41: =FINANCIAMENTO!E24 -> 0 | CD41: =FINANCIAMENTO!F24 -> 0 | CE41: =CC41+CD41 -> 0 | CF41: =FINANCIAMENTO!D24 -> 0 | CG41: =FINANCIAMENTO!G24 -> 0 | CI41: Controlo | CJ41: =CJ38-'DEM. RESULTADOS'!D31 -> 0 | CK41: =CK38-'DEM. RESULTADOS'!E31 -> 0 | CL41: =CL38-'DEM. RESULTADOS'!F31 -> 0 | CM41: =CM38-'DEM. RESULTADOS'!G31 -> 0 | CN41: =CN38-'DEM. RESULTADOS'!H31 -> 0
CB42: 4º ANO - SEMESTRE 8 | CC42: =FINANCIAMENTO!E25 -> 0 | CD42: =FINANCIAMENTO!F25 -> 0 | CE42: =CC42+CD42 -> 0 | CF42: =FINANCIAMENTO!D25 -> 0 | CG42: =FINANCIAMENTO!G25 -> 0 | CW42: 16. Dividas a terceiros médio e longo prazo
CB43: - SEMESTRE 9 | CC43: =FINANCIAMENTO!E26 -> 0 | CD43: =FINANCIAMENTO!F26 -> 0 | CE43: =CC43+CD43 -> 0 | CF43: =FINANCIAMENTO!D26 -> 0 | CG43: =FINANCIAMENTO!G26 -> 0 | CW43: 16.1. Dividas a Instituições de credito | CX43: =#REF! -> #REF! | CY43: =#REF! -> #REF! | CZ43: =#REF! -> #REF! | DA43: =#REF! -> #REF! | DB43: =#REF! -> #REF!
CB44: 5º ANO - SEMESTRE 10 | CC44: =FINANCIAMENTO!E27 -> 0 | CD44: =FINANCIAMENTO!F27 -> 0 | CE44: =CC44+CD44 -> 0 | CF44: =FINANCIAMENTO!D27 -> 0 | CG44: =FINANCIAMENTO!G27 -> 0 | CW44: 16.2. Dividas a sócios | CX44: =#REF! -> #REF! | CY44: =#REF! -> #REF! | CZ44: =#REF! -> #REF! | DA44: =#REF! -> #REF! | DB44: =#REF! -> #REF!
CB45: - SEMESTRE 11 | CC45: =FINANCIAMENTO!E28 -> 0 | CD45: =FINANCIAMENTO!F28 -> 0 | CE45: =CC45+CD45 -> 0 | CF45: =FINANCIAMENTO!D28 -> 0 | CG45: =FINANCIAMENTO!G28 -> 0 | CW45: 16.3. Outros dividas | CX45: =#REF! -> #REF! | CY45: =#REF! -> #REF! | CZ45: =#REF! -> #REF! | DA45: =#REF! -> #REF! | DB45: =#REF! -> #REF!
CB46: 6º ANO - SEMESTRE 12 | CC46: =FINANCIAMENTO!E29 -> 0 | CD46: =FINANCIAMENTO!F29 -> 0 | CE46: =CC46+CD46 -> 0 | CF46: =FINANCIAMENTO!D29 -> 0 | CG46: =FINANCIAMENTO!G29 -> 0
CB47: - SEMESTRE 13 | CC47: =FINANCIAMENTO!E30 -> 0 | CD47: =FINANCIAMENTO!F30 -> 0 | CE47: =CC47+CD47 -> 0 | CF47: =FINANCIAMENTO!D30 -> 0 | CG47: =FINANCIAMENTO!G30 -> 0 | CW47: 17. Dividas a terceiros a curto prazo
CB48: 7º ANO - SEMESTRE 14 | CC48: =FINANCIAMENTO!E31 -> 0 | CD48: =FINANCIAMENTO!F31 -> 0 | CE48: =CC48+CD48 -> 0 | CF48: =FINANCIAMENTO!D31 -> 0 | CG48: =FINANCIAMENTO!G31 -> 0 | CW48: 17.1. Dividas a Instituições de credito | CX48: =M90 -> 0 | CY48: =N90 -> 0 | CZ48: =O90 -> 0 | DA48: =P90 -> 0 | DB48: =Q90 -> 0
CB49: - SEMESTRE 15 | CC49: =FINANCIAMENTO!E32 -> 0 | CD49: =FINANCIAMENTO!F32 -> 0 | CE49: =CC49+CD49 -> 0 | CF49: =FINANCIAMENTO!D32 -> 0 | CG49: =FINANCIAMENTO!G32 -> 0 | CW49: 17.2. Fornecedores | CX49: =#REF! -> #REF! | CY49: =#REF! -> #REF! | CZ49: =#REF! -> #REF! | DA49: =#REF! -> #REF! | DB49: =#REF! -> #REF!
CB50: 8º ANO - SEMESTRE 16 | CC50: =FINANCIAMENTO!E33 -> 0 | CD50: =FINANCIAMENTO!F33 -> 0 | CE50: =CC50+CD50 -> 0 | CF50: =FINANCIAMENTO!D33 -> 0 | CG50: =FINANCIAMENTO!G33 -> 0 | CW50: 17.3. Outras dividas | CX50: =M91 -> 0 | CY50: =N91 -> 0 | CZ50: =O91 -> 0 | DA50: =P91 -> 0 | DB50: =Q91 -> 0
CW51: 17.4. Sector Publico Estatal | CX51: =#REF! -> #REF! | CY51: =#REF! -> #REF! | CZ51: =#REF! -> #REF! | DA51: =#REF! -> #REF! | DB51: =#REF! -> #REF!
CB53: TOTAL | CC53: =SUM(CC36:CC52) -> 0 | CD53: =SUM(CD36:CD52) -> 0 | CE53: =SUM(CE36:CE52) -> 0 | CF53: =SUM(CF36:CF52) -> 0 | CG53: =SUM(CG36:CG52) -> 0 | CW53: 18. Acréscimos e diferimentos | CX53: =M92 -> 0 | CY53: =N92 -> 0 | CZ53: =O92 -> 0 | DA53: =P92 -> 0 | DB53: =Q92 -> 0
CW54: 17. TOTAL DO PASSIVO | CX54: =SUM(CX40:CX53) -> #REF! | CY54: =SUM(CY40:CY53) -> #REF! | CZ54: =SUM(CZ40:CZ53) -> #REF! | DA54: =SUM(DA40:DA53) -> #REF! | DB54: =SUM(DB40:DB53) -> #REF!
CW55: 18. TOT. DO PASSIVO + CAPITAL PRÓPRIO | CX55: =CX54+CX37 -> #REF! | CY55: =CY54+CY37 -> #REF! | CZ55: =CZ54+CZ37 -> #REF! | DA55: =DA54+DA37 -> #REF! | DB55: =DB54+DB37 -> #REF!
CW57: CONTROLO | CX57: =CX29-CX55 -> #REF! | CY57: =CY29-CY55 -> #REF! | CZ57: =CZ29-CZ55 -> #REF! | DA57: =DA29-DA55 -> #REF! | DB57: =DB29-DB55 -> #REF!
CW58: CONTROLO TOTAL | CX58: =CX55-M76 -> #REF! | CY58: =CY55-N76 -> #REF! | CZ58: =CZ55-O76 -> #REF! | DA58: =DA55-P76 -> #REF! | DB58: =DB55-Q76 -> #REF!
CW59: CONTROLO DO ACTIVO | CX59: =CX29-BALANÇO!D33 -> -4.5245549e-74 | CY59: =CY29-BALANÇO!E33 -> -5.5817706e-74 | CZ59: =CZ29-BALANÇO!F33 -> -1.3014845e-72 | DA59: =DA29-BALANÇO!G33 -> -9.0595744e-72 | DB59: =DB29-BALANÇO!H33 -> -1.6124848e-70
CW60: CONTROLO DOS CAPITAIS PRÓPRIOS | CX60: =BALANÇO!D43-CX37 -> 6.4847047e-74 | CY60: =BALANÇO!E43-CY37 -> 7.0236195e-74 | CZ60: =BALANÇO!F43-CZ37 -> 9.1863736e-74 | DA60: =BALANÇO!G43-DA37 -> 5.4142323e-73 | DB60: =BALANÇO!H43-DB37 -> 1.8120423e-66
CW61: CONTROLO DO PASSIVO | CX61: =CX54-M94 -> #REF! | CY61: =CY54-N94 -> #REF! | CZ61: =CZ54-O94 -> #REF! | DA61: =DA54-P94 -> #REF! | DB61: =DB54-Q94 -> #REF!

Sheet VENDAS PROD. ACAB.
A1: 5.2 - Plano de Exploração Previsional
A2: 5.2.1. - Vendas de Produtos Acabados
A4: VENDAS DE PRODUTOS ACABADOS | C4: UNIDADE | D4: ='PLANO INV.'!D3 -> ANO 1 | E4: ='PLANO INV.'!E3 -> ANO 2 | F4: ='PLANO INV.'!F3 -> ANO 3 | G4: ='PLANO INV.'!G3 -> ANO 4 | H4: ='PLANO INV.'!H3 -> ANO 5
A5: QUANTIDADES
D6: 0 | E6: =D6*(1+E17) -> 0 | F6: =E6*(1+F17) -> 0 | G6: =F6*(1+G17) -> 0 | H6: =G6*(1+H17) -> 0
D7: 0 | E7: =D7*(1+E18) -> 0 | F7: =E7*(1+F18) -> 0 | G7: =F7*(1+G18) -> 0 | H7: =G7*(1+H18) -> 0 | I7: =H7 -> 0
A8: . | D8: 0 | E8: =D8*(1+E22) -> 0 | F8: =E8*(1+F22) -> 0 | G8: =F8*(1+G22) -> 0 | H8: =G8*(1+H22) -> 0
A9: . | D9: 0 | E9: =D9*(1+E23) -> 0 | F9: =E9*(1+F23) -> 0 | G9: =F9*(1+G23) -> 0 | H9: =G9*(1+H23) -> 0
A10: . | D10: 0 | E10: =D10*(1+E21) -> 0 | F10: =E10*(1+F21) -> 0 | G10: =F10*(1+G21) -> 0 | H10: =G10*(1+H21) -> 0
A11: . | D11: 0 | E11: =D11*(1+E22) -> 0 | F11: =E11*(1+F22) -> 0 | G11: =F11*(1+G22) -> 0 | H11: =G11*(1+H22) -> 0
A12: . | D12: 0 | E12: =D12*(1+E23) -> 0 | F12: =E12*(1+F23) -> 0 | G12: =F12*(1+G23) -> 0 | H12: =G12*(1+H23) -> 0
A13: . | D13: 0 | E13: =D13*(1+E24) -> 0 | F13: =E13*(1+F24) -> 0 | G13: =F13*(1+G24) -> 0 | H13: =G13*(1+H24) -> 0
A15: TAXA DE CRESCIMENTO DAS VENDAS EM QUANTIDADES
A17: =A6 -> 0 | E17: 0 | F17: 0 | G17: 0 | H17: 0
A18: =A7 -> 0 | E18: 0 | F18: 0 | G18: 0 | H18: 0
A19: =A8 -> . | E19: 0 | F19: 0 | G19: 0 | H19: 0
A20: =A9 -> . | E20: 0 | F20: 0 | G20: 0 | H20: 0
A21: =A10 -> . | E21: 0 | F21: 0 | G21: 0 | H21: 0
A22: =A11 -> . | E22: 0 | F22: 0 | G22: 0 | H22: 0
A23: =A12 -> . | E23: 0 | F23: 0 | G23: 0 | H23: 0
A24: =A13 -> . | E24: 0 | F24: 0 | G24: 0 | H24: 0
A26: PREÇO DE VENDA | C26: EUROS
A28: =A6 -> 0 | C28: 0 | D28: =C28*(1+D39) -> 0 | E28: =D28*(1+PRESSUPOSTOS!$D$26+E39) -> 0 | F28: =E28*(1+PRESSUPOSTOS!$D$26+F39) -> 0 | G28: =F28*(1+PRESSUPOSTOS!$D$26+G39) -> 0 | H28: =G28*(1+PRESSUPOSTOS!$D$26+H39) -> 0
A29: =A7 -> 0 | C29: 0 | D29: =C29*(1+D40) -> 0 | E29: =D29*(1+PRESSUPOSTOS!$D$26+E40) -> 0 | F29: =E29*(1+PRESSUPOSTOS!$D$26+F40) -> 0 | G29: =F29*(1+PRESSUPOSTOS!$D$26+G40) -> 0 | H29: =G29*(1+PRESSUPOSTOS!$D$26+H40) -> 0
A30: =A8 -> . | C30: 0 | D30: =C30*(1+D41) -> 0 | E30: =D30*(1+PRESSUPOSTOS!$D$26+E41) -> 0 | F30: =E30*(1+PRESSUPOSTOS!$D$26+F41) -> 0 | G30: =F30*(1+PRESSUPOSTOS!$D$26+G41) -> 0 | H30: =G30*(1+PRESSUPOSTOS!$D$26+H41) -> 0
A31: =A9 -> . | C31: 0 | D31: =C31*(1+D42) -> 0 | E31: =D31*(1+PRESSUPOSTOS!$D$26+E42) -> 0 | F31: =E31*(1+PRESSUPOSTOS!$D$26+F42) -> 0 | G31: =F31*(1+PRESSUPOSTOS!$D$26+G42) -> 0 | H31: =G31*(1+PRESSUPOSTOS!$D$26+H42) -> 0
A32: =A10 -> . | C32: 0 | D32: =C32*(1+D43) -> 0 | E32: =D32*(1+PRESSUPOSTOS!$D$26+E43) -> 0 | F32: =E32*(1+PRESSUPOSTOS!$D$26+F43) -> 0 | G32: =F32*(1+PRESSUPOSTOS!$D$26+G43) -> 0 | H32: =G32*(1+PRESSUPOSTOS!$D$26+H43) -> 0
A33: =A11 -> . | C33: 0 | D33: =C33*(1+D44) -> 0 | E33: =D33*(1+PRESSUPOSTOS!$D$26+E44) -> 0 | F33: =E33*(1+PRESSUPOSTOS!$D$26+F44) -> 0 | G33: =F33*(1+PRESSUPOSTOS!$D$26+G44) -> 0 | H33: =G33*(1+PRESSUPOSTOS!$D$26+H44) -> 0
A34: =A12 -> . | C34: 0 | D34: =C34*(1+D45) -> 0 | E34: =D34*(1+PRESSUPOSTOS!$D$26+E45) -> 0 | F34: =E34*(1+PRESSUPOSTOS!$D$26+F45) -> 0 | G34: =F34*(1+PRESSUPOSTOS!$D$26+G45) -> 0 | H34: =G34*(1+PRESSUPOSTOS!$D$26+H45) -> 0
A35: =A13 -> . | C35: 0 | D35: =C35*(1+D46) -> 0 | E35: =D35*(1+PRESSUPOSTOS!$D$26+E46) -> 0 | F35: =E35*(1+PRESSUPOSTOS!$D$26+F46) -> 0 | G35: =F35*(1+PRESSUPOSTOS!$D$26+G46) -> 0 | H35: =G35*(1+PRESSUPOSTOS!$D$26+H46) -> 0
A37: TAXA DE CRESCIMENTO DO PREÇO UNITARIO
A39: =A28 -> 0 | E39: 0 | F39: 0 | G39: 0 | H39: 0
A40: =A29 -> 0 | E40: 0 | F40: 0 | G40: 0 | H40: 0
A41: =A30 -> . | E41: 0 | F41: 0 | G41: 0 | H41: 0
A42: =A31 -> . | E42: 0 | F42: 0 | G42: 0 | H42: 0
A43: =A32 -> . | E43: 0 | F43: 0 | G43: 0 | H43: 0
A44: =A33 -> . | E44: 0 | F44: 0 | G44: 0 | H44: 0
A45: =A34 -> . | E45: 0 | F45: 0 | G45: 0 | H45: 0
A46: =A35 -> . | E46: 0 | F46: 0 | G46: 0 | H46: 0
A48: VENDAS
A49: =A6 -> 0 | D49: =D6*D28 -> 0 | E49: =E6*E28 -> 0 | F49: =F6*F28 -> 0 | G49: =G6*G28 -> 0 | H49: =H6*H28 -> 0
A50: =A7 -> 0 | D50: =D7*D29 -> 0 | E50: =E7*E29 -> 0 | F50: =F7*F29 -> 0 | G50: =G7*G29 -> 0 | H50: =H7*H29 -> 0 | I50: =H50 -> 0
A51: =A8 -> . | D51: =D8*D30 -> 0 | E51: =E8*E30 -> 0 | F51: =F8*F30 -> 0 | G51: =G8*G30 -> 0 | H51: =H8*H30 -> 0
A52: =A9 -> . | D52: =D9*D31 -> 0 | E52: =E9*E31 -> 0 | F52: =F9*F31 -> 0 | G52: =G9*G31 -> 0 | H52: =H9*H31 -> 0
A53: =A10 -> . | D53: =D10*D32 -> 0 | E53: =E10*E32 -> 0 | F53: =F10*F32 -> 0 | G53: =G10*G32 -> 0 | H53: =H10*H32 -> 0
A54: =A11 -> . | D54: =D11*D33 -> 0 | E54: =E11*E33 -> 0 | F54: =F11*F33 -> 0 | G54: =G11*G33 -> 0 | H54: =H11*H33 -> 0
A55: =A12 -> . | D55: =D12*D34 -> 0 | E55: =E12*E34 -> 0 | F55: =F12*F34 -> 0 | G55: =G12*G34 -> 0 | H55: =H12*H34 -> 0
A56: =A13 -> . | D56: =D13*D35 -> 0 | E56: =E13*E35 -> 0 | F56: =F13*F35 -> 0 | G56: =G13*G35 -> 0 | H56: =H13*H35 -> 0
A58: TOTAL | D58: =SUM(D49:D56) -> 0 | E58: =SUM(E49:E56) -> 0 | F58: =SUM(F49:F56) -> 0 | G58: =SUM(G49:G56) -> 0 | H58: =SUM(H49:H56) -> 0

Sheet VENDAS DE MERC.
A1: 5.2.2. - Vendas de Mercadorias
A3: VENDAS DE MERCADORIAS | C3: UNIDADE | D3: ='PLANO FINAN.'!D3 -> ANO 1 | E3: ='PLANO FINAN.'!E3 -> ANO 2 | F3: ='PLANO FINAN.'!F3 -> ANO 3 | G3: ='PLANO FINAN.'!G3 -> ANO 4 | H3: ='PLANO FINAN.'!H3 -> ANO 5
A4: QUANTIDADES
D5: 0 | E5: =D5*(1+E16) -> 0 | F5: =E5*(1+F16) -> 0 | G5: =F5*(1+G16) -> 0 | H5: =G5*(1+H16) -> 0
D6: 0 | E6: =D6*(1+E20) -> 0 | F6: =E6*(1+F20) -> 0 | G6: =F6*(1+G20) -> 0 | H6: =G6*(1+H20) -> 0
A7: . | D7: 0 | E7: =D7*(1+E21) -> 0 | F7: =E7*(1+F21) -> 0 | G7: =F7*(1+G21) -> 0 | H7: =G7*(1+H21) -> 0
A8: . | D8: 0 | E8: =D8*(1+E22) -> 0 | F8: =E8*(1+F22) -> 0 | G8: =F8*(1+G22) -> 0 | H8: =G8*(1+H22) -> 0
A9: . | D9: 0 | E9: =D9*(1+E20) -> 0 | F9: =E9*(1+F20) -> 0 | G9: =F9*(1+G20) -> 0 | H9: =G9*(1+H20) -> 0
A10: . | D10: 0 | E10: =D10*(1+E21) -> 0 | F10: =E10*(1+F21) -> 0 | G10: =F10*(1+G21) -> 0 | H10: =G10*(1+H21) -> 0
A11: . | D11: 0 | E11: =D11*(1+E22) -> 0 | F11: =E11*(1+F22) -> 0 | G11: =F11*(1+G22) -> 0 | H11: =G11*(1+H22) -> 0
A12: . | D12: 0 | E12: =D12*(1+E23) -> 0 | F12: =E12*(1+F23) -> 0 | G12: =F12*(1+G23) -> 0 | H12: =G12*(1+H23) -> 0
A14: TAXA DE CRESCIMENTO DAS VENDAS EM QUANTIDADE
A16: =A5 -> 0 | E16: 0 | F16: 0 | G16: 0 | H16: 0
A17: =A6 -> 0 | E17: 0 | F17: 0 | G17: 0 | H17: 0
A18: =A7 -> . | E18: 0 | F18: 0 | G18: 0 | H18: 0
A19: =A8 -> . | E19: 0 | F19: 0 | G19: 0 | H19: 0
A20: =A9 -> . | E20: 0 | F20: 0 | G20: 0 | H20: 0
A21: =A10 -> . | E21: 0 | F21: 0 | G21: 0 | H21: 0
A22: =A11 -> . | E22: 0 | F22: 0 | G22: 0 | H22: 0
A23: =A12 -> . | E23: 0 | F23: 0 | G23: 0 | H23: 0
A25: PREÇO DE VENDA | C25: EUROS
A27: =A5 -> 0 | C27: 20 | D27: =C27 -> 20 | E27: =D27*(1+PRESSUPOSTOS!D$26+E38) -> 20.5 | F27: =E27*(1+PRESSUPOSTOS!E$26+F38) -> 20.91 | G27: =F27*(1+PRESSUPOSTOS!F$26+G38) -> 21.3282 | H27: =G27*(1+PRESSUPOSTOS!G$26+H38) -> 21.754764
A28: =A6 -> 0 | C28: 0 | D28: =C28 -> 0 | E28: =D28*(1+PRESSUPOSTOS!D$26+E39) -> 0 | F28: =E28*(1+PRESSUPOSTOS!E$26+F39) -> 0 | G28: =F28*(1+PRESSUPOSTOS!F$26+G39) -> 0 | H28: =G28*(1+PRESSUPOSTOS!G$26+H39) -> 0
A29: =A7 -> . | C29: 0 | D29: =C29 -> 0 | E29: =D29*(1+PRESSUPOSTOS!D$26+E40) -> 0 | F29: =E29*(1+PRESSUPOSTOS!E$26+F40) -> 0 | G29: =F29*(1+PRESSUPOSTOS!F$26+G40) -> 0 | H29: =G29*(1+PRESSUPOSTOS!G$26+H40) -> 0
A30: =A8 -> . | C30: 0 | D30: =C30 -> 0 | E30: =D30*(1+PRESSUPOSTOS!D$26+E41) -> 0 | F30: =E30*(1+PRESSUPOSTOS!E$26+F41) -> 0 | G30: =F30*(1+PRESSUPOSTOS!F$26+G41) -> 0 | H30: =G30*(1+PRESSUPOSTOS!G$26+H41) -> 0
A31: =A9 -> . | C31: 0 | D31: =C31 -> 0 | E31: =D31*(1+PRESSUPOSTOS!D$26+E42) -> 0 | F31: =E31*(1+PRESSUPOSTOS!E$26+F42) -> 0 | G31: =F31*(1+PRESSUPOSTOS!F$26+G42) -> 0 | H31: =G31*(1+PRESSUPOSTOS!G$26+H42) -> 0
A32: =A10 -> . | C32: 0 | D32: =C32 -> 0 | E32: =D32*(1+PRESSUPOSTOS!D$26+E43) -> 0 | F32: =E32*(1+PRESSUPOSTOS!E$26+F43) -> 0 | G32: =F32*(1+PRESSUPOSTOS!F$26+G43) -> 0 | H32: =G32*(1+PRESSUPOSTOS!G$26+H43) -> 0
A33: =A11 -> . | C33: 0 | D33: =C33 -> 0 | E33: =D33*(1+PRESSUPOSTOS!D$26+E44) -> 0 | F33: =E33*(1+PRESSUPOSTOS!E$26+F44) -> 0 | G33: =F33*(1+PRESSUPOSTOS!F$26+G44) -> 0 | H33: =G33*(1+PRESSUPOSTOS!G$26+H44) -> 0
A34: =A12 -> . | C34: 0 | D34: =C34 -> 0 | E34: =D34*(1+PRESSUPOSTOS!D$26+E45) -> 0 | F34: =E34*(1+PRESSUPOSTOS!E$26+F45) -> 0 | G34: =F34*(1+PRESSUPOSTOS!F$26+G45) -> 0 | H34: =G34*(1+PRESSUPOSTOS!G$26+H45) -> 0
A36: TAXA DE CRESCIMENTO DO PREÇO UNITARIO
A38: =A27 -> 0 | E38: 0 | F38: 0 | G38: 0 | H38: 0
A39: =A28 -> 0 | E39: 0 | F39: 0 | G39: 0 | H39: 0
A40: =A29 -> . | E40: 0 | F40: 0 | G40: 0 | H40: 0
A41: =A30 -> . | E41: 0 | F41: 0 | G41: 0 | H41: 0
A42: =A31 -> . | E42: 0 | F42: 0 | G42: 0 | H42: 0
A43: =A32 -> . | E43: 0 | F43: 0 | G43: 0 | H43: 0
A44: =A33 -> . | E44: 0 | F44: 0 | G44: 0 | H44: 0
A45: =A34 -> . | E45: 0 | F45: 0 | G45: 0 | H45: 0
A47: VENDAS
A48: =A5 -> 0 | D48: =D5*D27 -> 0 | E48: =E5*E27 -> 0 | F48: =F5*F27 -> 0 | G48: =G5*G27 -> 0 | H48: =H5*H27 -> 0
A49: =A6 -> 0 | D49: =D6*D28 -> 0 | E49: =E6*E28 -> 0 | F49: =F6*F28 -> 0 | G49: =G6*G28 -> 0 | H49: =H6*H28 -> 0
A50: =A7 -> . | D50: =D7*D29 -> 0 | E50: =E7*E29 -> 0 | F50: =F7*F29 -> 0 | G50: =G7*G29 -> 0 | H50: =H7*H29 -> 0
A51: =A8 -> . | D51: =D8*D30 -> 0 | E51: =E8*E30 -> 0 | F51: =F8*F30 -> 0 | G51: =G8*G30 -> 0 | H51: =H8*H30 -> 0
A52: =A9 -> . | D52: =D9*D31 -> 0 | E52: =E9*E31 -> 0 | F52: =F9*F31 -> 0 | G52: =G9*G31 -> 0 | H52: =H9*H31 -> 0
A53: =A10 -> . | D53: =D10*D32 -> 0 | E53: =E10*E32 -> 0 | F53: =F10*F32 -> 0 | G53: =G10*G32 -> 0 | H53: =H10*H32 -> 0
D54: =D11*D33 -> 0 | E54: =E11*E33 -> 0 | F54: =F11*F33 -> 0 | G54: =G11*G33 -> 0 | H54: =H11*H33 -> 0
D55: =D12*D34 -> 0 | E55: =E12*E34 -> 0 | F55: =F12*F34 -> 0 | G55: =G12*G34 -> 0 | H55: =H12*H34 -> 0
A57: TOTAL | D57: =SUM(D48:D55) -> 0 | E57: =SUM(E48:E55) -> 0 | F57: =SUM(F48:F55) -> 0 | G57: =SUM(G48:G55) -> 0 | H57: =SUM(H48:H55) -> 0

Sheet C.M.V.M.C.
A1: 5.2.3. - Custo das Mercadorias Vendidas e Consumidas
A3: CONSUMOS DOS PRODUTOS ACAB. EM VALOR | D3: =PRESSUPOSTOS!D8 -> ANO 1 | E3: =PRESSUPOSTOS!E8 -> ANO 2 | F3: =PRESSUPOSTOS!F8 -> ANO 3 | G3: =PRESSUPOSTOS!G8 -> ANO 4 | H3: =PRESSUPOSTOS!H8 -> ANO 5
C5: Margem
A6: ='VENDAS PROD. ACAB.'!A6 -> 0 | C6: 0 | D6: ='VENDAS PROD. ACAB.'!D49/(1+$C6) -> 0 | E6: ='VENDAS PROD. ACAB.'!E49/(1+$C6) -> 0 | F6: ='VENDAS PROD. ACAB.'!F49/(1+$C6) -> 0 | G6: ='VENDAS PROD. ACAB.'!G49/(1+$C6) -> 0 | H6: ='VENDAS PROD. ACAB.'!H49/(1+$C6) -> 0
A7: ='VENDAS PROD. ACAB.'!A7 -> 0 | C7: 0 | D7: ='VENDAS PROD. ACAB.'!D50/(1+$C7) -> 0 | E7: ='VENDAS PROD. ACAB.'!E50/(1+$C7) -> 0 | F7: ='VENDAS PROD. ACAB.'!F50/(1+$C7) -> 0 | G7: ='VENDAS PROD. ACAB.'!G50/(1+$C7) -> 0 | H7: ='VENDAS PROD. ACAB.'!H50/(1+$C7) -> 0
A8: ='VENDAS PROD. ACAB.'!A8 -> . | C8: 0 | D8: ='VENDAS PROD. ACAB.'!D51/(1+$C8) -> 0 | E8: ='VENDAS PROD. ACAB.'!E51/(1+$C8) -> 0 | F8: ='VENDAS PROD. ACAB.'!F51/(1+$C8) -> 0 | G8: ='VENDAS PROD. ACAB.'!G51/(1+$C8) -> 0 | H8: ='VENDAS PROD. ACAB.'!H51/(1+$C8) -> 0
A9: ='VENDAS PROD. ACAB.'!A9 -> . | C9: 0 | D9: ='VENDAS PROD. ACAB.'!D52/(1+$C9) -> 0 | E9: ='VENDAS PROD. ACAB.'!E52/(1+$C9) -> 0 | F9: ='VENDAS PROD. ACAB.'!F52/(1+$C9) -> 0 | G9: ='VENDAS PROD. ACAB.'!G52/(1+$C9) -> 0 | H9: ='VENDAS PROD. ACAB.'!H52/(1+$C9) -> 0
A10: ='VENDAS PROD. ACAB.'!A10 -> . | C10: 0 | D10: ='VENDAS PROD. ACAB.'!D53/(1+$C10) -> 0 | E10: ='VENDAS PROD. ACAB.'!E53/(1+$C10) -> 0 | F10: ='VENDAS PROD. ACAB.'!F53/(1+$C10) -> 0 | G10: ='VENDAS PROD. ACAB.'!G53/(1+$C10) -> 0 | H10: ='VENDAS PROD. ACAB.'!H53/(1+$C10) -> 0
A11: ='VENDAS PROD. ACAB.'!A11 -> . | C11: 0 | D11: ='VENDAS PROD. ACAB.'!D54/(1+$C11) -> 0 | E11: ='VENDAS PROD. ACAB.'!E54/(1+$C11) -> 0 | F11: ='VENDAS PROD. ACAB.'!F54/(1+$C11) -> 0 | G11: ='VENDAS PROD. ACAB.'!G54/(1+$C11) -> 0 | H11: ='VENDAS PROD. ACAB.'!H54/(1+$C11) -> 0
A12: ='VENDAS PROD. ACAB.'!A12 -> . | C12: 0 | D12: ='VENDAS PROD. ACAB.'!D55/(1+$C12) -> 0 | E12: ='VENDAS PROD. ACAB.'!E55/(1+$C12) -> 0 | F12: ='VENDAS PROD. ACAB.'!F55/(1+$C12) -> 0 | G12: ='VENDAS PROD. ACAB.'!G55/(1+$C12) -> 0 | H12: ='VENDAS PROD. ACAB.'!H55/(1+$C12) -> 0
A13: ='VENDAS PROD. ACAB.'!A13 -> . | C13: 0 | D13: ='VENDAS PROD. ACAB.'!D56/(1+$C13) -> 0 | E13: ='VENDAS PROD. ACAB.'!E56/(1+$C13) -> 0 | F13: ='VENDAS PROD. ACAB.'!F56/(1+$C13) -> 0 | G13: ='VENDAS PROD. ACAB.'!G56/(1+$C13) -> 0 | H13: ='VENDAS PROD. ACAB.'!H56/(1+$C13) -> 0
A14: TOTAL | D14: =SUM(D6:D13) -> 0 | E14: =SUM(E6:E13) -> 0 | F14: =SUM(F6:F13) -> 0 | G14: =SUM(G6:G13) -> 0 | H14: =SUM(H6:H13) -> 0
A15: VALOR DO STOCK FINAL DE MATÉRIAS PRIMAS
A17: =A6 -> 0 | D17: =D6*PRESSUPOSTOS!$D$18/365 -> 0 | E17: =E6*PRESSUPOSTOS!$E$18/365 -> 0 | F17: =F6*PRESSUPOSTOS!$F$18/365 -> 0 | G17: =G6*PRESSUPOSTOS!$G$18/365 -> 0 | H17: =H6*PRESSUPOSTOS!$H$18/365 -> 0
A18: =A7 -> 0 | D18: =D7*PRESSUPOSTOS!$D$18/365 -> 0 | E18: =E7*PRESSUPOSTOS!$E$18/365 -> 0 | F18: =F7*PRESSUPOSTOS!$F$18/365 -> 0 | G18: =G7*PRESSUPOSTOS!$G$18/365 -> 0 | H18: =H7*PRESSUPOSTOS!$H$18/365 -> 0
A19: =A8 -> . | D19: =D8*PRESSUPOSTOS!$D$18/365 -> 0 | E19: =E8*PRESSUPOSTOS!$E$18/365 -> 0 | F19: =F8*PRESSUPOSTOS!$F$18/365 -> 0 | G19: =G8*PRESSUPOSTOS!$G$18/365 -> 0 | H19: =H8*PRESSUPOSTOS!$H$18/365 -> 0
A20: =A9 -> . | D20: =D9*PRESSUPOSTOS!$D$18/365 -> 0 | E20: =E9*PRESSUPOSTOS!$E$18/365 -> 0 | F20: =F9*PRESSUPOSTOS!$F$18/365 -> 0 | G20: =G9*PRESSUPOSTOS!$G$18/365 -> 0 | H20: =H9*PRESSUPOSTOS!$H$18/365 -> 0
A21: =A10 -> . | D21: =D10*PRESSUPOSTOS!$D$18/365 -> 0 | E21: =E10*PRESSUPOSTOS!$E$18/365 -> 0 | F21: =F10*PRESSUPOSTOS!$F$18/365 -> 0 | G21: =G10*PRESSUPOSTOS!$G$18/365 -> 0 | H21: =H10*PRESSUPOSTOS!$H$18/365 -> 0
A22: =A11 -> . | D22: =D11*PRESSUPOSTOS!$D$18/365 -> 0 | E22: =E11*PRESSUPOSTOS!$E$18/365 -> 0 | F22: =F11*PRESSUPOSTOS!$F$18/365 -> 0 | G22: =G11*PRESSUPOSTOS!$G$18/365 -> 0 | H22: =H11*PRESSUPOSTOS!$H$18/365 -> 0
A23: =A12 -> . | D23: =D12*PRESSUPOSTOS!$D$18/365 -> 0 | E23: =E12*PRESSUPOSTOS!$E$18/365 -> 0 | F23: =F12*PRESSUPOSTOS!$F$18/365 -> 0 | G23: =G12*PRESSUPOSTOS!$G$18/365 -> 0 | H23: =H12*PRESSUPOSTOS!$H$18/365 -> 0
A24: =A13 -> . | D24: =D13*PRESSUPOSTOS!$D$18/365 -> 0 | E24: =E13*PRESSUPOSTOS!$E$18/365 -> 0 | F24: =F13*PRESSUPOSTOS!$F$18/365 -> 0 | G24: =G13*PRESSUPOSTOS!$G$18/365 -> 0 | H24: =H13*PRESSUPOSTOS!$H$18/365 -> 0
A25: TOTAL | D25: =SUM(D17:D24) -> 0 | E25: =SUM(E17:E24) -> 0 | F25: =SUM(F17:F24) -> 0 | G25: =SUM(G17:G24) -> 0 | H25: =SUM(H17:H24) -> 0
A26: CUSTO DAS MATÉRIAS CONSUMIDAS | D26: =D14 -> 0 | E26: =E14 -> 0 | F26: =F14 -> 0 | G26: =G14 -> 0 | H26: =H14 -> 0
A28: Existência inicial M.P. | D28: 0 | E28: =D30 -> 0 | F28: =E30 -> 0 | G28: =F30 -> 0 | H28: =G30 -> 0
A29: Compras M.P. | D29: =D26+D30-D28 -> 0 | E29: =E26+E30-E28 -> 0 | F29: =F26+F30-F28 -> 0 | G29: =G26+G30-G28 -> 0 | H29: =H26+H30-H28 -> 0
A30: Existência final M.P. | D30: =D25 -> 0 | E30: =E25 -> 0 | F30: =F25 -> 0 | G30: =G25 -> 0 | H30: =H25 -> 0
A32: VARIAÇÃO DA PRODUÇÃO | D32: =D35-D34 -> 0 | E32: =E35-E34 -> 0 | F32: =F35-F34 -> 0 | G32: =G35-G34 -> 0 | H32: =H35-H34 -> 0
A34: Existência inicial P.A. | D34: 0 | E34: =D35 -> 0 | F34: =E35 -> 0 | G34: =F35 -> 0 | H34: =G35 -> 0
A35: Existência final P.A. | D35: ='VENDAS PROD. ACAB.'!D58*PRESSUPOSTOS!D19/12 -> 0 | E35: ='VENDAS PROD. ACAB.'!E58*PRESSUPOSTOS!E19/12 -> 0 | F35: ='VENDAS PROD. ACAB.'!F58*PRESSUPOSTOS!F19/12 -> 0 | G35: ='VENDAS PROD. ACAB.'!G58*PRESSUPOSTOS!G19/12 -> 0 | H35: ='VENDAS PROD. ACAB.'!H58*PRESSUPOSTOS!H19/12 -> 0
A37: CUSTO DAS VENDAS DE PROD. ACABADOS | D37: =D26-D32 -> 0 | E37: =E26-E32 -> 0 | F37: =F26-F32 -> 0 | G37: =G26-G32 -> 0 | H37: =H26-H32 -> 0
A39: C.M.V.M.C. | D39: =D26+'CUSTO DAS MERC.'!D33 -> 0 | E39: =E26+'CUSTO DAS MERC.'!E33 -> 0 | F39: =F26+'CUSTO DAS MERC.'!F33 -> 0 | G39: =G26+'CUSTO DAS MERC.'!G33 -> 0 | H39: =H26+'CUSTO DAS MERC.'!H33 -> 0

Sheet CUSTO DAS MERC.
A1: 5.2.4. - Custo das Mercadorias Vendidas
A3: CUSTO DAS MERCADORIAS EM VALOR | D3: =PRESSUPOSTOS!D8 -> ANO 1 | E3: =PRESSUPOSTOS!E8 -> ANO 2 | F3: =PRESSUPOSTOS!F8 -> ANO 3 | G3: =PRESSUPOSTOS!G8 -> ANO 4 | H3: =PRESSUPOSTOS!H8 -> ANO 5
C5: Margem
A6: ='VENDAS DE MERC.'!A5 -> 0 | C6: 0 | D6: ='VENDAS DE MERC.'!D48/(1+$C6) -> 0 | E6: ='VENDAS DE MERC.'!E48/(1+$C6) -> 0 | F6: ='VENDAS DE MERC.'!F48/(1+$C6) -> 0 | G6: ='VENDAS DE MERC.'!G48/(1+$C6) -> 0 | H6: ='VENDAS DE MERC.'!H48/(1+$C6) -> 0
A7: ='VENDAS DE MERC.'!A6 -> 0 | C7: 0 | D7: ='VENDAS DE MERC.'!D49/(1+$C7) -> 0 | E7: ='VENDAS DE MERC.'!E49/(1+$C7) -> 0 | F7: ='VENDAS DE MERC.'!F49/(1+$C7) -> 0 | G7: ='VENDAS DE MERC.'!G49/(1+$C7) -> 0 | H7: ='VENDAS DE MERC.'!H49/(1+$C7) -> 0
A8: ='VENDAS DE MERC.'!A7 -> . | C8: 0 | D8: ='VENDAS DE MERC.'!D50/(1+$C8) -> 0 | E8: ='VENDAS DE MERC.'!E50/(1+$C8) -> 0 | F8: ='VENDAS DE MERC.'!F50/(1+$C8) -> 0 | G8: ='VENDAS DE MERC.'!G50/(1+$C8) -> 0 | H8: ='VENDAS DE MERC.'!H50/(1+$C8) -> 0
A9: ='VENDAS DE MERC.'!A8 -> . | C9: 0 | D9: ='VENDAS DE MERC.'!D51/(1+$C9) -> 0 | E9: ='VENDAS DE MERC.'!E51/(1+$C9) -> 0 | F9: ='VENDAS DE MERC.'!F51/(1+$C9) -> 0 | G9: ='VENDAS DE MERC.'!G51/(1+$C9) -> 0 | H9: ='VENDAS DE MERC.'!H51/(1+$C9) -> 0
A10: ='VENDAS DE MERC.'!A9 -> . | C10: 0 | D10: ='VENDAS DE MERC.'!D52/(1+$C10) -> 0 | E10: ='VENDAS DE MERC.'!E52/(1+$C10) -> 0 | F10: ='VENDAS DE MERC.'!F52/(1+$C10) -> 0 | G10: ='VENDAS DE MERC.'!G52/(1+$C10) -> 0 | H10: ='VENDAS DE MERC.'!H52/(1+$C10) -> 0
A11: ='VENDAS DE MERC.'!A10 -> . | C11: 0 | D11: ='VENDAS DE MERC.'!D53/(1+$C11) -> 0 | E11: ='VENDAS DE MERC.'!E53/(1+$C11) -> 0 | F11: ='VENDAS DE MERC.'!F53/(1+$C11) -> 0 | G11: ='VENDAS DE MERC.'!G53/(1+$C11) -> 0 | H11: ='VENDAS DE MERC.'!H53/(1+$C11) -> 0
A12: ='VENDAS DE MERC.'!A11 -> . | C12: 0 | D12: ='VENDAS DE MERC.'!D54/(1+$C12) -> 0 | E12: ='VENDAS DE MERC.'!E54/(1+$C12) -> 0 | F12: ='VENDAS DE MERC.'!F54/(1+$C12) -> 0 | G12: ='VENDAS DE MERC.'!G54/(1+$C12) -> 0 | H12: ='VENDAS DE MERC.'!H54/(1+$C12) -> 0
A13: ='VENDAS DE MERC.'!A12 -> . | C13: 0 | D13: ='VENDAS DE MERC.'!D55/(1+$C13) -> 0 | E13: ='VENDAS DE MERC.'!E55/(1+$C13) -> 0 | F13: ='VENDAS DE MERC.'!F55/(1+$C13) -> 0 | G13: ='VENDAS DE MERC.'!G55/(1+$C13) -> 0 | H13: ='VENDAS DE MERC.'!H55/(1+$C13) -> 0
A14: TOTAL | D14: =SUM(D6:D13) -> 0 | E14: =SUM(E6:E13) -> 0 | F14: =SUM(F6:F13) -> 0 | G14: =SUM(G6:G13) -> 0 | H14: =SUM(H6:H13) -> 0
A15: VALOR DO STOCK FINAL DE MERCADORIAS
A17: =A6 -> 0 | D17: =D6*PRESSUPOSTOS!D$17/365 -> 0 | E17: =E6*PRESSUPOSTOS!E$17/365 -> 0 | F17: =F6*PRESSUPOSTOS!F$17/365 -> 0 | G17: =G6*PRESSUPOSTOS!G$17/365 -> 0 | H17: =H6*PRESSUPOSTOS!H$17/365 -> 0
A18: =A7 -> 0 | D18: =D7*PRESSUPOSTOS!D$17/365 -> 0 | E18: =E7*PRESSUPOSTOS!E$17/365 -> 0 | F18: =F7*PRESSUPOSTOS!F$17/365 -> 0 | G18: =G7*PRESSUPOSTOS!G$17/365 -> 0 | H18: =H7*PRESSUPOSTOS!H$17/365 -> 0
A19: =A8 -> . | D19: =D8*PRESSUPOSTOS!D$17/365 -> 0 | E19: =E8*PRESSUPOSTOS!E$17/365 -> 0 | F19: =F8*PRESSUPOSTOS!F$17/365 -> 0 | G19: =G8*PRESSUPOSTOS!G$17/365 -> 0 | H19: =H8*PRESSUPOSTOS!H$17/365 -> 0
A20: =A9 -> . | D20: =D9*PRESSUPOSTOS!D$17/365 -> 0 | E20: =E9*PRESSUPOSTOS!E$17/365 -> 0 | F20: =F9*PRESSUPOSTOS!F$17/365 -> 0 | G20: =G9*PRESSUPOSTOS!G$17/365 -> 0 | H20: =H9*PRESSUPOSTOS!H$17/365 -> 0
A21: =A10 -> . | D21: =D10*PRESSUPOSTOS!D$17/365 -> 0 | E21: =E10*PRESSUPOSTOS!E$17/365 -> 0 | F21: =F10*PRESSUPOSTOS!F$17/365 -> 0 | G21: =G10*PRESSUPOSTOS!G$17/365 -> 0 | H21: =H10*PRESSUPOSTOS!H$17/365 -> 0
A22: =A11 -> . | D22: =D11*PRESSUPOSTOS!D$17/365 -> 0 | E22: =E11*PRESSUPOSTOS!E$17/365 -> 0 | F22: =F11*PRESSUPOSTOS!F$17/365 -> 0 | G22: =G11*PRESSUPOSTOS!G$17/365 -> 0 | H22: =H11*PRESSUPOSTOS!H$17/365 -> 0
A23: =A12 -> . | D23: =D12*PRESSUPOSTOS!D$17/365 -> 0 | E23: =E12*PRESSUPOSTOS!E$17/365 -> 0 | F23: =F12*PRESSUPOSTOS!F$17/365 -> 0 | G23: =G12*PRESSUPOSTOS!G$17/365 -> 0 | H23: =H12*PRESSUPOSTOS!H$17/365 -> 0
A24: =A13 -> . | D24: =D13*PRESSUPOSTOS!D$17/365 -> 0 | E24: =E13*PRESSUPOSTOS!E$17/365 -> 0 | F24: =F13*PRESSUPOSTOS!F$17/365 -> 0 | G24: =G13*PRESSUPOSTOS!G$17/365 -> 0 | H24: =H13*PRESSUPOSTOS!H$17/365 -> 0
A25: TOTAL | D25: =SUM(D17:D24) -> 0 | E25: =SUM(E17:E24) -> 0 | F25: =SUM(F17:F24) -> 0 | G25: =SUM(G17:G24) -> 0 | H25: =SUM(H17:H24) -> 0
A26: CUSTO DAS MERCADORIAS | D26: =D14 -> 0 | E26: =E14 -> 0 | F26: =F14 -> 0 | G26: =G14 -> 0 | H26: =H14 -> 0
A28: Existência inicial Mercadorias | D28: 0 | E28: =D30 -> 0 | F28: =E30 -> 0 | G28: =F30 -> 0 | H28: =G30 -> 0
A29: Compras Mercadorias | D29: =D26+D30-D28 -> 0 | E29: =E26+E30-E28 -> 0 | F29: =F26+F30-F28 -> 0 | G29: =G26+G30-G28 -> 0 | H29: =H26+H30-H28 -> 0
A30: Existência final Mercadorias | D30: =D25 -> 0 | E30: =E25 -> 0 | F30: =F25 -> 0 | G30: =G25 -> 0 | H30: =H25 -> 0
A33: CUSTO DAS VENDAS DE MERCADORIAS | D33: =D26 -> 0 | E33: =E26 -> 0 | F33: =F26 -> 0 | G33: =G26 -> 0 | H33: =H26 -> 0

Sheet Justificação  CMV

Sheet PREST. SERV.
A1: 5.2.5. - Prestação de Serviços
A3: PRESTAÇÂO DE SERVIÇOS E OUTROS PROV. | D3: =PRESSUPOSTOS!D8 -> ANO 1 | E3: =PRESSUPOSTOS!E8 -> ANO 2 | F3: =PRESSUPOSTOS!F8 -> ANO 3 | G3: =PRESSUPOSTOS!G8 -> ANO 4 | H3: =PRESSUPOSTOS!H8 -> ANO 5
C6: PS/Mês
A7: . | C7: 0 | D7: =C7*PRESSUPOSTOS!$D$11*(1+D19) -> 0 | E7: =$C7*(1+PRESSUPOSTOS!E$26+E19)*PRESSUPOSTOS!E$11 -> 0 | F7: =(E7/PRESSUPOSTOS!E$11)*(1+PRESSUPOSTOS!F$26+F19)*PRESSUPOSTOS!F$11 -> 0 | G7: =(F7/PRESSUPOSTOS!F$11)*(1+PRESSUPOSTOS!G$26+G19)*PRESSUPOSTOS!G$11 -> 0 | H7: =(G7/PRESSUPOSTOS!G$11)*(1+PRESSUPOSTOS!H$26+H19)*PRESSUPOSTOS!H$11 -> 0
A8: . | C8: 0 | D8: =C8*PRESSUPOSTOS!$D$11*(1+D20) -> 0 | E8: =$C8*(1+PRESSUPOSTOS!E$26+E20)*PRESSUPOSTOS!E$11 -> 0 | F8: =(E8/PRESSUPOSTOS!E$11)*(1+PRESSUPOSTOS!F$26+F20)*PRESSUPOSTOS!F$11 -> 0 | G8: =(F8/PRESSUPOSTOS!F$11)*(1+PRESSUPOSTOS!G$26+G20)*PRESSUPOSTOS!G$11 -> 0 | H8: =(G8/PRESSUPOSTOS!G$11)*(1+PRESSUPOSTOS!H$26+H20)*PRESSUPOSTOS!H$11 -> 0
A9: . | C9: 0 | D9: =C9*PRESSUPOSTOS!$D$11*(1+D21) -> 0 | E9: =$C9*(1+PRESSUPOSTOS!E$26+E21)*PRESSUPOSTOS!E$11 -> 0 | F9: =(E9/PRESSUPOSTOS!E$11)*(1+PRESSUPOSTOS!F$26+F21)*PRESSUPOSTOS!F$11 -> 0 | G9: =(F9/PRESSUPOSTOS!F$11)*(1+PRESSUPOSTOS!G$26+G21)*PRESSUPOSTOS!G$11 -> 0 | H9: =(G9/PRESSUPOSTOS!G$11)*(1+PRESSUPOSTOS!H$26+H21)*PRESSUPOSTOS!H$11 -> 0
A10: . | C10: 0 | D10: =C10*PRESSUPOSTOS!$D$11*(1+D22) -> 0 | E10: =$C10*(1+PRESSUPOSTOS!E$26+E22)*PRESSUPOSTOS!E$11 -> 0 | F10: =(E10/PRESSUPOSTOS!E$11)*(1+PRESSUPOSTOS!F$26+F22)*PRESSUPOSTOS!F$11 -> 0 | G10: =(F10/PRESSUPOSTOS!F$11)*(1+PRESSUPOSTOS!G$26+G22)*PRESSUPOSTOS!G$11 -> 0 | H10: =(G10/PRESSUPOSTOS!G$11)*(1+PRESSUPOSTOS!H$26+H22)*PRESSUPOSTOS!H$11 -> 0
A11: . | C11: 0 | D11: =C11*PRESSUPOSTOS!$D$11*(1+D23) -> 0 | E11: =$C11*(1+PRESSUPOSTOS!E$26+E23)*PRESSUPOSTOS!E$11 -> 0 | F11: =(E11/PRESSUPOSTOS!E$11)*(1+PRESSUPOSTOS!F$26+F23)*PRESSUPOSTOS!F$11 -> 0 | G11: =(F11/PRESSUPOSTOS!F$11)*(1+PRESSUPOSTOS!G$26+G23)*PRESSUPOSTOS!G$11 -> 0 | H11: =(G11/PRESSUPOSTOS!G$11)*(1+PRESSUPOSTOS!H$26+H23)*PRESSUPOSTOS!H$11 -> 0
A12: . | C12: 0 | D12: =C12*PRESSUPOSTOS!$D$11*(1+D24) -> 0 | E12: =$C12*(1+PRESSUPOSTOS!E$26+E24)*PRESSUPOSTOS!E$11 -> 0 | F12: =(E12/PRESSUPOSTOS!E$11)*(1+PRESSUPOSTOS!F$26+F24)*PRESSUPOSTOS!F$11 -> 0 | G12: =(F12/PRESSUPOSTOS!F$11)*(1+PRESSUPOSTOS!G$26+G24)*PRESSUPOSTOS!G$11 -> 0 | H12: =(G12/PRESSUPOSTOS!G$11)*(1+PRESSUPOSTOS!H$26+H24)*PRESSUPOSTOS!H$11 -> 0
A13: . | C13: 0 | D13: =C13*PRESSUPOSTOS!$D$11*(1+D25) -> 0 | E13: =$C13*(1+PRESSUPOSTOS!E$26+E25)*PRESSUPOSTOS!E$11 -> 0 | F13: =(E13/PRESSUPOSTOS!E$11)*(1+PRESSUPOSTOS!F$26+F25)*PRESSUPOSTOS!F$11 -> 0 | G13: =(F13/PRESSUPOSTOS!F$11)*(1+PRESSUPOSTOS!G$26+G25)*PRESSUPOSTOS!G$11 -> 0 | H13: =(G13/PRESSUPOSTOS!G$11)*(1+PRESSUPOSTOS!H$26+H25)*PRESSUPOSTOS!H$11 -> 0
A14: . | C14: 0 | D14: =C14*PRESSUPOSTOS!$D$11*(1+D26) -> 0 | E14: =$C14*(1+PRESSUPOSTOS!E$26+E26)*PRESSUPOSTOS!E$11 -> 0 | F14: =(E14/PRESSUPOSTOS!E$11)*(1+PRESSUPOSTOS!F$26+F26)*PRESSUPOSTOS!F$11 -> 0 | G14: =(F14/PRESSUPOSTOS!F$11)*(1+PRESSUPOSTOS!G$26+G26)*PRESSUPOSTOS!G$11 -> 0 | H14: =(G14/PRESSUPOSTOS!G$11)*(1+PRESSUPOSTOS!H$26+H26)*PRESSUPOSTOS!H$11 -> 0
A15: . | C15: 0 | D15: =C15*PRESSUPOSTOS!$D$11*(1+D27) -> 0 | E15: =$C15*(1+PRESSUPOSTOS!E$26+E27)*PRESSUPOSTOS!E$11 -> 0 | F15: =(E15/PRESSUPOSTOS!E$11)*(1+PRESSUPOSTOS!F$26+F27)*PRESSUPOSTOS!F$11 -> 0 | G15: =(F15/PRESSUPOSTOS!F$11)*(1+PRESSUPOSTOS!G$26+G27)*PRESSUPOSTOS!G$11 -> 0 | H15: =(G15/PRESSUPOSTOS!G$11)*(1+PRESSUPOSTOS!H$26+H27)*PRESSUPOSTOS!H$11 -> 0
A16: TOTAL PRESTAÇÃO DE SERVIÇOS | D16: =SUM(D7:D15) -> 0 | E16: =SUM(E7:E15) -> 0 | F16: =SUM(F7:F15) -> 0 | G16: =SUM(G7:G15) -> 0 | H16: =SUM(H7:H15) -> 0
A17: TAXAS DE CRESCIMENTO REAIS DA PRESTAÇÃO DE SERVIÇOS
A19: =A7 -> . | E19: 0 | F19: 0 | G19: 0 | H19: 0
A20: =A8 -> . | E20: 0 | F20: 0 | G20: 0 | H20: 0
A21: =A9 -> . | E21: 0 | F21: 0 | G21: 0 | H21: 0
A22: =A10 -> . | E22: 0 | F22: 0 | G22: 0 | H22: 0
A23: =A11 -> . | E23: 0 | F23: 0 | G23: 0 | H23: 0
A24: =A12 -> . | E24: 0 | F24: 0 | G24: 0 | H24: 0
A25: =A13 -> . | E25: 0 | F25: 0 | G25: 0 | H25: 0
A26: =A14 -> . | E26: 0 | F26: 0 | G26: 0 | H26: 0
A27: =A15 -> . | E27: 0 | F27: 0 | G27: 0 | H27: 0
A28: OUTROS PROVEITOS
A39: TOTAL DE OUTROS PROVEITOS | D39: =SUM(D29:D38) -> 0 | E39: =SUM(E29:E38) -> 0 | F39: =SUM(F29:F38) -> 0 | G39: =SUM(G29:G38) -> 0 | H39: =SUM(H29:H38) -> 0

Sheet Justificação Prestação Serv.

Sheet F.S.E. E PROV.
A1: 5.2.6. - Fornecimentos e Serviços Externos
A3: FORNECIMENTOS E SERVIÇOS EXTERNOS | C3: Valor mês | D3: =PRESSUPOSTOS!D8 -> ANO 1 | E3: =PRESSUPOSTOS!E8 -> ANO 2 | F3: =PRESSUPOSTOS!F8 -> ANO 3 | G3: =PRESSUPOSTOS!G8 -> ANO 4 | H3: =PRESSUPOSTOS!H8 -> ANO 5
A6: Subcontratos | C6: 0 | D6: =C6*PRESSUPOSTOS!$D$11 -> 0 | E6: =C6*(1+PRESSUPOSTOS!$E$26)*PRESSUPOSTOS!$E$11 -> 0 | F6: =E6*(1+PRESSUPOSTOS!$F$26) -> 0 | G6: =F6*(1+PRESSUPOSTOS!$G$26) -> 0 | H6: =G6*(1+PRESSUPOSTOS!$H$26) -> 0
A7: Energia e combustíveis | C7: 0 | D7: =C7*PRESSUPOSTOS!$D$11 -> 0 | E7: =C7*(1+PRESSUPOSTOS!$E$26)*PRESSUPOSTOS!$E$11 -> 0 | F7: =E7*(1+PRESSUPOSTOS!$F$26) -> 0 | G7: =F7*(1+PRESSUPOSTOS!$G$26) -> 0 | H7: =G7*(1+PRESSUPOSTOS!$H$26) -> 0
A8: Material de escritório | C8: 0 | D8: =C8*PRESSUPOSTOS!$D$11 -> 0 | E8: =C8*(1+PRESSUPOSTOS!$E$26)*PRESSUPOSTOS!$E$11 -> 0 | F8: =E8*(1+PRESSUPOSTOS!$F$26) -> 0 | G8: =F8*(1+PRESSUPOSTOS!$G$26) -> 0 | H8: =G8*(1+PRESSUPOSTOS!$H$26) -> 0
A9: Rendas e alugueres | C9: 0 | D9: =C9*PRESSUPOSTOS!$D$11 -> 0 | E9: =C9*(1+PRESSUPOSTOS!$E$26)*PRESSUPOSTOS!$E$11 -> 0 | F9: =E9*(1+PRESSUPOSTOS!$F$26) -> 0 | G9: =F9*(1+PRESSUPOSTOS!$G$26) -> 0 | H9: =G9*(1+PRESSUPOSTOS!$H$26) -> 0
A10: Comunicação | C10: 0 | D10: =C10*PRESSUPOSTOS!$D$11 -> 0 | E10: =C10*(1+PRESSUPOSTOS!$E$26)*PRESSUPOSTOS!$E$11 -> 0 | F10: =E10*(1+PRESSUPOSTOS!$F$26) -> 0 | G10: =F10*(1+PRESSUPOSTOS!$G$26) -> 0 | H10: =G10*(1+PRESSUPOSTOS!$H$26) -> 0
A11: Seguros | C11: 0 | D11: =C11*PRESSUPOSTOS!$D$11 -> 0 | E11: =C11*(1+PRESSUPOSTOS!$E$26)*PRESSUPOSTOS!$E$11 -> 0 | F11: =E11*(1+PRESSUPOSTOS!$F$26) -> 0 | G11: =F11*(1+PRESSUPOSTOS!$G$26) -> 0 | H11: =G11*(1+PRESSUPOSTOS!$H$26) -> 0
A12: Transportes (escudos por unidade vendida) | C12: 0 | D12: =C12*PRESSUPOSTOS!$D$11 -> 0 | E12: =C12*(1+PRESSUPOSTOS!$E$26)*PRESSUPOSTOS!$E$11 -> 0 | F12: =E12*(1+PRESSUPOSTOS!$F$26) -> 0 | G12: =F12*(1+PRESSUPOSTOS!$G$26) -> 0 | H12: =G12*(1+PRESSUPOSTOS!$H$26) -> 0
A13: Comissões | C13: 0 | D13: =C13*PRESSUPOSTOS!$D$11 -> 0 | E13: =C13*(1+PRESSUPOSTOS!$E$26)*PRESSUPOSTOS!$E$11 -> 0 | F13: =E13*(1+PRESSUPOSTOS!$F$26) -> 0 | G13: =F13*(1+PRESSUPOSTOS!$G$26) -> 0 | H13: =G13*(1+PRESSUPOSTOS!$H$26) -> 0
A14: Publicidade | C14: 0 | D14: =C14*PRESSUPOSTOS!$D$11 -> 0 | E14: =C14*(1+PRESSUPOSTOS!$E$26)*PRESSUPOSTOS!$E$11 -> 0 | F14: =E14*(1+PRESSUPOSTOS!$F$26) -> 0 | G14: =F14*(1+PRESSUPOSTOS!$G$26) -> 0 | H14: =G14*(1+PRESSUPOSTOS!$H$26) -> 0
A15: Trabalhos especializados | C15: 0 | D15: =C15*PRESSUPOSTOS!$D$11 -> 0 | E15: =C15*(1+PRESSUPOSTOS!$E$26)*PRESSUPOSTOS!$E$11 -> 0 | F15: =E15*(1+PRESSUPOSTOS!$F$26) -> 0 | G15: =F15*(1+PRESSUPOSTOS!$G$26) -> 0 | H15: =G15*(1+PRESSUPOSTOS!$H$26) -> 0
A16: Outros fornecimentos e serviços | C16: 0 | D16: =C16*PRESSUPOSTOS!$D$11 -> 0 | E16: =C16*(1+PRESSUPOSTOS!$E$26)*PRESSUPOSTOS!$E$11 -> 0 | F16: =E16*(1+PRESSUPOSTOS!$F$26) -> 0 | G16: =F16*(1+PRESSUPOSTOS!$G$26) -> 0 | H16: =G16*(1+PRESSUPOSTOS!$H$26) -> 0
A18: TOTAL DE FORN. E SERV. EXTERNOS | D18: =SUM(D6:D16) -> 0 | E18: =SUM(E6:E16) -> 0 | F18: =SUM(F6:F16) -> 0 | G18: =SUM(G6:G16) -> 0 | H18: =SUM(H6:H16) -> 0
A20: PROVISÕES
A22: Para Depreciação de Existências | D22: =PRESSUPOSTOS!D28*BALANÇO!D14 -> 0 | E22: =PRESSUPOSTOS!E28*BALANÇO!E14 -> 0 | F22: =PRESSUPOSTOS!F28*BALANÇO!F14 -> 0 | G22: =PRESSUPOSTOS!G28*BALANÇO!G14 -> 0 | H22: =PRESSUPOSTOS!H28*BALANÇO!H14 -> 0
A23: Para Cobranças Duvidosas | D23: =PRESSUPOSTOS!D29*BALANÇO!D21 -> 0 | E23: =PRESSUPOSTOS!E29*BALANÇO!E21 -> 0 | F23: =PRESSUPOSTOS!F29*BALANÇO!F21 -> 0 | G23: =PRESSUPOSTOS!G29*BALANÇO!G21 -> 0 | H23: =PRESSUPOSTOS!H29*BALANÇO!H21 -> 0
A24: Para Outros Riscos e Encargos | D24: 0 | E24: 0 | F24: 0 | G24: 0 | H24: 0
A26: TOTAL DAS PROVISÕES | D26: =D24+D23+D22 -> 0 | E26: =E24+E23+E22 -> 0 | F26: =F24+F23+F22 -> 0 | G26: =G24+G23+G22 -> 0 | H26: =H24+H23+H22 -> 0

Sheet Justificação FSEe P

Sheet C.C.P.
A1: 5.2.7. - Custos com Pessoal
A3: CUSTOS COM O PESSOAL | D3: =PRESSUPOSTOS!D8 -> ANO 1 | E3: =PRESSUPOSTOS!E8 -> ANO 2 | F3: =PRESSUPOSTOS!F8 -> ANO 3 | G3: =PRESSUPOSTOS!G8 -> ANO 4 | H3: =PRESSUPOSTOS!H8 -> ANO 5
A5: * ENCARGOS SOCIAIS DE CONTA DA EMP.
A6: - Segurança Social ( 23,75 % ) | D6: 0.2 | E6: 0.2 | F6: 0.2 | G6: 0.2 | H6: 0.2
A7: - Seguro de Acidentes de Trabalho ( 2,2 % ) | D7: 0 | E7: =D7 -> 0 | F7: =E7 -> 0 | G7: =F7 -> 0 | H7: =G7 -> 0
A8: - Outros custos ( 0 - 1% ) | D8: 0 | E8: =D8 -> 0 | F8: =E8 -> 0 | G8: =F8 -> 0 | H8: =G8 -> 0
A9: * TX DE CRESCIMENTO REAL DOS SALÁRIOS | D9: 0 | E9: 0 | F9: 0 | G9: 0 | H9: 0
A10: TRABALHADORES POR CATEGORIAS | D10: NUMERO DE PESSOAS EM CADA ANO
D11: 0 | E11: =D11 -> 0 | F11: =E11 -> 0 | G11: =F11 -> 0 | H11: =G11 -> 0
D12: 0 | E12: =D12 -> 0 | F12: =E12 -> 0 | G12: =F12 -> 0 | H12: =G12 -> 0
D13: 0 | E13: =D13 -> 0 | F13: =E13 -> 0 | G13: =F13 -> 0 | H13: =G13 -> 0
D14: 0 | E14: =D14 -> 0 | F14: =E14 -> 0 | G14: =F14 -> 0 | H14: =G14 -> 0
D15: 0 | E15: =D15 -> 0 | F15: =E15 -> 0 | G15: =F15 -> 0 | H15: =G15 -> 0
D16: 0 | E16: =D16 -> 0 | F16: =E16 -> 0 | G16: =F16 -> 0 | H16: =G16 -> 0
D17: 0 | E17: =D17 -> 0 | F17: =E17 -> 0 | G17: =F17 -> 0 | H17: =G17 -> 0
D18: 0 | E18: =D18 -> 0 | F18: =E18 -> 0 | G18: =F18 -> 0 | H18: =G18 -> 0
D19: 0 | E19: =D19 -> 0 | F19: =E19 -> 0 | G19: =F19 -> 0 | H19: =G19 -> 0
D20: 0 | E20: =D20 -> 0 | F20: =E20 -> 0 | G20: =F20 -> 0 | H20: =G20 -> 0
D21: 0 | E21: =D21 -> 0 | F21: =E21 -> 0 | G21: =F21 -> 0 | H21: =G21 -> 0
D22: 0 | E22: =D22 -> 0 | F22: =E22 -> 0 | G22: =F22 -> 0 | H22: =G22 -> 0
D23: 0 | E23: =D23 -> 0 | F23: =E23 -> 0 | G23: =F23 -> 0 | H23: =G23 -> 0
A24: TOTAL | D24: =SUM(D11:D23) -> 0 | E24: =SUM(E11:E23) -> 0 | F24: =SUM(F11:F23) -> 0 | G24: =SUM(G11:G23) -> 0 | H24: =SUM(H11:H23) -> 0
A25: REMUNERAÇÕES | C25: Rem. Mês | D25: CUSTOS ANUAIS COM PESSOAL
A26: =A11 -> 0 | C26: 0 | D26: =$C26*D11*(1+PRESSUPOSTOS!$D$26+C.C.P.!$D$9)*14*PRESSUPOSTOS!$D$11/12 -> 0 | E26: =$C26*E11*(1+PRESSUPOSTOS!$D$26+C.C.P.!$D$9)*(1+PRESSUPOSTOS!$E$26+C.C.P.!$E$9)*14*PRESSUPOSTOS!$E$11/12 -> 0 | F26: =$C26*F11*(1+PRESSUPOSTOS!$D$26+C.C.P.!$D$9)*(1+PRESSUPOSTOS!$E$26+C.C.P.!$E$9)*(1+PRESSUPOSTOS!$F$26+C.C.P.!$F$9)*14*PRESSUPOSTOS!$F$11/12 -> 0 | G26: =$C26*G11*(1+PRESSUPOSTOS!$D$26+C.C.P.!$D$9)*(1+PRESSUPOSTOS!$E$26+C.C.P.!$E$9)*(1+PRESSUPOSTOS!$F$26+C.C.P.!$F$9)*(1+PRESSUPOSTOS!$G$26+C.C.P.!$G$9)*14*PRESSUPOSTOS!$G$11/12 -> 0 | H26: =$C26*H11*(1+PRESSUPOSTOS!$D$26+C.C.P.!$D$9)*(1+PRESSUPOSTOS!$E$26+C.C.P.!$E$9)*(1+PRESSUPOSTOS!$F$26+C.C.P.!$F$9)*(1+PRESSUPOSTOS!$G$26+C.C.P.!$G$9)*(1+PRESSUPOSTOS!$H$26+C.C.P.!$H$9)*14*PRESSUPOSTOS!$H$11/12 -> 0
A27: =A12 -> 0 | C27: 0 | D27: =$C27*D12*(1+PRESSUPOSTOS!$D$26+C.C.P.!$D$9)*14*PRESSUPOSTOS!$D$11/12 -> 0 | E27: =$C27*E12*(1+PRESSUPOSTOS!$D$26+C.C.P.!$D$9)*(1+PRESSUPOSTOS!$E$26+C.C.P.!$E$9)*14*PRESSUPOSTOS!$E$11/12 -> 0 | F27: =$C27*F12*(1+PRESSUPOSTOS!$D$26+C.C.P.!$D$9)*(1+PRESSUPOSTOS!$E$26+C.C.P.!$E$9)*(1+PRESSUPOSTOS!$F$26+C.C.P.!$F$9)*14*PRESSUPOSTOS!$F$11/12 -> 0 | G27: =$C27*G12*(1+PRESSUPOSTOS!$D$26+C.C.P.!$D$9)*(1+PRESSUPOSTOS!$E$26+C.C.P.!$E$9)*(1+PRESSUPOSTOS!$F$26+C.C.P.!$F$9)*(1+PRESSUPOSTOS!$G$26+C.C.P.!$G$9)*14*PRESSUPOSTOS!$G$11/12 -> 0 | H27: =$C27*H12*(1+PRESSUPOSTOS!$D$26+C.C.P.!$D$9)*(1+PRESSUPOSTOS!$E$26+C.C.P.!$E$9)*(1+PRESSUPOSTOS!$F$26+C.C.P.!$F$9)*(1+PRESSUPOSTOS!$G$26+C.C.P.!$G$9)*(1+PRESSUPOSTOS!$H$26+C.C.P.!$H$9)*14*PRESSUPOSTOS!$H$11/12 -> 0
A28: =A13 -> 0 | C28: 0 | D28: =$C28*D13*(1+PRESSUPOSTOS!$D$26+C.C.P.!$D$9)*14*PRESSUPOSTOS!$D$11/12 -> 0 | E28: =$C28*E13*(1+PRESSUPOSTOS!$D$26+C.C.P.!$D$9)*(1+PRESSUPOSTOS!$E$26+C.C.P.!$E$9)*14*PRESSUPOSTOS!$E$11/12 -> 0 | F28: =$C28*F13*(1+PRESSUPOSTOS!$D$26+C.C.P.!$D$9)*(1+PRESSUPOSTOS!$E$26+C.C.P.!$E$9)*(1+PRESSUPOSTOS!$F$26+C.C.P.!$F$9)*14*PRESSUPOSTOS!$F$11/12 -> 0 | G28: =$C28*G13*(1+PRESSUPOSTOS!$D$26+C.C.P.!$D$9)*(1+PRESSUPOSTOS!$E$26+C.C.P.!$E$9)*(1+PRESSUPOSTOS!$F$26+C.C.P.!$F$9)*(1+PRESSUPOSTOS!$G$26+C.C.P.!$G$9)*14*PRESSUPOSTOS!$G$11/12 -> 0 | H28: =$C28*H13*(1+PRESSUPOSTOS!$D$26+C.C.P.!$D$9)*(1+PRESSUPOSTOS!$E$26+C.C.P.!$E$9)*(1+PRESSUPOSTOS!$F$26+C.C.P.!$F$9)*(1+PRESSUPOSTOS!$G$26+C.C.P.!$G$9)*(1+PRESSUPOSTOS!$H$26+C.C.P.!$H$9)*14*PRESSUPOSTOS!$H$11/12 -> 0
A29: =A14 -> 0 | C29: 0 | D29: =$C29*D14*(1+PRESSUPOSTOS!$D$26+C.C.P.!$D$9)*14*PRESSUPOSTOS!$D$11/12 -> 0 | E29: =$C29*E14*(1+PRESSUPOSTOS!$D$26+C.C.P.!$D$9)*(1+PRESSUPOSTOS!$E$26+C.C.P.!$E$9)*14*PRESSUPOSTOS!$E$11/12 -> 0 | F29: =$C29*F14*(1+PRESSUPOSTOS!$D$26+C.C.P.!$D$9)*(1+PRESSUPOSTOS!$E$26+C.C.P.!$E$9)*(1+PRESSUPOSTOS!$F$26+C.C.P.!$F$9)*14*PRESSUPOSTOS!$F$11/12 -> 0 | G29: =$C29*G14*(1+PRESSUPOSTOS!$D$26+C.C.P.!$D$9)*(1+PRESSUPOSTOS!$E$26+C.C.P.!$E$9)*(1+PRESSUPOSTOS!$F$26+C.C.P.!$F$9)*(1+PRESSUPOSTOS!$G$26+C.C.P.!$G$9)*14*PRESSUPOSTOS!$G$11/12 -> 0 | H29: =$C29*H14*(1+PRESSUPOSTOS!$D$26+C.C.P.!$D$9)*(1+PRESSUPOSTOS!$E$26+C.C.P.!$E$9)*(1+PRESSUPOSTOS!$F$26+C.C.P.!$F$9)*(1+PRESSUPOSTOS!$G$26+C.C.P.!$G$9)*(1+PRESSUPOSTOS!$H$26+C.C.P.!$H$9)*14*PRESSUPOSTOS!$H$11/12 -> 0
A30: =A15 -> 0 | C30: 0 | D30: =$C30*D15*(1+PRESSUPOSTOS!$D$26+C.C.P.!$D$9)*14*PRESSUPOSTOS!$D$11/12 -> 0 | E30: =$C30*E15*(1+PRESSUPOSTOS!$D$26+C.C.P.!$D$9)*(1+PRESSUPOSTOS!$E$26+C.C.P.!$E$9)*14*PRESSUPOSTOS!$E$11/12 -> 0 | F30: =$C30*F15*(1+PRESSUPOSTOS!$D$26+C.C.P.!$D$9)*(1+PRESSUPOSTOS!$E$26+C.C.P.!$E$9)*(1+PRESSUPOSTOS!$F$26+C.C.P.!$F$9)*14*PRESSUPOSTOS!$F$11/12 -> 0 | G30: =$C30*G15*(1+PRESSUPOSTOS!$D$26+C.C.P.!$D$9)*(1+PRESSUPOSTOS!$E$26+C.C.P.!$E$9)*(1+PRESSUPOSTOS!$F$26+C.C.P.!$F$9)*(1+PRESSUPOSTOS!$G$26+C.C.P.!$G$9)*14*PRESSUPOSTOS!$G$11/12 -> 0 | H30: =$C30*H15*(1+PRESSUPOSTOS!$D$26+C.C.P.!$D$9)*(1+PRESSUPOSTOS!$E$26+C.C.P.!$E$9)*(1+PRESSUPOSTOS!$F$26+C.C.P.!$F$9)*(1+PRESSUPOSTOS!$G$26+C.C.P.!$G$9)*(1+PRESSUPOSTOS!$H$26+C.C.P.!$H$9)*14*PRESSUPOSTOS!$H$11/12 -> 0
A31: =A16 -> 0 | C31: 0 | D31: =$C31*D16*(1+PRESSUPOSTOS!$D$26+C.C.P.!$D$9)*14*PRESSUPOSTOS!$D$11/12 -> 0 | E31: =$C31*E16*(1+PRESSUPOSTOS!$D$26+C.C.P.!$D$9)*(1+PRESSUPOSTOS!$E$26+C.C.P.!$E$9)*14*PRESSUPOSTOS!$E$11/12 -> 0 | F31: =$C31*F16*(1+PRESSUPOSTOS!$D$26+C.C.P.!$D$9)*(1+PRESSUPOSTOS!$E$26+C.C.P.!$E$9)*(1+PRESSUPOSTOS!$F$26+C.C.P.!$F$9)*14*PRESSUPOSTOS!$F$11/12 -> 0 | G31: =$C31*G16*(1+PRESSUPOSTOS!$D$26+C.C.P.!$D$9)*(1+PRESSUPOSTOS!$E$26+C.C.P.!$E$9)*(1+PRESSUPOSTOS!$F$26+C.C.P.!$F$9)*(1+PRESSUPOSTOS!$G$26+C.C.P.!$G$9)*14*PRESSUPOSTOS!$G$11/12 -> 0 | H31: =$C31*H16*(1+PRESSUPOSTOS!$D$26+C.C.P.!$D$9)*(1+PRESSUPOSTOS!$E$26+C.C.P.!$E$9)*(1+PRESSUPOSTOS!$F$26+C.C.P.!$F$9)*(1+PRESSUPOSTOS!$G$26+C.C.P.!$G$9)*(1+PRESSUPOSTOS!$H$26+C.C.P.!$H$9)*14*PRESSUPOSTOS!$H$11/12 -> 0
A32: =A17 -> 0 | C32: 0 | D32: =$C32*D17*(1+PRESSUPOSTOS!$D$26+C.C.P.!$D$9)*14*PRESSUPOSTOS!$D$11/12 -> 0 | E32: =$C32*E17*(1+PRESSUPOSTOS!$D$26+C.C.P.!$D$9)*(1+PRESSUPOSTOS!$E$26+C.C.P.!$E$9)*14*PRESSUPOSTOS!$E$11/12 -> 0 | F32: =$C32*F17*(1+PRESSUPOSTOS!$D$26+C.C.P.!$D$9)*(1+PRESSUPOSTOS!$E$26+C.C.P.!$E$9)*(1+PRESSUPOSTOS!$F$26+C.C.P.!$F$9)*14*PRESSUPOSTOS!$F$11/12 -> 0 | G32: =$C32*G17*(1+PRESSUPOSTOS!$D$26+C.C.P.!$D$9)*(1+PRESSUPOSTOS!$E$26+C.C.P.!$E$9)*(1+PRESSUPOSTOS!$F$26+C.C.P.!$F$9)*(1+PRESSUPOSTOS!$G$26+C.C.P.!$G$9)*14*PRESSUPOSTOS!$G$11/12 -> 0 | H32: =$C32*H17*(1+PRESSUPOSTOS!$D$26+C.C.P.!$D$9)*(1+PRESSUPOSTOS!$E$26+C.C.P.!$E$9)*(1+PRESSUPOSTOS!$F$26+C.C.P.!$F$9)*(1+PRESSUPOSTOS!$G$26+C.C.P.!$G$9)*(1+PRESSUPOSTOS!$H$26+C.C.P.!$H$9)*14*PRESSUPOSTOS!$H$11/12 -> 0
A33: =A18 -> 0 | C33: 0 | D33: =$C33*D18*(1+PRESSUPOSTOS!$D$26+C.C.P.!$D$9)*14*PRESSUPOSTOS!$D$11/12 -> 0 | E33: =$C33*E18*(1+PRESSUPOSTOS!$D$26+C.C.P.!$D$9)*(1+PRESSUPOSTOS!$E$26+C.C.P.!$E$9)*14*PRESSUPOSTOS!$E$11/12 -> 0 | F33: =$C33*F18*(1+PRESSUPOSTOS!$D$26+C.C.P.!$D$9)*(1+PRESSUPOSTOS!$E$26+C.C.P.!$E$9)*(1+PRESSUPOSTOS!$F$26+C.C.P.!$F$9)*14*PRESSUPOSTOS!$F$11/12 -> 0 | G33: =$C33*G18*(1+PRESSUPOSTOS!$D$26+C.C.P.!$D$9)*(1+PRESSUPOSTOS!$E$26+C.C.P.!$E$9)*(1+PRESSUPOSTOS!$F$26+C.C.P.!$F$9)*(1+PRESSUPOSTOS!$G$26+C.C.P.!$G$9)*14*PRESSUPOSTOS!$G$11/12 -> 0 | H33: =$C33*H18*(1+PRESSUPOSTOS!$D$26+C.C.P.!$D$9)*(1+PRESSUPOSTOS!$E$26+C.C.P.!$E$9)*(1+PRESSUPOSTOS!$F$26+C.C.P.!$F$9)*(1+PRESSUPOSTOS!$G$26+C.C.P.!$G$9)*(1+PRESSUPOSTOS!$H$26+C.C.P.!$H$9)*14*PRESSUPOSTOS!$H$11/12 -> 0
A34: =A19 -> 0 | C34: 0 | D34: =$C34*D19*(1+PRESSUPOSTOS!$D$26+C.C.P.!$D$9)*14*PRESSUPOSTOS!$D$11/12 -> 0 | E34: =$C34*E19*(1+PRESSUPOSTOS!$D$26+C.C.P.!$D$9)*(1+PRESSUPOSTOS!$E$26+C.C.P.!$E$9)*14*PRESSUPOSTOS!$E$11/12 -> 0 | F34: =$C34*F19*(1+PRESSUPOSTOS!$D$26+C.C.P.!$D$9)*(1+PRESSUPOSTOS!$E$26+C.C.P.!$E$9)*(1+PRESSUPOSTOS!$F$26+C.C.P.!$F$9)*14*PRESSUPOSTOS!$F$11/12 -> 0 | G34: =$C34*G19*(1+PRESSUPOSTOS!$D$26+C.C.P.!$D$9)*(1+PRESSUPOSTOS!$E$26+C.C.P.!$E$9)*(1+PRESSUPOSTOS!$F$26+C.C.P.!$F$9)*(1+PRESSUPOSTOS!$G$26+C.C.P.!$G$9)*14*PRESSUPOSTOS!$G$11/12 -> 0 | H34: =$C34*H19*(1+PRESSUPOSTOS!$D$26+C.C.P.!$D$9)*(1+PRESSUPOSTOS!$E$26+C.C.P.!$E$9)*(1+PRESSUPOSTOS!$F$26+C.C.P.!$F$9)*(1+PRESSUPOSTOS!$G$26+C.C.P.!$G$9)*(1+PRESSUPOSTOS!$H$26+C.C.P.!$H$9)*14*PRESSUPOSTOS!$H$11/12 -> 0
A35: =A20 -> 0 | C35: 0 | D35: =$C35*D20*(1+PRESSUPOSTOS!$D$26+C.C.P.!$D$9)*14*PRESSUPOSTOS!$D$11/12 -> 0 | E35: =$C35*E20*(1+PRESSUPOSTOS!$D$26+C.C.P.!$D$9)*(1+PRESSUPOSTOS!$E$26+C.C.P.!$E$9)*14*PRESSUPOSTOS!$E$11/12 -> 0 | F35: =$C35*F20*(1+PRESSUPOSTOS!$D$26+C.C.P.!$D$9)*(1+PRESSUPOSTOS!$E$26+C.C.P.!$E$9)*(1+PRESSUPOSTOS!$F$26+C.C.P.!$F$9)*14*PRESSUPOSTOS!$F$11/12 -> 0 | G35: =$C35*G20*(1+PRESSUPOSTOS!$D$26+C.C.P.!$D$9)*(1+PRESSUPOSTOS!$E$26+C.C.P.!$E$9)*(1+PRESSUPOSTOS!$F$26+C.C.P.!$F$9)*(1+PRESSUPOSTOS!$G$26+C.C.P.!$G$9)*14*PRESSUPOSTOS!$G$11/12 -> 0 | H35: =$C35*H20*(1+PRESSUPOSTOS!$D$26+C.C.P.!$D$9)*(1+PRESSUPOSTOS!$E$26+C.C.P.!$E$9)*(1+PRESSUPOSTOS!$F$26+C.C.P.!$F$9)*(1+PRESSUPOSTOS!$G$26+C.C.P.!$G$9)*(1+PRESSUPOSTOS!$H$26+C.C.P.!$H$9)*14*PRESSUPOSTOS!$H$11/12 -> 0
A36: =A21 -> 0 | C36: 0 | D36: =$C36*D21*(1+PRESSUPOSTOS!$D$26+C.C.P.!$D$9)*14*PRESSUPOSTOS!$D$11/12 -> 0 | E36: =$C36*E21*(1+PRESSUPOSTOS!$D$26+C.C.P.!$D$9)*(1+PRESSUPOSTOS!$E$26+C.C.P.!$E$9)*14*PRESSUPOSTOS!$E$11/12 -> 0 | F36: =$C36*F21*(1+PRESSUPOSTOS!$D$26+C.C.P.!$D$9)*(1+PRESSUPOSTOS!$E$26+C.C.P.!$E$9)*(1+PRESSUPOSTOS!$F$26+C.C.P.!$F$9)*14*PRESSUPOSTOS!$F$11/12 -> 0 | G36: =$C36*G21*(1+PRESSUPOSTOS!$D$26+C.C.P.!$D$9)*(1+PRESSUPOSTOS!$E$26+C.C.P.!$E$9)*(1+PRESSUPOSTOS!$F$26+C.C.P.!$F$9)*(1+PRESSUPOSTOS!$G$26+C.C.P.!$G$9)*14*PRESSUPOSTOS!$G$11/12 -> 0 | H36: =$C36*H21*(1+PRESSUPOSTOS!$D$26+C.C.P.!$D$9)*(1+PRESSUPOSTOS!$E$26+C.C.P.!$E$9)*(1+PRESSUPOSTOS!$F$26+C.C.P.!$F$9)*(1+PRESSUPOSTOS!$G$26+C.C.P.!$G$9)*(1+PRESSUPOSTOS!$H$26+C.C.P.!$H$9)*14*PRESSUPOSTOS!$H$11/12 -> 0
A37: =A22 -> 0 | C37: 0 | D37: =$C37*D22*(1+PRESSUPOSTOS!$D$26+C.C.P.!$D$9)*14*PRESSUPOSTOS!$D$11/12 -> 0 | E37: =$C37*E22*(1+PRESSUPOSTOS!$D$26+C.C.P.!$D$9)*(1+PRESSUPOSTOS!$E$26+C.C.P.!$E$9)*14*PRESSUPOSTOS!$E$11/12 -> 0 | F37: =$C37*F22*(1+PRESSUPOSTOS!$D$26+C.C.P.!$D$9)*(1+PRESSUPOSTOS!$E$26+C.C.P.!$E$9)*(1+PRESSUPOSTOS!$F$26+C.C.P.!$F$9)*14*PRESSUPOSTOS!$F$11/12 -> 0 | G37: =$C37*G22*(1+PRESSUPOSTOS!$D$26+C.C.P.!$D$9)*(1+PRESSUPOSTOS!$E$26+C.C.P.!$E$9)*(1+PRESSUPOSTOS!$F$26+C.C.P.!$F$9)*(1+PRESSUPOSTOS!$G$26+C.C.P.!$G$9)*14*PRESSUPOSTOS!$G$11/12 -> 0 | H37: =$C37*H22*(1+PRESSUPOSTOS!$D$26+C.C.P.!$D$9)*(1+PRESSUPOSTOS!$E$26+C.C.P.!$E$9)*(1+PRESSUPOSTOS!$F$26+C.C.P.!$F$9)*(1+PRESSUPOSTOS!$G$26+C.C.P.!$G$9)*(1+PRESSUPOSTOS!$H$26+C.C.P.!$H$9)*14*PRESSUPOSTOS!$H$11/12 -> 0
A38: =A23 -> 0 | C38: 0 | D38: =$C38*D23*(1+PRESSUPOSTOS!$D$26+C.C.P.!$D$9)*14*PRESSUPOSTOS!$D$11/12 -> 0 | E38: =$C38*E23*(1+PRESSUPOSTOS!$D$26+C.C.P.!$D$9)*(1+PRESSUPOSTOS!$E$26+C.C.P.!$E$9)*14*PRESSUPOSTOS!$E$11/12 -> 0 | F38: =$C38*F23*(1+PRESSUPOSTOS!$D$26+C.C.P.!$D$9)*(1+PRESSUPOSTOS!$E$26+C.C.P.!$E$9)*(1+PRESSUPOSTOS!$F$26+C.C.P.!$F$9)*14*PRESSUPOSTOS!$F$11/12 -> 0 | G38: =$C38*G23*(1+PRESSUPOSTOS!$D$26+C.C.P.!$D$9)*(1+PRESSUPOSTOS!$E$26+C.C.P.!$E$9)*(1+PRESSUPOSTOS!$F$26+C.C.P.!$F$9)*(1+PRESSUPOSTOS!$G$26+C.C.P.!$G$9)*14*PRESSUPOSTOS!$G$11/12 -> 0 | H38: =$C38*H23*(1+PRESSUPOSTOS!$D$26+C.C.P.!$D$9)*(1+PRESSUPOSTOS!$E$26+C.C.P.!$E$9)*(1+PRESSUPOSTOS!$F$26+C.C.P.!$F$9)*(1+PRESSUPOSTOS!$G$26+C.C.P.!$G$9)*(1+PRESSUPOSTOS!$H$26+C.C.P.!$H$9)*14*PRESSUPOSTOS!$H$11/12 -> 0
A39: TOTAL DOS CUSTOS C/ PESSOAL C/ ENC. | D39: =SUM(D26:D38)*(1+C.C.P.!D6+C.C.P.!D7) -> 0 | E39: =SUM(E26:E38)*(1+C.C.P.!E6+C.C.P.!E7) -> 0 | F39: =SUM(F26:F38)*(1+C.C.P.!F6+C.C.P.!F7) -> 0 | G39: =SUM(G26:G38)*(1+C.C.P.!G6+C.C.P.!G7) -> 0 | H39: =SUM(H26:H38)*(1+C.C.P.!H6+C.C.P.!H7) -> 0
A41: OUTROS CUSTOS | D41: =D39*C.C.P.!D8 -> 0 | E41: =E39*C.C.P.!E8 -> 0 | F41: =F39*C.C.P.!F8 -> 0 | G41: =G39*C.C.P.!G8 -> 0 | H41: =H39*C.C.P.!H8 -> 0
A42: TOTAL | D42: =D39+D41 -> 0 | E42: =E39+E41 -> 0 | F42: =F39+F41 -> 0 | G42: =G39+G41 -> 0 | H42: =H39+H41 -> 0

Sheet Justificação Custos Pessoal

Sheet DESC.INVEST.
A1: 5.3 - Plano de Investimento
A2: 5.3.1 - Descrição do Investimento
A3: DESCRIÇÃO DO INVESTIMENTO
A5: NR.ORDEM | B5: RÚBRICAS DE INVESTIMENTO | C5: VALOR
A6: 1
A7: =A6+1 -> 2
A8: =A7+1 -> 3
A9: =A8+1 -> 4
A10: =A9+1 -> 5
A11: =A10+1 -> 6
A12: =A11+1 -> 7
A13: =A12+1 -> 8
A14: =A13+1 -> 9
A15: =A14+1 -> 10
A16: =A15+1 -> 11
A17: =A16+1 -> 12
A18: =A17+1 -> 13
... A35: =A34+1 -> 30
A36: TOTAL DO INVESTIMENTO | C36: =SUM(C6:C35) -> 0

Sheet Justificação  do Investimento

Sheet PLANO INV.
A1: 5.3.2 - Investimento
A3: INVESTIMENTO | D3: =PRESSUPOSTOS!D8 -> ANO 1 | E3: =PRESSUPOSTOS!E8 -> ANO 2 | F3: =PRESSUPOSTOS!F8 -> ANO 3 | G3: =PRESSUPOSTOS!G8 -> ANO 4 | H3: =PRESSUPOSTOS!H8 -> ANO 5
A6: 1 .IMOBILIZADO INCORPÓREO
A7: Estudos e projectos | D7: 0 | E7: 0
A8: Assistência técnica | D8: 0 | E8: 0
A9: Outras Imobilizações Incorpóreas | D9: 0 | E9: 0
A10: TOTAL 1 | D10: =SUM(D7:D9) -> 0 | E10: =SUM(E7:E9) -> 0
A11: 2 . IMOBILIZADO CORPÓREO
A12: Terrenos e Recursos Naturais | D12: 0 | E12: 0
A13: Infra-estruturas | D13: 0 | E13: 0
A14: Adaptação e/ou ampliação de instalações | D14: 0 | E14: 0
A15: Equipamento | D15: 0 | E15: 0
A16: Equipamento de Armazenagem | D16: 0 | E16: 0
A17: Equipamento de Laboratório e Ambiente | D17: 0 | E17: 0
A18: Equipamento de Informática | D18: 0 | E18: 0
A19: Equipamento Auxiliares e Administrativos | D19: 0 | E19: 0
A20: Viaturas | D20: 0 | E20: 0
A21: Outras Imobilizações Corpóreas | D21: 0 | E21: 0
A22: TOTAL 2 | D22: =SUM(D11:D21) -> 0 | E22: =SUM(E11:E21) -> 0
A23: TOTAL 1+2 | D23: =D22+D10 -> 0 | E23: =E22+E10 -> 0
A25: 5.3.4 - Investimento Total
A27: INVESTIMENTO TOTAL | D27: =D3 -> ANO 1 | E27: =E3 -> ANO 2 | F27: =F3 -> ANO 3 | G27: =G3 -> ANO 4 | H27: =H3 -> ANO 5
A29: - IMOBILIZADO INCORPÓREO | C29: =C10*(1+ESTADO!D11) -> 0 | D29: =D10 -> 0 | E29: =E10 -> 0 | F29: =F10*(1+ESTADO!F11) -> 0 | G29: =G10*(1+ESTADO!G11) -> 0 | H29: =H10*(1+ESTADO!H11) -> 0
A30: - IMOBILIZADO CORPÓREO | C30: =C22*(1+ESTADO!D11) -> 0 | D30: =D22 -> 0 | E30: =E22 -> 0 | F30: =F22*(1+ESTADO!F11) -> 0 | G30: =G22*(1+ESTADO!G11) -> 0 | H30: =H22*(1+ESTADO!H11) -> 0
A31: - FUNDO DE MANEIO | C31: ='INV. FUNDO DE MANEIO'!C24 -> 0 | D31: ='INV. FUNDO DE MANEIO'!D24 -> 0 | E31: ='INV. FUNDO DE MANEIO'!E24 -> 0 | F31: ='INV. FUNDO DE MANEIO'!F24 -> 0 | G31: ='INV. FUNDO DE MANEIO'!G24 -> 0 | H31: ='INV. FUNDO DE MANEIO'!H24 -> 0
A32: TOTAL | C32: =C30+C29 -> 0 | D32: =D30+D29+D31 -> 0 | E32: =E30+E29+E31 -> 0 | F32: =F30+F29+F31 -> 0 | G32: =G30+G29+G31 -> 0 | H32: =H30+H29+H31 -> 0
A34: 5.3.5 - Investimento a Amortizar e Cálculo das Amortizações
A36: INVESTIMENTO A AMORTIZAR | D36: =PRESSUPOSTOS!D8 -> ANO 1 | E36: =PRESSUPOSTOS!E8 -> ANO 2 | F36: =PRESSUPOSTOS!F8 -> ANO 3 | G36: =PRESSUPOSTOS!G8 -> ANO 4 | H36: =PRESSUPOSTOS!H8 -> ANO 5
A38: =A6 -> 1 .IMOBILIZADO INCORPÓREO
A39: =A7 -> Estudos e projectos | D39: =IF(COUNTA(D$36)>$K61,0,C7+D7) -> 0 | E39: =IF(COUNTA(D$36:E$36)>$K61,0,C7+D7)+IF(COUNTA(E$36)>$K61,0,E7) -> 0 | F39: =IF(COUNTA(D$36:F$36)>$K61,0,C7+D7)+IF(COUNTA(E$36:F$36)>$K61,0,E7)+IF(COUNTA(F$36)>$K61,0,F7) -> 0 | G39: =IF(COUNTA(D$36:G$36)>$K61,0,C7+D7)+IF(COUNTA(E$36:G$36)>$K61,0,E7)+IF(COUNTA(F$36:G$36)>$K61,0,F7)+IF(COUNTA(G$36)>$K61,0,G7) -> 0 | H39: =IF(COUNTA(D$36:H$36)>$K61,0,C7+D7)+IF(COUNTA(E$36:H$36)>$K61,0,E7)+IF(COUNTA(F$36:H$36)>$K61,0,F7)+IF(COUNTA(G$36:H$36)>$K61,0,G7)+IF(COUNTA(H$36)>$K61,0,H7) -> 0
A40: =A8 -> Assistência técnica | D40: =IF(COUNTA(D$36)>$K62,0,C8+D8) -> 0 | E40: =IF(COUNTA(D$36:E$36)>$K62,0,C8+D8)+IF(COUNTA(E$36)>$K62,0,E8) -> 0 | F40: =IF(COUNTA(D$36:F$36)>$K62,0,C8+D8)+IF(COUNTA(E$36:F$36)>$K62,0,E8)+IF(COUNTA(F$36)>$K62,0,F8) -> 0 | G40: =IF(COUNTA(D$36:G$36)>$K62,0,C8+D8)+IF(COUNTA(E$36:G$36)>$K62,0,E8)+IF(COUNTA(F$36:G$36)>$K62,0,F8)+IF(COUNTA(G$36)>$K62,0,G8) -> 0 | H40: =IF(COUNTA(D$36:H$36)>$K62,0,C8+D8)+IF(COUNTA(E$36:H$36)>$K62,0,E8)+IF(COUNTA(F$36:H$36)>$K62,0,F8)+IF(COUNTA(G$36:H$36)>$K62,0,G8)+IF(COUNTA(H$36)>$K62,0,H8) -> 0
A41: =A9 -> Outras Imobilizações Incorpóreas | D41: =IF(COUNTA(D$36)>$K63,0,C9+D9) -> 0 | E41: =IF(COUNTA(D$36:E$36)>$K63,0,C9+D9)+IF(COUNTA(E$36)>$K63,0,E9) -> 0 | F41: =IF(COUNTA(D$36:F$36)>$K63,0,C9+D9)+IF(COUNTA(E$36:F$36)>$K63,0,E9)+IF(COUNTA(F$36)>$K63,0,F9) -> 0 | G41: =IF(COUNTA(D$36:G$36)>$K63,0,C9+D9)+IF(COUNTA(E$36:G$36)>$K63,0,E9)+IF(COUNTA(F$36:G$36)>$K63,F9)+IF(COUNTA(G$36)>$K63,0,G9) -> 0 | H41: =IF(COUNTA(D$36:H$36)>$K63,0,C9+D9)+IF(COUNTA(E$36:H$36)>$K63,0,E9)+IF(COUNTA(F$36:H$36)>$K63,0,F9)+IF(COUNTA(G$36:H$36)>$K63,0,G9)+IF(COUNTA(H$36)>$K63,0,H9) -> 0
A42: TOTAL 1 | D42: =SUM(D39:D41) -> 0 | E42: =SUM(E39:E41) -> 0 | F42: =SUM(F39:F41) -> 0 | G42: =SUM(G39:G41) -> 0 | H42: =SUM(H39:H41) -> 0
A43: =A11 -> 2 . IMOBILIZADO CORPÓREO
A44: =A12 -> Terrenos e Recursos Naturais | D44: =IF(COUNTA(D$36)>$K66,0,C12+D12) -> 0 | E44: =IF(COUNTA(D$36:E$36)>$K66,0,C12+D12)+IF(COUNTA(E$36)>$K66,0,E12) -> 0 | F44: =IF(COUNTA(D$36:F$36)>$K66,0,C12+D12)+IF(COUNTA(E$36:F$36)>$K66,0,E12)+IF(COUNTA(F$36)>$K66,0,F12) -> 0 | G44: =IF(COUNTA(D$36:G$36)>$K66,0,C12+D12)+IF(COUNTA(E$36:G$36)>$K66,0,E12)+IF(COUNTA(F$36:G$36)>$K66,0,F12)+IF(COUNTA(G$36)>$K66,0,G12) -> 0 | H44: =IF(COUNTA(D$36:H$36)>$K66,0,C12+D12)+IF(COUNTA(E$36:H$36)>$K66,0,E12)+IF(COUNTA(F$36:H$36)>$K66,0,F12)+IF(COUNTA(G$36:H$36)>$K66,0,G12)+IF(COUNTA(H$36)>$K66,0,H12) -> 0
A45: =A13 -> Infra-estruturas | D45: =IF(COUNTA(D$36)>$K67,0,C13+D13) -> 0 | E45: =IF(COUNTA(D$36:E$36)>$K67,0,C13+D13)+IF(COUNTA(E$36)>$K67,0,E13) -> 0 | F45: =IF(COUNTA(D$36:F$36)>$K67,0,C13+D13)+IF(COUNTA(E$36:F$36)>$K67,0,E13)+IF(COUNTA(F$36)>$K67,0,F13) -> 0 | G45: =IF(COUNTA(D$36:G$36)>$K67,0,C13+D13)+IF(COUNTA(E$36:G$36)>$K67,0,E13)+IF(COUNTA(F$36:G$36)>$K67,0,F13)+IF(COUNTA(G$36)>$K67,0,G13) -> 0 | H45: =IF(COUNTA(D$36:H$36)>$K67,0,C13+D13)+IF(COUNTA(E$36:H$36)>$K67,0,E13)+IF(COUNTA(F$36:H$36)>$K67,0,F13)+IF(COUNTA(G$36:H$36)>$K67,0,G13)+IF(COUNTA(H$36)>$K67,0,H13) -> 0
A46: =A14 -> Adaptação e/ou ampliação de instalações | D46: =IF(COUNTA(D$36)>$K68,0,C14+D14) -> 0 | E46: =IF(COUNTA(D$36:E$36)>$K68,0,C14+D14)+IF(COUNTA(E$36)>$K68,0,E14) -> 0 | F46: =IF(COUNTA(D$36:F$36)>$K68,0,C14+D14)+IF(COUNTA(E$36:F$36)>$K68,0,E14)+IF(COUNTA(F$36)>$K68,0,F14) -> 0 | G46: =IF(COUNTA(D$36:G$36)>$K68,0,C14+D14)+IF(COUNTA(E$36:G$36)>$K68,0,E14)+IF(COUNTA(F$36:G$36)>$K68,0,F14)+IF(COUNTA(G$36)>$K68,0,G14) -> 0 | H46: =IF(COUNTA(D$36:H$36)>$K68,0,C14+D14)+IF(COUNTA(E$36:H$36)>$K68,0,E14)+IF(COUNTA(F$36:H$36)>$K68,0,F14)+IF(COUNTA(G$36:H$36)>$K68,0,G14)+IF(COUNTA(H$36)>$K68,0,H14) -> 0
A47: =A15 -> Equipamento | D47: =IF(COUNTA(D$36)>$K69,0,C15+D15) -> 0 | E47: =IF(COUNTA(D$36:E$36)>$K69,0,C15+D15)+IF(COUNTA(E$36)>$K69,0,E15) -> 0 | F47: =IF(COUNTA(D$36:F$36)>$K69,0,C15+D15)+IF(COUNTA(E$36:F$36)>$K69,0,E15)+IF(COUNTA(F$36)>$K69,0,F15) -> 0 | G47: =IF(COUNTA(D$36:G$36)>$K69,0,C15+D15)+IF(COUNTA(E$36:G$36)>$K69,0,E15)+IF(COUNTA(F$36:G$36)>$K69,0,F15)+IF(COUNTA(G$36)>$K69,0,G15) -> 0 | H47: =IF(COUNTA(D$36:H$36)>$K69,0,C15+D15)+IF(COUNTA(E$36:H$36)>$K69,0,E15)+IF(COUNTA(F$36:H$36)>$K69,0,F15)+IF(COUNTA(G$36:H$36)>$K69,0,G15)+IF(COUNTA(H$36)>$K69,0,H15) -> 0
A48: =A16 -> Equipamento de Armazenagem | D48: =IF(COUNTA(D$36)>$K70,0,C16+D16) -> 0 | E48: =IF(COUNTA(D$36:E$36)>$K70,0,C16+D16)+IF(COUNTA(E$36)>$K70,0,E16) -> 0 | F48: =IF(COUNTA(D$36:F$36)>$K70,0,C16+D16)+IF(COUNTA(E$36:F$36)>$K70,0,E16)+IF(COUNTA(F$36)>$K70,0,F16) -> 0 | G48: =IF(COUNTA(D$36:G$36)>$K70,0,C16+D16)+IF(COUNTA(E$36:G$36)>$K70,0,E16)+IF(COUNTA(F$36:G$36)>$K70,0,F16)+IF(COUNTA(G$36)>$K70,0,G16) -> 0 | H48: =IF(COUNTA(D$36:H$36)>$K70,0,C16+D16)+IF(COUNTA(E$36:H$36)>$K70,0,E16)+IF(COUNTA(F$36:H$36)>$K70,0,F16)+IF(COUNTA(G$36:H$36)>$K70,0,G16)+IF(COUNTA(H$36)>$K70,0,H16) -> 0
A49: =A17 -> Equipamento de Laboratório e Ambiente | D49: =IF(COUNTA(D$36)>$K71,0,C17+D17) -> 0 | E49: =IF(COUNTA(D$36:E$36)>$K71,0,C17+D17)+IF(COUNTA(E$36)>$K71,0,E17) -> 0 | F49: =IF(COUNTA(D$36:F$36)>$K71,0,C17+D17)+IF(COUNTA(E$36:F$36)>$K71,0,E17)+IF(COUNTA(F$36)>$K71,0,F17) -> 0 | G49: =IF(COUNTA(D$36:G$36)>$K71,0,C17+D17)+IF(COUNTA(E$36:G$36)>$K71,0,E17)+IF(COUNTA(F$36:G$36)>$K71,0,F17)+IF(COUNTA(G$36)>$K71,0,G17) -> 0 | H49: =IF(COUNTA(D$36:H$36)>$K71,0,C17+D17)+IF(COUNTA(E$36:H$36)>$K71,0,E17)+IF(COUNTA(F$36:H$36)>$K71,0,F17)+IF(COUNTA(G$36:H$36)>$K71,0,G17)+IF(COUNTA(H$36)>$K71,0,H17) -> 0
A50: =A18 -> Equipamento de Informática | D50: =IF(COUNTA(D$36)>$K72,0,C18+D18) -> 0 | E50: =IF(COUNTA(D$36:E$36)>$K72,0,C18+D18)+IF(COUNTA(E$36)>$K72,0,E18) -> 0 | F50: =IF(COUNTA(D$36:F$36)>$K72,0,C18+D18)+IF(COUNTA(E$36:F$36)>$K72,0,E18)+IF(COUNTA(F$36)>$K72,0,F18) -> 0 | G50: =IF(COUNTA(D$36:G$36)>$K72,0,C18+D18)+IF(COUNTA(E$36:G$36)>$K72,0,E18)+IF(COUNTA(F$36:G$36)>$K72,0,F18)+IF(COUNTA(G$36)>$K72,0,G18) -> 0 | H50: =IF(COUNTA(D$36:H$36)>$K72,0,C18+D18)+IF(COUNTA(E$36:H$36)>$K72,0,E18)+IF(COUNTA(F$36:H$36)>$K72,0,F18)+IF(COUNTA(G$36:H$36)>$K72,0,G18)+IF(COUNTA(H$36)>$K72,0,H18) -> 0
A51: =A19 -> Equipamento Auxiliares e Administrativos | D51: =IF(COUNTA(D$36)>$K73,0,C19+D19) -> 0 | E51: =IF(COUNTA(D$36:E$36)>$K73,0,C19+D19)+IF(COUNTA(E$36)>$K73,0,E19) -> 0 | F51: =IF(COUNTA(D$36:F$36)>$K73,0,C19+D19)+IF(COUNTA(E$36:F$36)>$K73,0,E19)+IF(COUNTA(F$36)>$K73,0,F19) -> 0 | G51: =IF(COUNTA(D$36:G$36)>$K73,0,C19+D19)+IF(COUNTA(E$36:G$36)>$K73,0,E19)+IF(COUNTA(F$36:G$36)>$K73,0,F19)+IF(COUNTA(G$36)>$K73,0,G19) -> 0 | H51: =IF(COUNTA(D$36:H$36)>$K73,0,C19+D19)+IF(COUNTA(E$36:H$36)>$K73,0,E19)+IF(COUNTA(F$36:H$36)>$K73,0,F19)+IF(COUNTA(G$36:H$36)>$K73,0,G19)+IF(COUNTA(H$36)>$K73,0,H19) -> 0
A52: =A20 -> Viaturas | D52: =IF(COUNTA(D$36)>$K74,0,C20+D20) -> 0 | E52: =IF(COUNTA(D$36:E$36)>$K74,0,C20+D20)+IF(COUNTA(E$36)>$K74,0,E20) -> 0 | F52: =IF(COUNTA(D$36:F$36)>$K74,0,C20+D20)+IF(COUNTA(E$36:F$36)>$K74,0,E20)+IF(COUNTA(F$36)>$K74,0,F20) -> 0 | G52: =IF(COUNTA(D$36:G$36)>$K74,0,C20+D20)+IF(COUNTA(E$36:G$36)>$K74,0,E20)+IF(COUNTA(F$36:G$36)>$K74,0,F20)+IF(COUNTA(G$36)>$K74,0,G20) -> 0 | H52: =IF(COUNTA(D$36:H$36)>$K74,0,C20+D20)+IF(COUNTA(E$36:H$36)>$K74,0,E20)+IF(COUNTA(F$36:H$36)>$K74,0,F20)+IF(COUNTA(G$36:H$36)>$K74,0,G20)+IF(COUNTA(H$36)>$K74,0,H20) -> 0
A53: =A21 -> Outras Imobilizações Corpóreas | D53: =IF(COUNTA(D$36)>$K75,0,C21+D21) -> 0 | E53: =IF(COUNTA(D$36:E$36)>$K75,0,C21+D21)+IF(COUNTA(E$36)>$K75,0,E21) -> 0 | F53: =IF(COUNTA(D$36:F$36)>$K75,0,C21+D21)+IF(COUNTA(E$36:F$36)>$K75,0,E21)+IF(COUNTA(F$36)>$K75,0,F21) -> 0 | G53: =IF(COUNTA(D$36:G$36)>$K75,0,C21+D21)+IF(COUNTA(E$36:G$36)>$K75,0,E21)+IF(COUNTA(F$36:G$36)>$K75,0,F21)+IF(COUNTA(G$36)>$K75,0,G21) -> 0 | H53: =IF(COUNTA(D$36:H$36)>$K75,0,C21+D21)+IF(COUNTA(E$36:H$36)>$K75,0,E21)+IF(COUNTA(F$36:H$36)>$K75,0,F21)+IF(COUNTA(G$36:H$36)>$K75,0,G21)+IF(COUNTA(H$36)>$K75,0,H21) -> 0
A54: TOTAL 2 | D54: =SUM(D44:D53) -> 0 | E54: =SUM(E44:E53) -> 0 | F54: =SUM(F44:F53) -> 0 | G54: =SUM(G44:G53) -> 0 | H54: =SUM(H44:H53) -> 0
A55: TOTAL 1+2 | D55: =D54+D42 -> 0 | E55: =E54+E42 -> 0 | F55: =F54+F42 -> 0 | G55: =G54+G42 -> 0 | H55: =H54+H42 -> 0
A58: AMORTIZAÇÕES | D58: =PRESSUPOSTOS!D8 -> ANO 1 | E58: =PRESSUPOSTOS!E8 -> ANO 2 | F58: =PRESSUPOSTOS!F8 -> ANO 3 | G58: =PRESSUPOSTOS!G8 -> ANO 4 | H58: =PRESSUPOSTOS!H8 -> ANO 5 | J58: AMORTIZ. | K58: ÚTIL
A60: =A38 -> 1 .IMOBILIZADO INCORPÓREO
A61: =A7 -> Estudos e projectos | D61: =$J61*D39*PRESSUPOSTOS!D$11/12+IF(D39=0,IF(C39-SUM(C61)>0,C39-SUM(C61),0),0) -> 0 | E61: =$J61*E39*PRESSUPOSTOS!E$11/12+IF(E39=0,IF(D39-SUM($C$61:D61)>0,D39-SUM($C$61:D61),0),0) -> 0 | F61: =$J61*F39*PRESSUPOSTOS!F$11/12+IF(F39=0,IF(E39-SUM($C$61:E61)>0,E39-SUM($C$61:E61),0),0) -> 0 | G61: =$J61*G39*PRESSUPOSTOS!G$11/12+IF(G39=0,IF(F39-SUM($C$61:F61)>0,F39-SUM($C$61:F61),0),0) -> 0 | H61: =$J61*H39*PRESSUPOSTOS!H$11/12+IF(H39=0,IF(G39-SUM($C$61:G61)>0,G39-SUM($C$61:G61),0),0) -> 0 | J61: =1/3 -> 0.33333333 | K61: =IF(J61>0,1/J61,0) -> 3
A62: =A8 -> Assistência técnica | D62: =$J62*D40*PRESSUPOSTOS!D$11/12+IF(D40=0,IF(C40-SUM(C62)>0,C40-SUM(C62),0),0) -> 0 | E62: =$J62*E40*PRESSUPOSTOS!E$11/12+IF(E40=0,IF(D40-SUM($C$62:D62)>0,D40-SUM($C$62:D62),0),0) -> 0 | F62: =$J62*F40*PRESSUPOSTOS!F$11/12+IF(F40=0,IF(E40-SUM($C$62:E62)>0,E40-SUM($C$62:E62),0),0) -> 0 | G62: =$J62*G40*PRESSUPOSTOS!G$11/12+IF(G40=0,IF(F40-SUM($C$62:F62)>0,F40-SUM($C$62:F62),0),0) -> 0 | H62: =$J62*H40*PRESSUPOSTOS!H$11/12+IF(H40=0,IF(G40-SUM($C$62:G62)>0,G40-SUM($C$62:G62),0),0) -> 0 | J62: =1/3 -> 0.33333333 | K62: =IF(J62>0,1/J62,0) -> 3
A63: =A9 -> Outras Imobilizações Incorpóreas | D63: =$J63*D41*PRESSUPOSTOS!D$11/12+IF(D41=0,IF(C41-SUM(C63)>0,C41-SUM(C63),0),0) -> 0 | E63: =$J63*E41*PRESSUPOSTOS!E$11/12+IF(E41=0,IF(D41-SUM($C$63:D63)>0,D41-SUM($C$63:D63),0),0) -> 0 | F63: =$J63*F41*PRESSUPOSTOS!F$11/12+IF(F41=0,IF(E41-SUM($C$63:E63)>0,E41-SUM($C$63:E63),0),0) -> 0 | G63: =$J63*G41*PRESSUPOSTOS!G$11/12+IF(G41=0,IF(F41-SUM($C$63:F63)>0,F41-SUM($C$63:F63),0),0) -> 0 | H63: =$J63*H41*PRESSUPOSTOS!H$11/12+IF(H41=0,IF(G41-SUM($C$63:G63)>0,G41-SUM($C$63:G63),0),0) -> 0 | J63: 0.3333 | K63: =IF(J63>0,1/J63,0) -> 3.0003
A64: TOTAL 1 | D64: =SUM(D61:D63) -> 0 | E64: =SUM(E61:E63) -> 0 | F64: =SUM(F61:F63) -> 0 | G64: =SUM(G61:G63) -> 0 | H64: =SUM(H61:H63) -> 0
A65: =A43 -> 2 . IMOBILIZADO CORPÓREO
A66: =A12 -> Terrenos e Recursos Naturais | D66: =$J66*D44*PRESSUPOSTOS!D$11/12+IF(D44=0,IF(C44-SUM(C66)>0,C44-SUM(C66),0),0) -> 0 | E66: =$J66*E44*PRESSUPOSTOS!E$11/12+IF(E44=0,IF(D44-SUM($C$66:D66)>0,D44-SUM($C$66:D66),0),0) -> 0 | F66: =$J66*F44*PRESSUPOSTOS!F$11/12+IF(F44=0,IF(E44-SUM($C$66:E66)>0,E44-SUM($C$66:E66),0),0) -> 0 | G66: =$J66*G44*PRESSUPOSTOS!G$11/12+IF(G44=0,IF(F44-SUM($C$66:F66)>0,F44-SUM($C$66:F66),0),0) -> 0 | H66: =$J66*H44*PRESSUPOSTOS!H$11/12+IF(H44=0,IF(G44-SUM($C$66:G66)>0,G44-SUM($C$66:G66),0),0) -> 0 | J66: 0 | K66: =IF(J66>0,1/J66,0) -> 0
A67: =A13 -> Infra-estruturas | D67: =$J67*D45*PRESSUPOSTOS!D$11/12+IF(D45=0,IF(C45-SUM(C67)>0,C45-SUM(C67),0),0) -> 0 | E67: =$J67*E45*PRESSUPOSTOS!E$11/12+IF(E45=0,IF(D45-SUM($C$67:D67)>0,D45-SUM($C$67:D67),0),0) -> 0 | F67: =$J67*F45*PRESSUPOSTOS!F$11/12+IF(F45=0,IF(E45-SUM($C$67:E67)>0,E45-SUM($C$67:E67),0),0) -> 0 | G67: =$J67*G45*PRESSUPOSTOS!G$11/12+IF(G45=0,IF(F45-SUM($C$67:F67)>0,F45-SUM($C$67:F67),0),0) -> 0 | H67: =$J67*H45*PRESSUPOSTOS!H$11/12+IF(H45=0,IF(G45-SUM($C$67:G67)>0,G45-SUM($C$67:G67),0),0) -> 0 | J67: 0.05 | K67: =IF(J67>0,1/J67,0) -> 20
A68: =A14 -> Adaptação e/ou ampliação de instalações | D68: =$J68*D46*PRESSUPOSTOS!D$11/12+IF(D46=0,IF(C46-SUM(C68)>0,C46-SUM(C68),0),0) -> 0 | E68: =$J68*E46*PRESSUPOSTOS!E$11/12+IF(E46=0,IF(D46-SUM($C$68:D68)>0,D46-SUM($C$68:D68),0),0) -> 0 | F68: =$J68*F46*PRESSUPOSTOS!F$11/12+IF(F46=0,IF(E46-SUM($C$68:E68)>0,E46-SUM($C$68:E68),0),0) -> 0 | G68: =$J68*G46*PRESSUPOSTOS!G$11/12+IF(G46=0,IF(F46-SUM($C$68:F68)>0,F46-SUM($C$68:F68),0),0) -> 0 | H68: =$J68*H46*PRESSUPOSTOS!H$11/12+IF(H46=0,IF(G46-SUM($C$68:G68)>0,G46-SUM($C$68:G68),0),0) -> 0 | J68: 0.1428 | K68: =IF(J68>0,1/J68,0) -> 7.0028011
A69: =A15 -> Equipamento | D69: =$J69*D47*PRESSUPOSTOS!D$11/12+IF(D47=0,IF(C47-SUM(C69)>0,C47-SUM(C69),0),0) -> 0 | E69: =$J69*E47*PRESSUPOSTOS!E$11/12+IF(E47=0,IF(D47-SUM($C$69:D69)>0,D47-SUM($C$69:D69),0),0) -> 0 | F69: =$J69*F47*PRESSUPOSTOS!F$11/12+IF(F47=0,IF(E47-SUM($C$69:E69)>0,E47-SUM($C$69:E69),0),0) -> 0 | G69: =$J69*G47*PRESSUPOSTOS!G$11/12+IF(G47=0,IF(F47-SUM($C$69:F69)>0,F47-SUM($C$69:F69),0),0) -> 0 | H69: =$J69*H47*PRESSUPOSTOS!H$11/12+IF(H47=0,IF(G47-SUM($C$69:G69)>0,G47-SUM($C$69:G69),0),0) -> 0 | J69: 0.1428 | K69: =IF(J69>0,1/J69,0) -> 7.0028011
A70: =A16 -> Equipamento de Armazenagem | D70: =$J70*D48*PRESSUPOSTOS!D$11/12+IF(D48=0,IF(C48-SUM(C70)>0,C48-SUM(C70),0),0) -> 0 | E70: =$J70*E48*PRESSUPOSTOS!E$11/12+IF(E48=0,IF(D48-SUM($C$70:D70)>0,D48-SUM($C$70:D70),0),0) -> 0 | F70: =$J70*F48*PRESSUPOSTOS!F$11/12+IF(F48=0,IF(E48-SUM($C$70:E70)>0,E48-SUM($C$70:E70),0),0) -> 0 | G70: =$J70*G48*PRESSUPOSTOS!G$11/12+IF(G48=0,IF(F48-SUM($C$70:F70)>0,F48-SUM($C$70:F70),0),0) -> 0 | H70: =$J70*H48*PRESSUPOSTOS!H$11/12+IF(H48=0,IF(G48-SUM($C$70:G70)>0,G48-SUM($C$70:G70),0),0) -> 0 | J70: 0.1428 | K70: =IF(J70>0,1/J70,0) -> 7.0028011
A71: =A17 -> Equipamento de Laboratório e Ambiente | D71: =$J71*D49*PRESSUPOSTOS!D$11/12+IF(D49=0,IF(C49-SUM(C71)>0,C49-SUM(C71),0),0) -> 0 | E71: =$J71*E49*PRESSUPOSTOS!E$11/12+IF(E49=0,IF(D49-SUM($C$71:D71)>0,D49-SUM($C$71:D71),0),0) -> 0 | F71: =$J71*F49*PRESSUPOSTOS!F$11/12+IF(F49=0,IF(E49-SUM($C$71:E71)>0,E49-SUM($C$71:E71),0),0) -> 0 | G71: =$J71*G49*PRESSUPOSTOS!G$11/12+IF(G49=0,IF(F49-SUM($C$71:F71)>0,F49-SUM($C$71:F71),0),0) -> 0 | H71: =$J71*H49*PRESSUPOSTOS!H$11/12+IF(H49=0,IF(G49-SUM($C$71:G71)>0,G49-SUM($C$71:G71),0),0) -> 0 | J71: 0.1428 | K71: =IF(J71>0,1/J71,0) -> 7.0028011
A72: =A18 -> Equipamento de Informática | D72: =$J72*D50*PRESSUPOSTOS!D$11/12+IF(D50=0,IF(C50-SUM(C72)>0,C50-SUM(C72),0),0) -> 0 | E72: =$J72*E50*PRESSUPOSTOS!E$11/12+IF(E50=0,IF(D50-SUM($C$72:D72)>0,D50-SUM($C$72:D72),0),0) -> 0 | F72: =$J72*F50*PRESSUPOSTOS!F$11/12+IF(F50=0,IF(E50-SUM($C$72:E72)>0,E50-SUM($C$72:E72),0),0) -> 0 | G72: =$J72*G50*PRESSUPOSTOS!G$11/12+IF(G50=0,IF(F50-SUM($C$72:F72)>0,F50-SUM($C$72:F72),0),0) -> 0 | H72: =$J72*H50*PRESSUPOSTOS!H$11/12+IF(H50=0,IF(G50-SUM($C$72:G72)>0,G50-SUM($C$72:G72),0),0) -> 0 | J72: 0.25 | K72: =IF(J72>0,1/J72,0) -> 4
A73: =A19 -> Equipamento Auxiliares e Administrativos | D73: =$J73*D51*PRESSUPOSTOS!D$11/12+IF(D51=0,IF(C51-SUM(C73)>0,C51-SUM(C73),0),0) -> 0 | E73: =$J73*E51*PRESSUPOSTOS!E$11/12+IF(E51=0,IF(D51-SUM($C$73:D73)>0,D51-SUM($C$73:D73),0),0) -> 0 | F73: =$J73*F51*PRESSUPOSTOS!F$11/12+IF(F51=0,IF(E51-SUM($C$73:E73)>0,E51-SUM($C$73:E73),0),0) -> 0 | G73: =$J73*G51*PRESSUPOSTOS!G$11/12+IF(G51=0,IF(F51-SUM($C$73:F73)>0,F51-SUM($C$73:F73),0),0) -> 0 | H73: =$J73*H51*PRESSUPOSTOS!H$11/12+IF(H51=0,IF(G51-SUM($C$73:G73)>0,G51-SUM($C$73:G73),0),0) -> 0 | J73: 0.1 | K73: =IF(J73>0,1/J73,0) -> 10
A74: =A20 -> Viaturas | D74: =$J74*D52*PRESSUPOSTOS!D$11/12+IF(D52=0,IF(C52-SUM(C74)>0,C52-SUM(C74),0),0) -> 0 | E74: =$J74*E52*PRESSUPOSTOS!E$11/12+IF(E52=0,IF(D52-SUM($C$74:D74)>0,D52-SUM($C$74:D74),0),0) -> 0 | F74: =$J74*F52*PRESSUPOSTOS!F$11/12+IF(F52=0,IF(E52-SUM($C$74:E74)>0,E52-SUM($C$74:E74),0),0) -> 0 | G74: =$J74*G52*PRESSUPOSTOS!G$11/12+IF(G52=0,IF(F52-SUM($C$74:F74)>0,F52-SUM($C$74:F74),0),0) -> 0 | H74: =$J74*H52*PRESSUPOSTOS!H$11/12+IF(H52=0,IF(G52-SUM($C$74:G74)>0,G52-SUM($C$74:G74),0),0) -> 0 | J74: 0.25 | K74: =IF(J74>0,1/J74,0) -> 4
A75: =A21 -> Outras Imobilizações Corpóreas | D75: =$J75*D53*PRESSUPOSTOS!D$11/12+IF(D53=0,IF(C53-SUM(C75)>0,C53-SUM(C75),0),0) -> 0 | E75: =$J75*E53*PRESSUPOSTOS!E$11/12+IF(E53=0,IF(D53-SUM($C$75:D75)>0,D53-SUM($C$75:D75),0),0) -> 0 | F75: =$J75*F53*PRESSUPOSTOS!F$11/12+IF(F53=0,IF(E53-SUM($C$75:E75)>0,E53-SUM($C$75:E75),0),0) -> 0 | G75: =$J75*G53*PRESSUPOSTOS!G$11/12+IF(G53=0,IF(F53-SUM($C$75:F75)>0,F53-SUM($C$75:F75),0),0) -> 0 | H75: =$J75*H53*PRESSUPOSTOS!H$11/12+IF(H53=0,IF(G53-SUM($C$75:G75)>0,G53-SUM($C$75:G75),0),0) -> 0 | J75: 0.125 | K75: =IF(J75>0,1/J75,0) -> 8
A76: TOTAL 2 | D76: =SUM(D66:D75) -> 0 | E76: =SUM(E66:E75) -> 0 | F76: =SUM(F66:F75) -> 0 | G76: =SUM(G66:G75) -> 0 | H76: =SUM(H66:H75) -> 0
A77: TOTAL 1 + 2 | D77: =D76+D64 -> 0 | E77: =E76+E64 -> 0 | F77: =F76+F64 -> 0 | G77: =G76+G64 -> 0 | H77: =H76+H64 -> 0

Sheet INV. FUNDO DE MANEIO
A1: 5.3.3 - Necessidades de Fundo de Maneio
A3: CÔMPUTO DA VAR. DAS NEC. EM FUNDO DE MANEIO | D3: ='PLANO INV.'!D3 -> ANO 1 | E3: ='PLANO INV.'!E3 -> ANO 2 | F3: ='PLANO INV.'!F3 -> ANO 3 | G3: ='PLANO INV.'!G3 -> ANO 4 | H3: ='PLANO INV.'!H3 -> ANO 5
A5: DESPESAS DE EXPLORAÇÃO | D5: =SUM('DEM. RESULTADOS'!D18:D20)+'DEM. RESULTADOS'!D23+'DEM. RESULTADOS'!D24 -> 0 | E5: =SUM('DEM. RESULTADOS'!E18:E20)+'DEM. RESULTADOS'!E23+'DEM. RESULTADOS'!E24 -> 0 | F5: =SUM('DEM. RESULTADOS'!F18:F20)+'DEM. RESULTADOS'!F23+'DEM. RESULTADOS'!F24 -> 0 | G5: =SUM('DEM. RESULTADOS'!G18:G20)+'DEM. RESULTADOS'!G23+'DEM. RESULTADOS'!G24 -> 0 | H5: =SUM('DEM. RESULTADOS'!H18:H20)+'DEM. RESULTADOS'!H23+'DEM. RESULTADOS'!H24 -> 0
A7: SALDO MÍNIMO DE CAIXA | D7: =IF(PRESSUPOSTOS!D20=0,0,D5/(365*PRESSUPOSTOS!D11/12)*PRESSUPOSTOS!D20) -> 0 | E7: =IF(PRESSUPOSTOS!E20=0,0,E5/(365*PRESSUPOSTOS!E11/12)*PRESSUPOSTOS!E20) -> 0 | F7: =IF(PRESSUPOSTOS!F20=0,0,F5/(365*PRESSUPOSTOS!F11/12)*PRESSUPOSTOS!F20) -> 0 | G7: =IF(PRESSUPOSTOS!G20=0,0,G5/(365*PRESSUPOSTOS!G11/12)*PRESSUPOSTOS!G20) -> 0 | H7: =IF(PRESSUPOSTOS!H20=0,0,H5/(365*PRESSUPOSTOS!H11/12)*PRESSUPOSTOS!H20) -> 0
A9: SALDO DE CLIENTES | D9: =('VENDAS PROD. ACAB.'!D58+'PREST. SERV.'!D16+'VENDAS DE MERC.'!D57)*(1+(ESTADO!D12*(1-PRESSUPOSTOS!D22)))/(365*PRESSUPOSTOS!D11/12)*PRESSUPOSTOS!D15 -> 0 | E9: =('VENDAS PROD. ACAB.'!E58+'PREST. SERV.'!E16+'VENDAS DE MERC.'!E57)*(1+(ESTADO!E12*(1-PRESSUPOSTOS!E22)))/(365*PRESSUPOSTOS!E11/12)*PRESSUPOSTOS!E15 -> 0 | F9: =('VENDAS PROD. ACAB.'!F58+'PREST. SERV.'!F16+'VENDAS DE MERC.'!F57)*(1+(ESTADO!F12*(1-PRESSUPOSTOS!F22)))/(365*PRESSUPOSTOS!F11/12)*PRESSUPOSTOS!F15 -> 0 | G9: =('VENDAS PROD. ACAB.'!G58+'PREST. SERV.'!G16+'VENDAS DE MERC.'!G57)*(1+(ESTADO!G12*(1-PRESSUPOSTOS!G22)))/(365*PRESSUPOSTOS!G11/12)*PRESSUPOSTOS!G15 -> 0 | H9: =('VENDAS PROD. ACAB.'!H58+'PREST. SERV.'!H16+'VENDAS DE MERC.'!H57)*(1+(ESTADO!H12*(1-PRESSUPOSTOS!H22)))/(365*PRESSUPOSTOS!H11/12)*PRESSUPOSTOS!H15 -> 0
A11: STOCK FINAL DE MERCADORIAS | D11: ='CUSTO DAS MERC.'!D30 -> 0 | E11: ='CUSTO DAS MERC.'!E30 -> 0 | F11: ='CUSTO DAS MERC.'!F30 -> 0 | G11: ='CUSTO DAS MERC.'!G30 -> 0 | H11: ='CUSTO DAS MERC.'!H30 -> 0
A13: STOCK FINAL DE MATÉRIAS PRIMAS | D13: =C.M.V.M.C.!D30 -> 0 | E13: =C.M.V.M.C.!E30 -> 0 | F13: =C.M.V.M.C.!F30 -> 0 | G13: =C.M.V.M.C.!G30 -> 0 | H13: =C.M.V.M.C.!H30 -> 0
A15: STOCK FINAL DE PROD. ACABADOS | D15: =C.M.V.M.C.!D35 -> 0 | E15: =C.M.V.M.C.!E35 -> 0 | F15: =C.M.V.M.C.!F35 -> 0 | G15: =C.M.V.M.C.!G35 -> 0 | H15: =C.M.V.M.C.!H35 -> 0
A17: SALDO DE FORNECEDORES COM IVA | D17: =D19+D20 -> 0 | E17: =E19+E20 -> 0 | F17: =F19+F20 -> 0 | G17: =G19+G20 -> 0 | H17: =H19+H20 -> 0
A19: - Fornecedores (Mat.Primas e Sub.) | D19: =(C.M.V.M.C.!D29+'CUSTO DAS MERC.'!D33)/(1+ESTADO!D13)/(365*PRESSUPOSTOS!D11/12)*PRESSUPOSTOS!D13 -> 0 | E19: =(C.M.V.M.C.!E29+'CUSTO DAS MERC.'!E33)/(1+ESTADO!E13)/(365*PRESSUPOSTOS!E11/12)*PRESSUPOSTOS!E13 -> 0 | F19: =(C.M.V.M.C.!F29+'CUSTO DAS MERC.'!F33)/(1+ESTADO!F13)/(365*PRESSUPOSTOS!F11/12)*PRESSUPOSTOS!F13 -> 0 | G19: =(C.M.V.M.C.!G29+'CUSTO DAS MERC.'!G33)/(1+ESTADO!G13)/(365*PRESSUPOSTOS!G11/12)*PRESSUPOSTOS!G13 -> 0 | H19: =(C.M.V.M.C.!H29+'CUSTO DAS MERC.'!H33)/(1+ESTADO!H13)/(365*PRESSUPOSTOS!H11/12)*PRESSUPOSTOS!H13 -> 0
A20: - Fornecedores (Out. Forn. Serv.) | D20: ='F.S.E. E PROV.'!D18*((1+ESTADO!D13))/(365*PRESSUPOSTOS!D11/12)*PRESSUPOSTOS!D14 -> 0 | E20: ='F.S.E. E PROV.'!E18*((1+ESTADO!E13))/(365*PRESSUPOSTOS!E11/12)*PRESSUPOSTOS!E14 -> 0 | F20: ='F.S.E. E PROV.'!F18*((1+ESTADO!F13))/(365*PRESSUPOSTOS!F11/12)*PRESSUPOSTOS!F14 -> 0 | G20: ='F.S.E. E PROV.'!G18*((1+ESTADO!G13))/(365*PRESSUPOSTOS!G11/12)*PRESSUPOSTOS!G14 -> 0 | H20: ='F.S.E. E PROV.'!H18*((1+ESTADO!H13))/(365*PRESSUPOSTOS!H11/12)*PRESSUPOSTOS!H14 -> 0
A22: NECESSIDADES DE FUNDO DE MANEIO | D22: =D7+D9+D11+D13+D15-D17 -> 0 | E22: =E7+E9+E11+E13+E15-E17 -> 0 | F22: =F7+F9+F11+F13+F15-F17 -> 0 | G22: =G7+G9+G11+G13+G15-G17 -> 0 | H22: =H7+H9+H11+H13+H15-H17 -> 0
A24: INVESTIMENTO EM FUNDO DE MANEIO | D24: =D22 -> 0 | E24: =E22-D22 -> 0 | F24: =F22-E22 -> 0 | G24: =G22-F22 -> 0 | H24: =H22-G22 -> 0

Sheet FINANCIAMENTO
A1: 5.4 - Plano Financeiro e de Financiamento
A2: 5.4.1 - Plano Financeiro
A4: FUNÇÃO FINANCEIRA | D4: =PRESSUPOSTOS!D8 -> ANO 1 | E4: =PRESSUPOSTOS!E8 -> ANO 2 | F4: =PRESSUPOSTOS!F8 -> ANO 3 | G4: =PRESSUPOSTOS!G8 -> ANO 4 | H4: =PRESSUPOSTOS!H8 -> ANO 5
A6: * TX DE JURO REAL P/ FINANC. C. PRAZO | D6: 0 | E6: 0 | F6: 0 | G6: 0 | H6: 0
A7: * TX DE JURO REAL P/ FINAN. M/L PRAZO | D7: 0 | E7: =D7 -> 0 | F7: =E7 -> 0 | G7: =F7 -> 0 | H7: =G7 -> 0
A8: * TX DE JURO REAL P/ APLIC. FINANC. | D8: 0 | E8: 0 | F8: 0 | G8: 0 | H8: 0
A9: - Imposto de Selo sobre os juros | D9: 0.04 | E9: =D9 -> 0.04 | F9: =E9 -> 0.04 | G9: =F9 -> 0.04 | H9: =G9 -> 0.04
A10: FINANCIAMENTO DE M/L/ PRAZO
D13: Capital em | E13: Juros | F13: Reembolso | G13: Capital | H13: Serviço
C14: Utilização | D14: Divida | E14: c/ Imp. | G14: em dívida | H14: da
D15: no Início | E15: Selo | G15: no Fim | H15: Divida
A17: - SEMESTRE 0 | D17: =C17 -> 0 | E17: 0 | F17: 0 | G17: =D17 -> 0 | H17: =E17+F17 -> 0
A18: - SEMESTRE 1 | C18: 0 | D18: =G17+C18 -> 0 | E18: =(D18*(PRESSUPOSTOS!D26+FINANCIAMENTO!D7))/2*(1+FINANCIAMENTO!D9) -> 0 | F18: 0 | G18: =D18-F18 -> 0 | H18: =E18+F18 -> 0
A19: 1º ANO - SEMESTRE 2 | C19: 0 | D19: =G18+C19 -> 0 | E19: =(D19*(PRESSUPOSTOS!D26+FINANCIAMENTO!D7))/2*(1+FINANCIAMENTO!D9) -> 0 | F19: 0 | G19: =D19-F19 -> 0 | H19: =E19+F19 -> 0
A20: - SEMESTRE 3 | C20: 0 | D20: =G19+C20 -> 0 | E20: =(D20*(PRESSUPOSTOS!E26+FINANCIAMENTO!E7))/2*(1+FINANCIAMENTO!E9) -> 0 | F20: 0 | G20: =D20-F20 -> 0 | H20: =E20+F20 -> 0
A21: 2º ANO - SEMESTRE 4 | C21: 0 | D21: =G20+C21 -> 0 | E21: =(D21*(PRESSUPOSTOS!E26+FINANCIAMENTO!E7))/2*(1+FINANCIAMENTO!E9) -> 0 | F21: 0 | G21: =D21-F21 -> 0 | H21: =E21+F21 -> 0
A22: - SEMESTRE 5 | C22: 0 | D22: =G21+C22 -> 0 | E22: =(D22*(PRESSUPOSTOS!F26+FINANCIAMENTO!F7))/2*(1+FINANCIAMENTO!F9) -> 0 | F22: 0 | G22: =D22-F22 -> 0 | H22: =E22+F22 -> 0
A23: 3º ANO - SEMESTRE 6 | C23: 0 | D23: =G22+C23 -> 0 | E23: =(D23*(PRESSUPOSTOS!F26+FINANCIAMENTO!F7))/2*(1+FINANCIAMENTO!F9) -> 0 | F23: 0 | G23: =D23-F23 -> 0 | H23: =E23+F23 -> 0
A24: - SEMESTRE 7 | C24: 0 | D24: =G23+C24 -> 0 | E24: =(D24*(PRESSUPOSTOS!G26+FINANCIAMENTO!G7))/2*(1+FINANCIAMENTO!G9) -> 0 | F24: 0 | G24: =D24-F24 -> 0 | H24: =E24+F24 -> 0
A25: 4º ANO - SEMESTRE 8 | C25: 0 | D25: =G24+C25 -> 0 | E25: =(D25*(PRESSUPOSTOS!G26+FINANCIAMENTO!G7))/2*(1+FINANCIAMENTO!G9) -> 0 | F25: 0 | G25: =D25-F25 -> 0 | H25: =E25+F25 -> 0
A26: - SEMESTRE 9 | C26: 0 | D26: =G25+C26 -> 0 | E26: =(D26*(PRESSUPOSTOS!H26+FINANCIAMENTO!H7))/2*(1+FINANCIAMENTO!H9) -> 0 | F26: 0 | G26: =D26-F26 -> 0 | H26: =E26+F26 -> 0
A27: 5º ANO - SEMESTRE 10 | C27: 0 | D27: =G26+C27 -> 0 | E27: =(D27*(PRESSUPOSTOS!$H$26+FINANCIAMENTO!$H$7))/2*(1+FINANCIAMENTO!$H$9) -> 0 | F27: 0 | G27: =D27-F27 -> 0 | H27: =E27+F27 -> 0
A28: - SEMESTRE 11 | C28: 0 | D28: =G27+C28 -> 0 | E28: =(D28*(PRESSUPOSTOS!$H$26+FINANCIAMENTO!$H$7))/2*(1+FINANCIAMENTO!$H$9) -> 0 | F28: 0 | G28: =D28-F28 -> 0 | H28: =E28+F28 -> 0
A29: 6º ANO - SEMESTRE 12 | C29: 0 | D29: =G28+C29 -> 0 | E29: =(D29*(PRESSUPOSTOS!$H$26+FINANCIAMENTO!$H$7))/2*(1+FINANCIAMENTO!$H$9) -> 0 | F29: 0 | G29: =D29-F29 -> 0 | H29: =E29+F29 -> 0
A30: - SEMESTRE 13 | C30: 0 | D30: =G29+C30 -> 0 | E30: =(D30*(PRESSUPOSTOS!$H$26+FINANCIAMENTO!$H$7))/2*(1+FINANCIAMENTO!$H$9) -> 0 | F30: 0 | G30: =D30-F30 -> 0 | H30: =E30+F30 -> 0
A31: 7º ANO - SEMESTRE 14 | C31: 0 | D31: =G30+C31 -> 0 | E31: =(D31*(PRESSUPOSTOS!$H$26+FINANCIAMENTO!$H$7))/2*(1+FINANCIAMENTO!$H$9) -> 0 | F31: 0 | G31: =D31-F31 -> 0 | H31: =E31+F31 -> 0
A32: - SEMESTRE 15 | C32: 0 | D32: =G31+C32 -> 0 | E32: =(D32*(PRESSUPOSTOS!$H$26+FINANCIAMENTO!$H$7))/2*(1+FINANCIAMENTO!$H$9) -> 0 | F32: 0 | G32: =D32-F32 -> 0 | H32: =E32+F32 -> 0
A33: 8º ANO - SEMESTRE 16 | C33: 0 | D33: =G32+C33 -> 0 | E33: =(D33*(PRESSUPOSTOS!$H$26+FINANCIAMENTO!$H$7))/2*(1+FINANCIAMENTO!$H$9) -> 0 | F33: 0 | G33: =D33-F33 -> 0 | H33: =E33+F33 -> 0
A35: CUSTOS E PERDAS FINANCEIRAS | D35: =D37+D38 -> 0 | E35: =E37+E38 -> 0 | F35: =F37+F38 -> 0 | G35: =G37+G38 -> 0 | H35: =H37+H38 -> 0
A37: De Financiamento | D37: =FINANCIAMENTO!E18+FINANCIAMENTO!E19+((PRESSUPOSTOS!D26+FINANCIAMENTO!D8)*BALANÇO!D49) -> 0 | E37: =FINANCIAMENTO!E20+FINANCIAMENTO!E21+((PRESSUPOSTOS!E26+FINANCIAMENTO!E8)*(BALANÇO!D49+BALANÇO!E49)/2) -> 0 | F37: =FINANCIAMENTO!E22+FINANCIAMENTO!E23+((PRESSUPOSTOS!F26+FINANCIAMENTO!F8)*(BALANÇO!E49+BALANÇO!F49)/2) -> 0 | G37: =FINANCIAMENTO!E24+FINANCIAMENTO!E25+((PRESSUPOSTOS!G26+FINANCIAMENTO!G8)*(BALANÇO!F49+BALANÇO!G49)/2) -> 0 | H37: =FINANCIAMENTO!E26+FINANCIAMENTO!E27+((PRESSUPOSTOS!H26+FINANCIAMENTO!H8)*(BALANÇO!G49+BALANÇO!H49)/2) -> 0
A38: De Funcionamento | D38: =(PRESSUPOSTOS!D26+FINANCIAMENTO!D6)*BALANÇO!D54/2*(1+FINANCIAMENTO!D9) -> 0 | E38: =(PRESSUPOSTOS!E26+FINANCIAMENTO!E6)*(BALANÇO!E54+BALANÇO!D54)/2*(1+FINANCIAMENTO!E9) -> 0 | F38: =(PRESSUPOSTOS!F26+FINANCIAMENTO!F6)*(BALANÇO!F54+BALANÇO!E54)/2*(1+FINANCIAMENTO!F9) -> 0 | G38: =(PRESSUPOSTOS!G26+FINANCIAMENTO!G6)*(BALANÇO!G54+BALANÇO!F54)/2*(1+FINANCIAMENTO!G9) -> 0 | H38: =(PRESSUPOSTOS!H26+FINANCIAMENTO!H6)*(BALANÇO!H54+BALANÇO!G54)/2*(1+FINANCIAMENTO!H9) -> 0
A41: PROVEITOS E GANHOS FINANCEIROS | D41: =D43 -> 1.1311387e-75 | E41: =E43 -> 3.2336429e-74 | F41: =F43 -> 1.0924231e-73 | G41: =G43 -> 2.5168045e-73 | H41: =H43 -> 1.2332599e-72
A43: De Aplicações de Tesouraria | D43: =(PRESSUPOSTOS!D26+FINANCIAMENTO!D8)*BALANÇO!D28 -> 1.1311387e-75 | E43: =(PRESSUPOSTOS!E26+FINANCIAMENTO!E8)*(BALANÇO!E28+BALANÇO!D28)/2 -> 1.0481831e-75 | F43: =(PRESSUPOSTOS!F26+FINANCIAMENTO!F8)*(BALANÇO!F28+BALANÇO!E28)/2 -> 1.3610573e-74 | G43: =(PRESSUPOSTOS!G26+FINANCIAMENTO!G8)*(BALANÇO!G28+BALANÇO!F28)/2 -> 1.0361059e-73 | H43: =(PRESSUPOSTOS!H26+FINANCIAMENTO!H8)*(BALANÇO!H28+BALANÇO!G28)/2 -> 1.7030806e-72

Sheet PLANO FINAN.
A1: 5.4.2 - Plano de Financiamento
A3: FINANCIAMENTO DO INVESTIMENTO | D3: =PRESSUPOSTOS!AJ8 -> ANO 1 | E3: =PRESSUPOSTOS!AK8 -> ANO 2 | F3: =PRESSUPOSTOS!AL8 -> ANO 3 | G3: =PRESSUPOSTOS!AM8 -> ANO 4 | H3: =PRESSUPOSTOS!AN8 -> ANO 5
A6: CAPITAIS PRÓPRIOS | D6: =SUM(D7:D8) -> 0 | E6: =SUM(E7:E8) -> 0 | F6: =SUM(F7:F8) -> 0 | G6: =SUM(G7:G8) -> 0 | H6: =SUM(H7:H8) -> 0
A7: Capital social | D7: 0 | E7: 0 | F7: 0 | G7: 0 | H7: 0
A8: Prestações suplementares | D8: 0 | E8: 0 | F8: 0 | G8: 0 | H8: 0
A10: AUTOFINANCIAMENTO | D10: 0 | E10: ='DEM. RESULTADOS'!D31+'DEM. RESULTADOS'!D21 -> 4.7709452e-74 | F10: ='DEM. RESULTADOS'!E31+'DEM. RESULTADOS'!E21 -> 4.8471574e-74 | G10: ='DEM. RESULTADOS'!F31+'DEM. RESULTADOS'!F21 -> 8.1907724e-74 | H10: ='DEM. RESULTADOS'!G31+'DEM. RESULTADOS'!G21 -> 1.2932493e-73
A12: CAPITAIS ALHEIOS | D12: =SUM(D13:D16) -> 0 | E12: =SUM(E13:E16) -> 0 | F12: =SUM(F13:F16) -> 0 | G12: =SUM(G13:G16) -> 0 | H12: =SUM(H13:H16) -> 0
A13: Empréstimos bancários | D13: =BALANÇO!D48+BALANÇO!D54 -> 0 | E13: =BALANÇO!E48+BALANÇO!E54 -> 0 | F13: =BALANÇO!F48+BALANÇO!F54 -> 0 | G13: =BALANÇO!G48+BALANÇO!G54 -> 0 | H13: =BALANÇO!H48+BALANÇO!H54 -> 0
A14: Empréstimos de sócios (Suprimentos) | D14: 0 | E14: 0 | F14: 0 | G14: 0 | H14: 0
A15: Crédito de fornecedores de Imobilizado | D15: 0 | E15: 0 | F15: 0 | G15: 0 | H15: 0
A16: Outros (subsídios) | D16: 0 | E16: 0 | F16: 0 | G16: 0 | H16: 0
A19: TOTAL (s/ autofinanciamento) (*) | D19: =D6+D12 -> 0 | E19: =E6+E12 -> 0 | F19: =F6+F12 -> 0 | G19: =G6+G12 -> 0 | H19: =H6+H12 -> 0
A22: CONTROLO | D22: =IF(D19<'PLANO INV.'!D32,"ERRO","OK") -> OK | E22: =IF(E19<'PLANO INV.'!E32,"ERRO","OK") -> OK | F22: =IF(F19<'PLANO INV.'!F32,"ERRO","OK") -> OK | G22: =IF(G19<'PLANO INV.'!G32,"ERRO","OK") -> OK | H22: =IF(H19<'PLANO INV.'!H32,"ERRO","OK") -> OK
A24: (*) O autofinanciamento, ainda que apresentado, não é considerado para cobertura financeira do projecto visto que resulta das contas previsionais.

Sheet Justificação Financiamento

Sheet CASH-FLOW
A1: 5.5 - Análise de Viabilidade Económica e Financeira
A3: CÔMPUTO DO CASH-FLOW | D3: =PRESSUPOSTOS!D8 -> ANO 1 | E3: =PRESSUPOSTOS!E8 -> ANO 2 | F3: =PRESSUPOSTOS!F8 -> ANO 3 | G3: =PRESSUPOSTOS!G8 -> ANO 4 | H3: =PRESSUPOSTOS!H8 -> ANO 5 | I3: ANO 6
A6: MEIOS LIBERTOS | D6: ='DEM. RESULTADOS'!D31+'DEM. RESULTADOS'!D21+'DEM. RESULTADOS'!D22 -> 6.4847047e-74 | E6: ='DEM. RESULTADOS'!E31+'DEM. RESULTADOS'!E21+'DEM. RESULTADOS'!E22 -> 4.2907883e-74 | F6: ='DEM. RESULTADOS'!F31+'DEM. RESULTADOS'!F21+'DEM. RESULTADOS'!F22 -> 4.0477527e-74 | G6: ='DEM. RESULTADOS'!G31+'DEM. RESULTADOS'!G21+'DEM. RESULTADOS'!G22 -> 1.7764714e-73 | H6: ='DEM. RESULTADOS'!H31+'DEM. RESULTADOS'!H21+'DEM. RESULTADOS'!H22 -> 1.8120385e-66
A8: IMPOSTOS
A10: IRC | D10: ='DEM. RESULTADOS'!D30 -> 4.2515614e-74 | E10: ='DEM. RESULTADOS'!E30 -> 2.8131659e-74 | F10: ='DEM. RESULTADOS'!F30 -> 2.6538246e-74 | G10: ='DEM. RESULTADOS'!G30 -> 1.1647064e-73 | H10: ='DEM. RESULTADOS'!H30 -> 1.1880252e-66
A12: INVESTIMENTO
A14: ACTIVO IMOBILIZADO | C14: =-'PLANO INV.'!C23 -> 0 | D14: =-'PLANO INV.'!D23 -> 0 | E14: =-'PLANO INV.'!E23 -> 0 | F14: =-'PLANO INV.'!F23 -> 0 | G14: =-'PLANO INV.'!G23 -> 0 | H14: =-'PLANO INV.'!H23 -> 0
A15: FUNDO DE MANEIO | C15: =-'INV. FUNDO DE MANEIO'!C22 -> 0 | D15: =-'INV. FUNDO DE MANEIO'!D22 -> 0 | E15: =-'INV. FUNDO DE MANEIO'!E22 -> 0 | F15: =-'INV. FUNDO DE MANEIO'!F22 -> 0 | G15: =-'INV. FUNDO DE MANEIO'!G22 -> 0 | H15: =-'INV. FUNDO DE MANEIO'!H22 -> 0
A17: TOTAL DO INVESTIMENTO | C17: =C15+C14 -> 0 | D17: =D15+D14 -> 0 | E17: =E15+E14 -> 0 | F17: =F15+F14 -> 0 | G17: =G15+G14 -> 0 | H17: =H15+H14 -> 0
A19: VALORES RESIDUAIS
A21: ACTIVO IMOBILIZADO | I21: =BALANÇO!H8 -> 0
A23: FUNDO DE MANEIO | I23: =SUM(C15:I15) -> 0
A25: CASH - FLOW | C25: =C23+C21+C17+C10+C6 -> 0 | D25: =D23+D21+D17+D10+D6 -> 1.0736266e-73 | E25: =E23+E21+E17+E10+E6 -> 7.1039542e-74 | F25: =F23+F21+F17+F10+F6 -> 6.7015773e-74 | G25: =G23+G21+G17+G10+G6 -> 2.9411777e-73 | H25: =H23+H21+H17+H10+H6 -> 3.0000637e-66 | I25: =I23+I21+I17+I10+I6 -> 0
A28: TAXA DE AVALIAÇÃO | F28: =ESTADO!C46 -> 0.091
A30: VALOR ACTUALIZADO LÍQUIDO | F30: =NPV(F28,D25:I25)+C25 -> 1.9409163e-66
A32: TX INTERNA DE RENDIBILIDADE | F32: =IRR(C25:I25,0.1) -> #NUM!
A34: PRC
A35: Cash-flow actualizado | D35: =D25 -> 1.0736266e-73 | E35: =E25/(1+F28) -> 6.5114154e-74 | F35: =F25/(1+F28)^2 -> 5.6302481e-74 | G35: =G25/(1+F28)^3 -> 2.2648895e-73 | H35: =H25/(1+F28)^4 -> 2.1175393e-66 | I35: =I25/(1+F28)^5 -> 0
A36: Cash-flow actualizado acumulado | D36: =D35 -> 1.0736266e-73 | E36: =E35+D36 -> 1.7247681e-73 | F36: =F35+E36 -> 2.287793e-73 | G36: =G35+F36 -> 4.5526825e-73 | H36: =H35+G36 -> 2.1175397e-66 | I36: =I35+H36 -> 2.1175397e-66
A38: A recuperação do capital investido verificar-se-à no decorrer do ano em em que cash-flow actualizado acumulado passa a positivo.

Sheet ESTADO
A1: 6. - Demonstração da Conta Estado e Outros Entes Públicos
A3: DEMONSTRAÇÃO DA CONTA | D3: =PRESSUPOSTOS!D8 -> ANO 1 | E3: =PRESSUPOSTOS!E8 -> ANO 2 | F3: =PRESSUPOSTOS!F8 -> ANO 3 | G3: =PRESSUPOSTOS!G8 -> ANO 4 | H3: =PRESSUPOSTOS!H8 -> ANO 5
A4: ESTADO E OUTROS ENTES PÚBLICOS
A6: * IMPOSTOS
A7: - Sobre o Rendimento | D7: =D8*(1+D9) -> 0.396 | E7: =E8*(1+E9) -> 0.396 | F7: =F8*(1+F9) -> 0.396 | G7: =G8*(1+G9) -> 0.396 | H7: =H8*(1+H9) -> 0.396
A8: . Taxa de IRC | D8: 0.36 | E8: =D8 -> 0.36 | F8: =E8 -> 0.36 | G8: =F8 -> 0.36 | H8: =G8 -> 0.36
A9: . Taxa de Derrama | D9: 0.1 | E9: =D9 -> 0.1 | F9: =E9 -> 0.1 | G9: =F9 -> 0.1 | H9: =G9 -> 0.1
A10: - Sobre o Valor Acrescentado
A11: . Taxa media IVA s/ o Imobilizado | D11: 0.19 | E11: =D11 -> 0.19 | F11: =E11 -> 0.19 | G11: =F11 -> 0.19 | H11: =G11 -> 0.19
A12: . Taxa media IVA s/ as Vendas | D12: 0.19 | E12: =D12 -> 0.19 | F12: =E12 -> 0.19 | G12: =F12 -> 0.19 | H12: =G12 -> 0.19
A13: . Taxa media IVA s/ as Compras | D13: 0.19 | E13: =D13 -> 0.19 | F13: =E13 -> 0.19 | G13: =F13 -> 0.19 | H13: =G13 -> 0.19
A14: IMPOSTO SOBRE O VALOR ACRESCENTADO
A16: IVA Liquidado (Vendas + Prest. Serv.) | D16: =('VENDAS PROD. ACAB.'!D58+'PREST. SERV.'!D16+'VENDAS DE MERC.'!D57)*ESTADO!D12*(1-PRESSUPOSTOS!D22) -> 0 | E16: =('VENDAS PROD. ACAB.'!E58+'PREST. SERV.'!E16+'VENDAS DE MERC.'!E57)*ESTADO!E12*(1-PRESSUPOSTOS!E22) -> 0 | F16: =('VENDAS PROD. ACAB.'!F58+'PREST. SERV.'!F16+'VENDAS DE MERC.'!F57)*ESTADO!F12*(1-PRESSUPOSTOS!F22) -> 0 | G16: =('VENDAS PROD. ACAB.'!G58+'PREST. SERV.'!G16+'VENDAS DE MERC.'!G57)*ESTADO!G12*(1-PRESSUPOSTOS!G22) -> 0 | H16: =('VENDAS PROD. ACAB.'!H58+'PREST. SERV.'!H16+'VENDAS DE MERC.'!H57)*ESTADO!H12*(1-PRESSUPOSTOS!H22) -> 0
A17: IVA a suportar (Compras + FSE) | D17: =('CUSTO DAS MERC.'!D29+C.M.V.M.C.!D29)*ESTADO!D13+'F.S.E. E PROV.'!D18*ESTADO!D13 -> 0 | E17: =('CUSTO DAS MERC.'!E29+C.M.V.M.C.!E29)*ESTADO!E13+'F.S.E. E PROV.'!E18*ESTADO!E13 -> 0 | F17: =('CUSTO DAS MERC.'!F29+C.M.V.M.C.!F29)*ESTADO!F13+'F.S.E. E PROV.'!F18*ESTADO!F13 -> 0 | G17: =('CUSTO DAS MERC.'!G29+C.M.V.M.C.!G29)*ESTADO!G13+'F.S.E. E PROV.'!G18*ESTADO!G13 -> 0 | H17: =('CUSTO DAS MERC.'!H29+C.M.V.M.C.!H29)*ESTADO!H13+'F.S.E. E PROV.'!H18*ESTADO!H13 -> 0
A19: IVA apurado | D19: =D16-D17-D18 -> 0 | E19: =E16-E17-E18 -> 0 | F19: =F16-F17-F18 -> 0 | G19: =G16-G17-G18 -> 0 | H19: =H16-H17-H18 -> 0
A22: IMPOSTO SOBRE O RENDIMENTO
A24: IRC do Exercício | D24: ='DEM. RESULTADOS'!D30 -> 3.1279707e-74 | E24: ='DEM. RESULTADOS'!E30 -> 3.1779377e-74 | F24: ='DEM. RESULTADOS'!F30 -> 5.370109e-74 | G24: ='DEM. RESULTADOS'!G30 -> 8.4789193e-74 | H24: ='DEM. RESULTADOS'!H30 -> 1.1880001e-66
A26: IRC Pago | D26: =0.75*C24 -> 0 | E26: =0.75*D24 -> 2.345978e-74 | F26: =0.75*E24 -> 2.3834532e-74 | G26: =0.75*F24 -> 4.0275818e-74 | H26: =0.75*G24 -> 6.3591895e-74
A27: IRC a Pagar | D27: =D24-D26 -> 3.1279707e-74 | E27: =E24-E26 -> 8.3195961e-75 | F27: =F24-F26 -> 2.9866558e-74 | G27: =G24-G26 -> 4.4513376e-74 | H27: =H24-H26 -> 1.1880001e-66
A30: SEGURANÇA SOCIAL
A32: Custos com o Pessoal sem encargos | D32: =C.C.P.!D39/(1+C.C.P.!D6+C.C.P.!D7) -> 0 | E32: =C.C.P.!E39/(1+C.C.P.!E6+C.C.P.!E7) -> 0 | F32: =C.C.P.!F39/(1+C.C.P.!F6+C.C.P.!F7) -> 0 | G32: =C.C.P.!G39/(1+C.C.P.!G6+C.C.P.!G7) -> 0 | H32: =C.C.P.!H39/(1+C.C.P.!H6+C.C.P.!H7) -> 0
A34: Encargos de conta do pessoal (11,5%) | D34: =D32*0.115 -> 0 | E34: =E32*0.115 -> 0 | F34: =F32*0.115 -> 0 | G34: =G32*0.115 -> 0 | H34: =H32*0.115 -> 0
A35: Encargos de conta da empresa | D35: =D32*(C.C.P.!D6+C.C.P.!D7) -> 0 | E35: =E32*(C.C.P.!E6+C.C.P.!E7) -> 0 | F35: =F32*(C.C.P.!F6+C.C.P.!F7) -> 0 | G35: =G32*(C.C.P.!G6+C.C.P.!G7) -> 0 | H35: =H32*(C.C.P.!H6+C.C.P.!H7) -> 0
A38: SALDO DA CONTA NO FIM DO EXER. | D38: =(D35+D34)/(14*PRESSUPOSTOS!D11/12)*2+D27 -> 3.1279707e-74 | E38: =(E35+E34)/(14*PRESSUPOSTOS!E11/12)*2+E27 -> 8.3195961e-75 | F38: =(F35+F34)/(14*PRESSUPOSTOS!F11/12)*2+F27 -> 2.9866558e-74 | G38: =(G35+G34)/(14*PRESSUPOSTOS!G11/12)*2+G27 -> 4.4513376e-74 | H38: =(H35+H34)/(14*PRESSUPOSTOS!H11/12)*2+H27 -> 1.1880001e-66
A40: ESTIMAÇÃO DA TAXA DE AVALIAÇÃO
A42: TAXA DE INFLAÇÃO MEDIA ( 2,5 % ) | C42: =SUM(PRESSUPOSTOS!D26:J26)/COUNTA(PRESSUPOSTOS!D8:J8) -> 0.021
A43: TAXA DE REMUNERAÇÃO REAL ( 3,0 % ) | C43: 0.03
A44: TAXA DE AVALIAÇÃO SEM RISCO ( 5,5 % ) | C44: =C42+C43 -> 0.051
A45: PRÉMIO DE RISCO ( 4,0% ) | C45: 0.04
A46: TAXA DE AVALIAÇÃO COM RISCO ( 9,5 % ) | C46: =C45+C43+C42 -> 0.091

Sheet DEM. RESULTADOS
A1: 7. - Demonstração de Resultados Previsionais
A3: CONTA DE RESULTADOS PREVISIONAL | D3: =PRESSUPOSTOS!D8 -> ANO 1 | E3: =PRESSUPOSTOS!E8 -> ANO 2 | F3: =PRESSUPOSTOS!F8 -> ANO 3 | G3: =PRESSUPOSTOS!G8 -> ANO 4 | H3: =PRESSUPOSTOS!H8 -> ANO 5
A5: PROVEITOS E GANHOS
A7: VENDAS | D7: ='VENDAS PROD. ACAB.'!D58+'VENDAS DE MERC.'!D57 -> 0 | E7: ='VENDAS PROD. ACAB.'!E58+'VENDAS DE MERC.'!E57 -> 0 | F7: ='VENDAS PROD. ACAB.'!F58+'VENDAS DE MERC.'!F57 -> 0 | G7: ='VENDAS PROD. ACAB.'!G58+'VENDAS DE MERC.'!G57 -> 0 | H7: ='VENDAS PROD. ACAB.'!H58+'VENDAS DE MERC.'!H57 -> 0
A8: PRESTAÇÃO DE SERVIÇOS | D8: ='PREST. SERV.'!D16 -> 0 | E8: ='PREST. SERV.'!E16 -> 0 | F8: ='PREST. SERV.'!F16 -> 0 | G8: ='PREST. SERV.'!G16 -> 0 | H8: ='PREST. SERV.'!H16 -> 0
A9: VARIAÇÃO DA PRODUÇÃO | D9: =C.M.V.M.C.!D32 -> 0 | E9: =C.M.V.M.C.!E32 -> 0 | F9: =C.M.V.M.C.!F32 -> 0 | G9: =C.M.V.M.C.!G32 -> 0 | H9: =C.M.V.M.C.!H32 -> 0
A10: TRABALHOS P/ PRÓPRIA EMPRESA | D10: 0 | E10: 0 | F10: 0 | G10: 0 | H10: 0
A11: OUTROS PROVEITOS OPERACIONAIS | D11: ='PREST. SERV.'!D39 -> 0 | E11: ='PREST. SERV.'!E39 -> 0 | F11: ='PREST. SERV.'!F39 -> 0 | G11: ='PREST. SERV.'!G39 -> 0 | H11: ='PREST. SERV.'!H39 -> 0
A12: PROVEITOS E GANHOS EXTRAORDINÁRIOS | D12: 0 | E12: 0 | F12: 0 | G12: 0 | H12: 0
A15: Total | D15: =SUM(D7:D14) -> 0 | E15: =SUM(E7:E14) -> 0 | F15: =SUM(F7:F14) -> 0 | G15: =SUM(G7:G14) -> 0 | H15: =SUM(H7:H14) -> 0
A16: CUSTOS E PERDAS
A18: C.M.V.M.C. | D18: =C.M.V.M.C.!D39 -> 0 | E18: =C.M.V.M.C.!E39 -> 0 | F18: =C.M.V.M.C.!F39 -> 0 | G18: =C.M.V.M.C.!G39 -> 0 | H18: =C.M.V.M.C.!H39 -> 0
A19: FORNECIMENTOS E SERVIÇOS EXTERNOS | D19: ='F.S.E. E PROV.'!D18 -> 0 | E19: ='F.S.E. E PROV.'!E18 -> 0 | F19: ='F.S.E. E PROV.'!F18 -> 0 | G19: ='F.S.E. E PROV.'!G18 -> 0 | H19: ='F.S.E. E PROV.'!H18 -> 0
A20: CUSTOS COM O PESSOAL | D20: =C.C.P.!D42 -> 0 | E20: =C.C.P.!E42 -> 0 | F20: =C.C.P.!F42 -> 0 | G20: =C.C.P.!G42 -> 0 | H20: =C.C.P.!H42 -> 0
A21: AMORTIZAÇÕES DO EXERCÍCIO | D21: ='PLANO INV.'!D77 -> 0 | E21: ='PLANO INV.'!E77 -> 0 | F21: ='PLANO INV.'!F77 -> 0 | G21: ='PLANO INV.'!G77 -> 0 | H21: ='PLANO INV.'!H77 -> 0
A22: PROVISÕES DO EXERCÍCIO | D22: ='F.S.E. E PROV.'!D26 -> 0 | E22: ='F.S.E. E PROV.'!E26 -> 0 | F22: ='F.S.E. E PROV.'!F26 -> 0 | G22: ='F.S.E. E PROV.'!G26 -> 0 | H22: ='F.S.E. E PROV.'!H26 -> 0
A23: IMPOSTOS | D23: 0 | E23: 0 | F23: 0 | G23: 0 | H23: 0
A24: OUTROS CUSTOS | D24: 0 | E24: 0 | F24: 0 | G24: 0 | H24: 0
A25: Total | D25: =SUM(D18:D24) -> 0 | E25: =SUM(E18:E24) -> 0 | F25: =SUM(F18:F24) -> 0 | G25: =SUM(G18:G24) -> 0 | H25: =SUM(H18:H24) -> 0
A26: RESUL. ANTES DA FUNÇÃO FINAN. | D26: =D15-D25 -> 0 | E26: =E15-E25 -> 0 | F26: =F15-F25 -> 0 | G26: =G15-G25 -> 0 | H26: =H15-H25 -> 0
A27: CUSTOS E PERDAS FINANCEIRAS | D27: =FINANCIAMENTO!D35 -> 0 | E27: =FINANCIAMENTO!E35 -> 0 | F27: =FINANCIAMENTO!F35 -> 0 | G27: =FINANCIAMENTO!G35 -> 0 | H27: =FINANCIAMENTO!H35 -> 0
A28: PROVEITOS E GANHOS FINANCEIROS | D28: =FINANCIAMENTO!D41 -> 7.898916e-74 | E28: =FINANCIAMENTO!E41 -> 8.0250951e-74 | F28: =FINANCIAMENTO!F41 -> 1.3560881e-73 | G28: =FINANCIAMENTO!G41 -> 2.1411412e-73 | H28: =FINANCIAMENTO!H41 -> 3.0000004e-66
A29: RESULTADOS ANTES DE IMPOSTOS | D29: =D26-D27+D28 -> 7.898916e-74 | E29: =E26-E27+E28 -> 8.0250951e-74 | F29: =F26-F27+F28 -> 1.3560881e-73 | G29: =G26-G27+G28 -> 2.1411412e-73 | H29: =H26-H27+H28 -> 3.0000004e-66
A30: IMPOSTOS SOBRE OS LUCROS | D30: =IF(D29>0,D29*ESTADO!D7,0) -> 3.1279707e-74 | E30: =IF(AND(E29>0,BALANÇO!E41>=0),E29*ESTADO!D7,IF(AND(AND(E29>0,BALANÇO!E41<0),(E29+BALANÇO!E41)>0),(E29+BALANÇO!E41)*ESTADO!D7,0)) -> 3.1779377e-74 | F30: =IF(AND(F29>0,BALANÇO!F41>=0),F29*ESTADO!E7,IF(AND(AND(F29>0,BALANÇO!F41<0),(F29+BALANÇO!F41)>0),(F29+BALANÇO!F41)*ESTADO!E7,0)) -> 5.370109e-74 | G30: =IF(AND(G29>0,BALANÇO!G41>=0),G29*ESTADO!F7,IF(AND(AND(G29>0,BALANÇO!G41<0),(G29+BALANÇO!G41)>0),(G29+BALANÇO!G41)*ESTADO!F7,0)) -> 8.4789193e-74 | H30: =IF(AND(H29>0,BALANÇO!H41>=0),H29*ESTADO!G7,IF(AND(AND(H29>0,BALANÇO!H41<0),(H29+BALANÇO!H41)>0),(H29+BALANÇO!H41)*ESTADO!G7,0)) -> 1.1880001e-66
A31: RESULTADOS LÍQUIDOS | D31: =D29-D30 -> 4.7709452e-74 | E31: =E29-E30 -> 4.8471574e-74 | F31: =F29-F30 -> 8.1907724e-74 | G31: =G29-G30 -> 1.2932493e-73 | H31: =H29-H30 -> 1.8120002e-66

Sheet BALANÇO
A1: 8. - Balanços Previsionais
A3: BALANÇO PREVISIONAL | D3: =PRESSUPOSTOS!D8 -> ANO 1 | E3: =PRESSUPOSTOS!E8 -> ANO 2 | F3: =PRESSUPOSTOS!F8 -> ANO 3 | G3: =PRESSUPOSTOS!G8 -> ANO 4 | H3: =PRESSUPOSTOS!H8 -> ANO 5
A5: ACTIVO
A6: IMOBILIZAÇÕES | D6: ='PLANO INV.'!C23+'PLANO INV.'!D23 -> 0 | E6: =D6+'PLANO INV.'!E23 -> 0 | F6: =E6+'PLANO INV.'!F23 -> 0 | G6: =F6+'PLANO INV.'!G23 -> 0 | H6: =G6+'PLANO INV.'!H23 -> 0
A7: AMORTIZAÇÕES E REINT. ACUMULADAS | D7: ='DEM. RESULTADOS'!D21 -> 0 | E7: =D7+'DEM. RESULTADOS'!E21 -> 0 | F7: =E7+'DEM. RESULTADOS'!F21 -> 0 | G7: =F7+'DEM. RESULTADOS'!G21 -> 0 | H7: =G7+'DEM. RESULTADOS'!H21 -> 0
D8: =D6-D7 -> 0 | E8: =E6-E7 -> 0 | F8: =F6-F7 -> 0 | G8: =G6-G7 -> 0 | H8: =H6-H7 -> 0
A10: EXISTÊNCIAS
A11: Mercadorias | D11: ='CUSTO DAS MERC.'!D30 -> 0 | E11: ='CUSTO DAS MERC.'!E30 -> 0 | F11: ='CUSTO DAS MERC.'!F30 -> 0 | G11: ='CUSTO DAS MERC.'!G30 -> 0 | H11: ='CUSTO DAS MERC.'!H30 -> 0
A12: Matérias-primas e Subsidiarias | D12: =C.M.V.M.C.!D30 -> 0 | E12: =C.M.V.M.C.!E30 -> 0 | F12: =C.M.V.M.C.!F30 -> 0 | G12: =C.M.V.M.C.!G30 -> 0 | H12: =C.M.V.M.C.!H30 -> 0
A13: Produtos-Acabados e em Curso | D13: =C.M.V.M.C.!D35 -> 0 | E13: =C.M.V.M.C.!E35 -> 0 | F13: =C.M.V.M.C.!F35 -> 0 | G13: =C.M.V.M.C.!G35 -> 0 | H13: =C.M.V.M.C.!H35 -> 0
D14: =D13+D12+D11 -> 0 | E14: =E13+E12+E11 -> 0 | F14: =F13+F12+F11 -> 0 | G14: =G13+G12+G11 -> 0 | H14: =H13+H12+H11 -> 0
A15: Provisão p/ Depreciação de Existências | D15: ='F.S.E. E PROV.'!D22 -> 0 | E15: ='F.S.E. E PROV.'!E22 -> 0 | F15: ='F.S.E. E PROV.'!F22 -> 0 | G15: ='F.S.E. E PROV.'!G22 -> 0 | H15: ='F.S.E. E PROV.'!H22 -> 0
D16: =D14-D15 -> 0 | E16: =E14-E15 -> 0 | F16: =F14-F15 -> 0 | G16: =G14-G15 -> 0 | H16: =H14-H15 -> 0
A18: DIVIDAS DE TERCEIROS M/L PRAZO | D18: 0 | E18: 0 | F18: 0 | G18: 0 | H18: 0
A20: DIVIDAS DE TERCEIROS CURTO PRAZO
A21: Clientes | D21: ='INV. FUNDO DE MANEIO'!D9 -> 0 | E21: ='INV. FUNDO DE MANEIO'!E9 -> 0 | F21: ='INV. FUNDO DE MANEIO'!F9 -> 0 | G21: ='INV. FUNDO DE MANEIO'!G9 -> 0 | H21: ='INV. FUNDO DE MANEIO'!H9 -> 0
A22: Estado e Outros Entes Públicos | D22: =IF(ESTADO!D38>0,0,ESTADO!D38) -> 0 | E22: =IF(ESTADO!E38>0,0,ESTADO!E38) -> -3.7550515e-75 | F22: =IF(ESTADO!F38>0,0,ESTADO!F38) -> 0 | G22: =IF(ESTADO!G38>0,0,ESTADO!G38) -> 0 | H22: =IF(ESTADO!H38>0,0,ESTADO!H38) -> 0
A23: Outros devedores | D23: 0 | E23: 0 | F23: 0 | G23: 0 | H23: 0
D24: =D23+D22+D21 -> 0 | E24: =E23+E22+E21 -> -3.7550515e-75 | F24: =F23+F22+F21 -> 0 | G24: =G23+G22+G21 -> 0 | H24: =H23+H22+H21 -> 0
A25: Provisão p/ Cobranças Duvidosas | D25: ='F.S.E. E PROV.'!D23 -> 0 | E25: ='F.S.E. E PROV.'!E23 -> 0 | F25: ='F.S.E. E PROV.'!F23 -> 0 | G25: ='F.S.E. E PROV.'!G23 -> 0 | H25: ='F.S.E. E PROV.'!H23 -> 0
D26: =D24-D25 -> 0 | E26: =E24-E25 -> -3.7550515e-75 | F26: =F24-F25 -> 0 | G26: =G24-G25 -> 0 | H26: =H24-H25 -> 0
A28: APLICAÇÕES DE TESOURARIA | D28: =IF(D54>0,0,IF(D62-D29-D31-D26-D18-D16-D8>0,D62-D29-D31-D26-D18-D16-D8,0)) -> 4.5245549e-74 | E28: =IF(E54>0,0,IF(E62-E29-E31-E26-E18-E16-E8>0,E62-E29-E31-E26-E18-E16-E8,0)) -> 5.9572757e-74 | F28: =IF(F54>0,0,IF(F62-F29-F31-F26-F18-F16-F8>0,F62-F29-F31-F26-F18-F16-F8,0)) -> 1.3014845e-72 | G28: =IF(G54>0,0,IF(G62-G29-G31-G26-G18-G16-G8>0,G62-G29-G31-G26-G18-G16-G8,0)) -> 9.0595744e-72 | H28: =IF(H54>0,0,IF(H62-H29-H31-H26-H18-H16-H8>0,H62-H29-H31-H26-H18-H16-H8,0)) -> 1.6124848e-70 | I28: =IF(I54>0,0,IF(I62-I29-I31-I26-I18-I16-I8>0,I62-I29-I31-I26-I18-I16-I8,0)) -> 0
A29: DEPÓSITOS BANCÁRIOS / CAIXA | D29: ='INV. FUNDO DE MANEIO'!D7 -> 0 | E29: ='INV. FUNDO DE MANEIO'!E7 -> 0 | F29: ='INV. FUNDO DE MANEIO'!F7 -> 0 | G29: ='INV. FUNDO DE MANEIO'!G7 -> 0 | H29: ='INV. FUNDO DE MANEIO'!H7 -> 0
A31: ACRÉSCIMOS E DIFERIMENTOS | D31: 0 | E31: 0 | F31: 0 | G31: 0 | H31: 0
A33: TOTAL DO ACTIVO | D33: =D31+D29+D28+D26+D18+D16+D8 -> 4.5245549e-74 | E33: =E31+E29+E28+E26+E18+E16+E8 -> 5.5817706e-74 | F33: =F31+F29+F28+F26+F18+F16+F8 -> 1.3014845e-72 | G33: =G31+G29+G28+G26+G18+G16+G8 -> 9.0595744e-72 | H33: =H31+H29+H28+H26+H18+H16+H8 -> 1.6124848e-70
A35: BALANÇO PREVISIONAL | D35: =PRESSUPOSTOS!D8 -> ANO 1 | E35: =PRESSUPOSTOS!E8 -> ANO 2 | F35: =PRESSUPOSTOS!F8 -> ANO 3 | G35: =PRESSUPOSTOS!G8 -> ANO 4 | H35: =PRESSUPOSTOS!H8 -> ANO 5
A37: CAPITAL PRÓPRIO E PASSIVO
A38: CAPITAL PRÓPRIO
A39: Capital | D39: ='PLANO FINAN.'!C7+'PLANO FINAN.'!D7 -> 0 | E39: =D39+'PLANO FINAN.'!E7 -> 0 | F39: =E39+'PLANO FINAN.'!F7 -> 0 | G39: =F39+'PLANO FINAN.'!G7 -> 0 | H39: =G39+'PLANO FINAN.'!H7 -> 0
A40: Prestações suplementares | D40: ='PLANO FINAN.'!C8+'PLANO FINAN.'!D8 -> 0 | E40: =D40+'PLANO FINAN.'!E8 -> 0 | F40: =E40+'PLANO FINAN.'!F8 -> 0 | G40: =F40+'PLANO FINAN.'!G8 -> 0 | H40: =G40+'PLANO FINAN.'!H8 -> 0
A41: Resultados Transitados | D41: =C41+C42*(1-PRESSUPOSTOS!D33) -> 0 | E41: =D41+D42*(1-PRESSUPOSTOS!E33) -> 2.7328311e-74 | F41: =E41+E42*(1-PRESSUPOSTOS!F33) -> 5.1386209e-74 | G41: =F41+F42*(1-PRESSUPOSTOS!G33) -> 3.6377609e-73 | H41: =G41+G42*(1-PRESSUPOSTOS!H33) -> 3.7746869e-72
A42: Resultados Líquidos | D42: ='DEM. RESULTADOS'!D31 -> 6.4847047e-74 | E42: ='DEM. RESULTADOS'!E31 -> 4.2907883e-74 | F42: ='DEM. RESULTADOS'!F31 -> 4.0477527e-74 | G42: ='DEM. RESULTADOS'!G31 -> 1.7764714e-73 | H42: ='DEM. RESULTADOS'!H31 -> 1.8120385e-66
D43: =D42+D41+D39+D40 -> 6.4847047e-74 | E43: =E42+E41+E39+E40 -> 7.0236195e-74 | F43: =F42+F41+F39+F40 -> 9.1863736e-74 | G43: =G42+G41+G39+G40 -> 5.4142323e-73 | H43: =H42+H41+H39+H40 -> 1.8120423e-66
A45: PROVISÕES P/ OUTROS RISCOS E ENC.
A47: DIVIDAS A TERCEIROS M/L PRAZO
A48: Empréstimos Obtidos | D48: =FINANCIAMENTO!G19 -> 0 | E48: =FINANCIAMENTO!G21 -> 0 | F48: =FINANCIAMENTO!G23 -> 0 | G48: =FINANCIAMENTO!G25 -> 0 | H48: =FINANCIAMENTO!G27 -> 0
A49: Suprimentos | D49: ='PLANO FINAN.'!C14+'PLANO FINAN.'!D14 -> 0 | E49: =D49+'PLANO FINAN.'!E14 -> 0 | F49: =E49+'PLANO FINAN.'!F14 -> 0 | G49: =F49+'PLANO FINAN.'!G14 -> 0 | H49: =G49+'PLANO FINAN.'!H14 -> 0
A50: Outros | D50: 0 | E50: 0 | F50: 0 | G50: 0 | H50: 0
D51: =D50+D49+D48 -> 0 | E51: =E50+E49+E48 -> 0 | F51: =F50+F49+F48 -> 0 | G51: =G50+G49+G48 -> 0 | H51: =H50+H49+H48 -> 0
A53: DIVIDAS A TERCEIROS CURTO PRAZO
A54: Empréstimos Obtidos | D54: =IF(D28>0,0,IF(D33-D60-D55-D56-D57-D51-D45-D43>0,D33-D60-D55-D56-D57-D51-D45-D43,0)) -> 0 | E54: =IF(E28>0,0,IF(E33-E60-E55-E56-E57-E51-E45-E43>0,E33-E60-E55-E56-E57-E51-E45-E43,0)) -> 0 | F54: =IF(F28>0,0,IF(F33-F60-F55-F56-F57-F51-F45-F43>0,F33-F60-F55-F56-F57-F51-F45-F43,0)) -> 0 | G54: =IF(G28>0,0,IF(G33-G60-G55-G56-G57-G51-G45-G43>0,G33-G60-G55-G56-G57-G51-G45-G43,0)) -> 0 | H54: =IF(H28>0,0,IF(H33-H60-H55-H56-H57-H51-H45-H43>0,H33-H60-H55-H56-H57-H51-H45-H43,0)) -> 0 | I54: =IF(I28>0,0,IF(I33-I60-I55-I56-I57-I51-I45-I43>0,I33-I60-I55-I56-I57-I51-I45-I43,0)) -> 0
A55: Fornecedores | D55: ='INV. FUNDO DE MANEIO'!D17 -> 0 | E55: ='INV. FUNDO DE MANEIO'!E17 -> 0 | F55: ='INV. FUNDO DE MANEIO'!F17 -> 0 | G55: ='INV. FUNDO DE MANEIO'!G17 -> 0 | H55: ='INV. FUNDO DE MANEIO'!H17 -> 0
A56: Estado e Outros Entes Públicos | D56: =IF(ESTADO!D38>0,ESTADO!D38,0) -> 4.2515614e-74 | E56: =IF(ESTADO!E38>0,ESTADO!E38,0) -> 0 | F56: =IF(ESTADO!F38>0,ESTADO!F38,0) -> 5.4395021e-75 | G56: =IF(ESTADO!G38>0,ESTADO!G38,0) -> 9.6566954e-74 | H56: =IF(ESTADO!H38>0,ESTADO!H38,0) -> 1.1880251e-66
A57: Outros | D57: 0 | E57: 0 | F57: 0 | G57: 0 | H57: 0
D58: =D57+D56+D55+D54 -> 4.2515614e-74 | E58: =E57+E56+E55+E54 -> 0 | F58: =F57+F56+F55+F54 -> 5.4395021e-75 | G58: =G57+G56+G55+G54 -> 9.6566954e-74 | H58: =H57+H56+H55+H54 -> 1.1880251e-66
A60: ACRÉSCIMOS E DIFERIMENTOS | D60: =C.C.P.!D39/14*2 -> 0 | E60: =C.C.P.!E39/14*2 -> 0 | F60: =C.C.P.!F39/14*2 -> 0 | G60: =C.C.P.!G39/14*2 -> 0 | H60: =C.C.P.!H39/14*2 -> 0
A62: TOTAL DO CAPITAL PRÓPRIO E PASSIVO | D62: =D60+D58+D51+D45+D43 -> 1.0736266e-73 | E62: =E60+E58+E51+E45+E43 -> 7.0236195e-74 | F62: =F60+F58+F51+F45+F43 -> 9.7303238e-74 | G62: =G60+G58+G51+G45+G43 -> 6.3799018e-73 | H62: =H60+H58+H51+H45+H43 -> 3.0000674e-66
A65: Controlo do Balanço | D65: =D33-D62 -> -6.2117112e-74 | E65: =E33-E62 -> -1.4418489e-74 | F65: =F33-F62 -> 1.2041813e-72 | G65: =G33-G62 -> 8.4215842e-72 | H65: =H33-H62 -> -2.9999061e-66
